Workbook

Sheet Fortegnsregler
A1: Fortegnsregler i oppgjørspakken
C3: 41625
A19: Andre forhold i oppgjørspakken

Sheet Prinsippnote - SRS
A2: =Resultatregnskap!A3 -> Virksomhet: Universitetet i Oslo
A4: Prinsippnote - SRS

Sheet Resultatregnskap
A1: Resultatregnskap
A3: Virksomhet: Universitetet i Oslo
A4: Org.nr: 971035854
A5: Beløp i 1000 kroner
B6: Note | C6: 45657 | D6: 45291 | E6: Referanse
A7: Driftsinntekter
A8: Inntekt fra bevilgninger | B8: 1 | C8: 6461900 | D8: 6429044.1 | E8: RE.1
A9: Inntekt fra tilskudd og overføringer | B9: 1 | C9: 2170712 | D9: 2256088.2 | E9: RE.3
A10: Inntekt fra gebyrer | B10: 1 | C10: 0 | D10: 0 | E10: RE.2
A11: Salgs- og leieinntekter | B11: 1 | C11: 765600 | D11: 784770.15 | E11: RE.5
A12: Andre driftsinntekter | B12: 1 | C12: 76614 | D12: 59786.46 | E12: RE.6
A13: Sum driftsinntekter | C13: =SUBTOTAL(9,C8:C12) -> 9474826 | D13: =SUBTOTAL(9,D8:D12) -> 9529688.9 | E13: RE.7
A15: Driftskostnader
A16: Varekostnader | C16: 12939 | D16: 9729.9759 | E16: RE.9
A17: Lønnskostnader | B17: 2 | C17: 6693667 | D17: 6364984.2 | E17: RE.8
A18: Avskrivninger på varige driftsmidler og immaterielle eiendeler | B18: 4.5 | C18: 658331 | D18: 661776.67 | E18: RE.12
A19: Nedskrivninger av varige driftsmidler og immaterielle eiendeler | B19: 4.5 | C19: 0 | D19: 16 | E19: RE.13
A20: Andre driftskostnader | B20: 3 | C20: 2384682 | D20: 2447626 | E20: RE.10
A21: Sum driftskostnader | C21: =SUBTOTAL(9,C16:C20) -> 9749619 | D21: =SUBTOTAL(9,D16:D20) -> 9484132.9 | E21: RE.14
A23: Driftsresultat | C23: =C13-C21 -> -274793 | D23: =D13-D21 -> 45556.04 | E23: RE.15
A25: Finansinntekter og finanskostnader
A26: Finansinntekter | B26: 6 | C26: 12984 | D26: 12748.671 | E26: RE.16
A27: Finanskostnader | B27: 6 | C27: 6769 | D27: 11945.106 | E27: RE.17
A28: Sum finansinntekter og finanskostnader | C28: =C26-C27 -> 6215 | D28: =D26-D27 -> 803.56483 | E28: RE.18
A30: Resultat av periodens aktiviteter | C30: =C23+C28 -> -268578 | D30: =D23+D28 -> 46359.605 | E30: RE.21
A32: Avregninger og disponeringer
A33: Avregning bevilgningsfinansiert aktivitet (nettobudsjetterte) | B33: 15 I | C33: 282394 | D33: -21092 | E33: RE.23
A34: Disponering av periodens resultat (til virksomhetskapital) | B34: 8 | C34: -13815.964 | D34: -25266.927 | E34: RE.26
A35: Sum avregninger og disponeringer | C35: =SUBTOTAL(9,C33:C34) -> 268578.04 | D35: =SUBTOTAL(9,D33:D34) -> -46358.927 | E35: RE.24
A37: Innkrevningsvirksomhet og andre overføringer til staten
A38: Avgifter og gebyrer direkte til statskassen | B38: 9 | E38: RE.28
A39: Avregning med statskassen innkrevningsvirksomhet | B39: 9 | E39: RE.30
A40: Sum innkrevningsvirksomhet og andre overføringer til staten | C40: =SUBTOTAL(9,C38:C39) -> 0 | D40: =SUBTOTAL(9,D38:D39) -> 0 | E40: RE.31
A42: Tilskuddsforvaltning og andre overføringer fra staten
A43: Tilskudd til andre | B43: 10 | E43: RE.33
A44: Avregning med statskassen tilskuddsforvaltning | E44: RE.32
A45: Sum tilskuddsforvaltning og andre overføringer fra staten | C45: =C44-C43 -> 0 | D45: =D44-D43 -> 0 | E45: RE.34

Sheet Balanse - eiendeler
A1: Balanse
A3: =+Resultatregnskap!A3 -> Virksomhet: Universitetet i Oslo
A5: Beløp i 1000 kroner
B6: Note | C6: =Resultatregnskap!C6 -> 45657 | D6: =Resultatregnskap!D6 -> 45291 | E6: Referanse
A7: EIENDELER
A9: A. Anleggsmidler
A11: I Immaterielle eiendeler
A12: Programvare og lignende rettigheter | B12: 4 | C12: 11914.554 | D12: 15861.418 | E12: AI.02
A13: Immaterielle eiendeler under utførelse | B13: 4 | E13: AI.02A
A14: Sum immaterielle eiendeler | C14: =SUBTOTAL(9,C12:C13) -> 11914.554 | D14: =SUBTOTAL(9,D12:D13) -> 15861.418 | E14: AI.1
A16: II Varige driftsmidler
A17: Tomter, bygninger og annen fast eiendom | B17: 5 | C17: 9377429.7 | D17: 9321009.4 | E17: AII.01
A18: Maskiner og transportmidler | B18: 5 | C18: 458482.13 | D18: 447447.76 | E18: AII.02
A19: Driftsløsøre, inventar, verktøy og lignende | B19: 5 | C19: 454051.41 | D19: 505880.56 | E19: AII.03
A20: Anlegg under utførelse | B20: 5 | C20: 119132.56 | D20: 156324.89 | E20: AII.04
A21: Infrastruktureiendeler | B21: 5 | E21: AII.06
A22: Sum varige driftsmidler | C22: =SUBTOTAL(9,C17:C21) -> 10409096 | D22: =SUBTOTAL(9,D17:D21) -> 10430663 | E22: AII.1
A24: III Finansielle anleggsmidler
A25: Investeringer i aksjer og andeler | B25: 11 | C25: 31255.378 | D25: 31255.378 | E25: AIII.03
A26: Obligasjoner | E26: AIII.04
A27: Andre fordringer | B27: 11A | E27: AIII.04A
A28: Sum finansielle anleggsmidler | C28: =SUBTOTAL(9,C25:C27) -> 31255.378 | D28: =SUBTOTAL(9,D25:D27) -> 31255.378 | E28: AIII.1
A30: Sum anleggsmidler | C30: =SUBTOTAL(9,C12:C29) -> 10452266 | D30: =SUBTOTAL(9,D12:D29) -> 10477779 | E30: AIV.1
A32: B. Omløpsmidler
A34: I Beholdninger av varer og driftsmateriell
A35: Beholdninger av varer og driftsmateriell | B35: 12 | C35: 4369.3089 | D35: 4415 | E35: BI.1
A36: Sum beholdning av varer og driftsmateriell | C36: =SUBTOTAL(9,C35:C35) -> 4369.3089 | D36: =SUBTOTAL(9,D35:D35) -> 4415 | E36: BI.3
A38: II Fordringer
A39: Kundefordringer | B39: 13 | C39: 235707.62 | D39: 357895.83 | E39: BII.1
A40: Opptjente, ikke fakturerte inntekter | B40: 16 | C40: 112198.09 | D40: 63134.861 | E40: BII.3
A41: Andre fordringer | B41: 14 | C41: 54344.982 | D41: 97835.991 | E41: BII.2
A42: Sum fordringer | C42: =SUBTOTAL(9,C39:C41) -> 402250.69 | D42: =SUBTOTAL(9,D39:D41) -> 518866.68 | E42: BII.4
A44: III Bankinnskudd, kontanter og lignende
A45: Bankinnskudd på konsernkonto i Norges Bank | B45: 17 | C45: 3007999.8 | D45: 2986197.8 | E45: BIV.1
A46: Bankinnskudd for gaver og gaveforsterkninger | B46: 17 | C46: 101354.6 | D46: 116333.42 | E46: BIV.2A
A47: Andre bankinnskudd | B47: 17 | C47: 176446.8 | D47: 153494.59 | E47: BIV.2B
A48: Kontanter og lignende | B48: 17 | C48: 47.62958 | D48: 119.19465 | E48: BIV.3
A49: Sum bankinnskudd, kontanter og lignende | C49: =SUBTOTAL(9,C45:C48) -> 3285848.9 | D49: =SUBTOTAL(9,D45:D48) -> 3256145 | E49: BIV.4
A51: Sum omløpsmidler | C51: =SUBTOTAL(9,C35:C50) -> 3692468.9 | D51: =SUBTOTAL(9,D35:D50) -> 3779426.7 | E51: BIV.5
A53: Sum eiendeler drift | C53: =SUBTOTAL(9,C11:C52) -> 14144735 | D53: =SUBTOTAL(9,D11:D52) -> 14257206 | E53: BIV.6
A55: IV Fordringer vedrørende innkrevningsvirksomhet og andre overføringer
A56: Fordringer vedrørende innkrevningsvirksomhet og andre overføringer til staten | B56: 9 | E56: BV.01
A57: Sum fordringer vedrørende innkrevningsvirksomhet og andre overføringer til staten | C57: =SUBTOTAL(9,C56) -> 0 | D57: =SUBTOTAL(9,D56) -> 0 | E57: BV.1A
A59: Sum eiendeler | C59: =SUBTOTAL(9,C12:C57) -> 14144735 | D59: =SUBTOTAL(9,D12:D57) -> 14257206 | E59: BV.1

Sheet Balanse - Gjeld og kapital
A1: Balanse
A3: =+Resultatregnskap!A3 -> Virksomhet: Universitetet i Oslo
A4: Beløp i 1000 kroner
B5: Note | C5: =Resultatregnskap!C6 -> 45657 | D5: ='Balanse - eiendeler'!D6 -> 45291 | E5: Referanse
A6: STATENS KAPITAL OG GJELD
A8: C. Statens kapital
A10: I Virksomhetskapital
A11: Innskutt virksomhetskapital | B11: 8 | C11: 6022.588 | D11: 6022.588 | E11: CI.01
A12: Opptjent virksomhetskapital | B12: 8 | C12: 237607.69 | D12: 223791.73 | E12: CI.03
A13: Sum virksomhetskapital | C13: =SUBTOTAL(9,C11:C12) -> 243630.28 | D13: =SUBTOTAL(9,D11:D12) -> 229814.32 | E13: CI.1
A15: II Avregninger
A16: Avregnet bevilgningsfinansiert virksomhet (nettobudsjetterte) | B16: 15 I | C16: 285602 | D16: 567996 | E16: CII.02
A17: Sum avregninger | C17: =SUBTOTAL(9,C16:C16) -> 285602 | D17: =SUBTOTAL(9,D16:D16) -> 567996 | E17: CII.1
A19: III Utsatt inntektsføring av bevilgning (nettobudsjetterte)
A20: Statens finansiering av immaterielle eiendeler og varige driftsmidler | B20: 4, 5 | C20: 10421010 | D20: 10446524 | E20: CIII.01
A21: Ikke inntektsført bevilgning | B21: 15 III | E21: CIII.02
A22: Sum utsatt inntektsføring av bevilgning (nettobudsjetterte) | C22: =SUBTOTAL(9,C20:C21) -> 10421010 | D22: =SUBTOTAL(9,D20:D21) -> 10446524 | E22: CIII.1A
A24: Sum statens kapital | C24: =SUBTOTAL(9,C11:C23) -> 10950243 | D24: =SUBTOTAL(9,D11:D23) -> 11244334 | E24: SK.1
A26: D. Gjeld
A28: I Avsetning for langsiktige forpliktelser
A29: Avsetninger langsiktige forpliktelser | B29: 19 | C29: 129966.24 | D29: 143900.22 | E29: DI.01
A30: Sum avsetning for langsiktige forpliktelser | C30: =SUBTOTAL(9,C29:C29) -> 129966.24 | D30: =SUBTOTAL(9,D29:D29) -> 143900.22 | E30: DI.3
A32: II Annen langsiktig gjeld
A33: Øvrig langsiktig gjeld | E33: DII.01
A34: Sum annen langsiktig gjeld | C34: =SUBTOTAL(9,C33) -> 0 | D34: =SUBTOTAL(9,D33) -> 0 | E34: DII.1
A36: III Kortsiktig gjeld
A37: Leverandørgjeld | C37: 443422.21 | D37: 506242.21 | E37: DIII.1
A38: Skyldig skattetrekk og andre trekk | C38: 222470.56 | D38: 230690.33 | E38: DIII.2
A39: Skyldige offentlige avgifter | C39: 274494.13 | D39: 283171.13 | E39: DIII.3
A40: Avsatte feriepenger | C40: 563818.14 | D40: 555098.94 | E40: DIII.4
A41: Ikke inntektsført tilskudd og overføringer (nettobudsjetterte) | B41: 15 II | C41: 607510.17 | D41: 513909.94 | E41: DIII.05
A42: Mottatt forskuddsbetaling | B42: 16 | C42: 315035.78 | D42: 372664.71 | E42: DIII.06
A43: Annen kortsiktig gjeld | B43: 18 | C43: 637774.45 | D43: 407194.22 | E43: DIII.6
A44: Sum kortsiktig gjeld | C44: =SUBTOTAL(9,C37:C43) -> 3064525.5 | D44: =SUBTOTAL(9,D37:D43) -> 2868971.5 | E44: DIII.7
A46: Sum gjeld | C46: =SUBTOTAL(9,C29:C45) -> 3194491.7 | D46: =SUBTOTAL(9,D29:D45) -> 3012871.7 | E46: DIII.9
A48: Sum statens kapital og gjeld drift | C48: =SUBTOTAL(9,C11:C46) -> 14144734 | D48: =SUBTOTAL(9,D11:D46) -> 14257206 | E48: CD.1
A50: IV Gjeld vedrørende tilskuddsforvaltning og andre overføringer
A51: Ikke utbetalt bevilgning mottatt til tilskuddsforvaltning (nettobudsjetterte) | B51: 10B | E51: DIV.01
A52: Gjeld vedrørende tilskuddsforvaltning og andre overføringer fra staten | E52: DIV.02
A53: Sum gjeld vedrørende tilskuddsforvaltning og andre overføringer | C53: =SUBTOTAL(9,C51:C52) -> 0 | D53: =SUBTOTAL(9,D51:D52) -> 0 | E53: DIV.1
A55: Sum statens kapital og gjeld | C55: =SUBTOTAL(9,C11:C54) -> 14144734 | D55: =SUBTOTAL(9,D11:D54) -> 14257206 | E55: SKG.1

Sheet Kontantstrømoppstilling
A2: =Resultatregnskap!A3 -> Virksomhet: Universitetet i Oslo
A4: Kontantstrømoppstilling for nettobudsjetterte virksomheter (direkte modell)
A6: Beløp i 1000 kroner | B6: =Resultatregnskap!C6 -> 45657 | C6: =Resultatregnskap!D6 -> 45291 | D6: Budsjett 2025 | E6: Referanse
A7: Kontantstrømmer fra driftsaktiviteter
A8: Innbetalinger
A9: innbetalinger av bevilgning fra fagdepartementet (nettobudsjetterte) | B9: 6481095 | C9: 6260575 | D9: 6647292 | E9: KS.1A
A10: innbetalinger av bevilgninger fra andre departementer (nettobudsjetterte) | B10: 0 | C10: 4000 | E10: KS.1B
A11: innbetalinger fra salg av varer og tjenester | B11: =864169 -> 864169 | C11: 642122 | D11: 800000 | E11: KS.4
A12: innbetalinger av avgifter, gebyrer og lisenser | D12: 0 | E12: KS.5
A13: innbetalinger av tilskudd og overføringer | B13: 2289338 | C13: 2495991 | D13: 2300000 | E13: KS.6
A14: innbetaling av refusjoner | B14: 218050.35 | C14: 192803 | D14: 200000 | E14: KS.9
A15: innbetalinger knyttet til konsortie-/samarbeidsavtaler | B15: 301107.91 | C15: 426213 | D15: 240000 | E15: KS.9A
A16: andre innbetalinger | B16: 60975 | C16: 51805 | D16: 50000 | E16: KS.10
A17: Sum innbetalinger | B17: =SUM(B9:B16) -> 10214735 | C17: =SUM(C9:C16) -> 10073509 | D17: =SUM(D9:D16) -> 10237292 | E17: KS.INN
A18: Utbetalinger
A19: utbetalinger av lønn og sosiale kostnader | B19: 6220086.7 | C19: 5975889 | D19: 6800000 | E19: KS.11
A20: utbetalinger for kjøp av varer og tjenester | B20: 2378309.8 | C20: 2211460 | D20: 2500000 | E20: KS.12
A21: utbetalinger av skatter og offentlige avgifter | B21: 765430.91 | C21: 813499 | D21: 800000 | E21: KS.14
A22: utbetalinger og overføringer til andre statsetater | B22: 370.88 | C22: 1402 | D22: 0 | E22: KS.14A
A23: utbetalinger og overføringer til andre virksomheter | B23: 192328.7 | C23: 340277 | D23: 200000 | E23: KS.14B
A24: andre utbetalinger | B24: 497.29 | C24: 51 | D24: 0 | E24: KS.15
A25: Sum utbetalinger | B25: =SUM(B19:B24) -> 9557024.3 | C25: =SUM(C19:C24) -> 9342578 | D25: =SUM(D19:D24) -> 10300000 | E25: KS.UT
A27: Netto kontantstrøm fra driftsaktiviteter* | B27: =B17-(B25) -> 657710.93 | C27: =C17-C25 -> 730931 | D27: =D17-D25 -> -62708 | E27: KS.OP
A29: Kontantstrømmer fra investeringsaktiviteter
A30: innbetalinger ved salg av immaterielle eiendeler og varige driftsmidler (+) | B30: 0 | C30: 4 | D30: 0 | E30: KS.16
A31: utbetalinger ved kjøp av immaterielle eiendeler og varige driftsmidler (-) | B31: -632855.75 | C31: -502219 | D31: -550000 | E31: KS.17
A32: innbetalinger ved salg av aksjer og andeler (+) | B32: 0 | C32: 0 | D32: 0 | E32: KS.18
A33: utbetalinger ved kjøp av aksjer og andeler (-) | B33: 0 | C33: 0 | D33: 0 | E33: KS.19
A34: innbetalinger ved salg av obligasjoner og andre fordringer (+) | B34: 0 | C34: 0 | D34: 0 | E34: KS.21A
A35: utbetalinger ved kjøp av obligasjoner og andre fordringer (-) | B35: 0 | C35: 0 | D35: 0 | E35: KS.21B
A36: innbetalinger av utbytte (+) | B36: 0 | C36: 0 | D36: 0 | E36: KS.7
A37: innbetalinger av renter (+) | B37: 4978.13 | C37: 4027 | D37: 5000 | E37: KS.8
A38: utbetalinger av renter (-) | B38: -116.06 | C38: -235 | D38: 100 | E38: KS.13
A39: Netto kontantstrøm fra investeringsaktiviteter | B39: =SUBTOTAL(9,B30:B38) -> -627993.68 | C39: =SUBTOTAL(9,C30:C38) -> -498423 | D39: =SUBTOTAL(9,D30:D38) -> -544900 | E39: KS.INV
A41: Kontantstrømmer fra finansieringsaktiviteter
A42: innbetalinger av virksomhetskapital (+) | B42: 0 | C42: 0 | D42: 0 | E42: KS.22
A43: tilbakebetalinger av virksomhetskapital (-) | B43: 0 | C43: 0 | D43: 0 | E43: KS.23
A44: utbetalinger av utbytte til statskassen (-) | B44: 0 | C44: 0 | D44: 0 | E44: KS.24
A45: Netto kontantstrøm fra finansieringsaktiviteter | B45: =SUBTOTAL(9,B42:B44) -> 0 | C45: =SUBTOTAL(9,C42:C44) -> 0 | D45: =SUBTOTAL(9,D42:D44) -> 0 | E45: KS.FIN
A47: Kontantstrømmer knyttet til overføringer
A48: innbetalinger fra fagdepartementet til tilskudd til andre (+) | B48: 0 | C48: 0 | D48: 0 | E48: KS.3
A49: innbetalinger fra andre departement til tilskudd til andre (+) | B49: 0 | C49: 0 | D49: 0 | E49: KS.3C
A50: innbetalinger fra andre virksomheter til tilskudd til andre (+) | B50: 0 | C50: 0 | D50: 0 | E50: KS.3D
A51: utbetalinger og overføringer til andre virksomheter (-) | B51: 0 | C51: 0 | D51: 0 | E51: KS.14BI
A52: skatter, avgifter og gebyrer direkte til statskassen (+) | B52: 0 | C52: 0 | D52: 0 | E52: KS.3A
A53: avregning med statskassen vedrørende innkrevingsvirksomhet (-) | B53: 0 | C53: 0 | D53: 0 | E53: KS.3B
A54: Netto kontantstrøm knyttet til overføringer | B54: =SUBTOTAL(9,B48:B53) -> 0 | C54: =SUBTOTAL(9,C48:C53) -> 0 | D54: =SUBTOTAL(9,D48:D53) -> 0 | E54: KS.OVF
A56: Effekt av valutakursendringer på kontanter og kontantekvivalenter (+/-) | B56: -13 | C56: 107 | D56: 0 | E56: KS.24A
A58: Netto endring i kontanter og kontantekvivalenter (+/-) | B58: =B56+B54+B45+B39+B27 -> 29704.25 | C58: =C56+C54+C45+C39+C27 -> 232615 | D58: =D56+D54+D45+D39+D27 -> -607608 | E58: KS.25
A59: Beholdning av kontanter og kontantekvivalenter ved periodens begynnelse | B59: 3256145 | C59: 3023529.6 | D59: =B60 -> 3285849.2 | E59: KS.26
A60: Beholdning av kontanter og kontantekvivalenter ved periodens slutt | B60: =SUM(B58:B59) -> 3285849.2 | C60: =SUM(C58:C59) -> 3256144.6 | D60: =SUM(D58:D59) -> 2678241.2 | E60: KS.BEH
A63: * Avstemming | B63: =B6 -> 45657 | C63: =C6 -> 45291
A64: avregning av bevilgningsfinansiert aktivitet | B64: -282394 | C64: 21092.4 | E64: KS.27A
A65: disponering av periodens resultat (til virksomhetskapital) | B65: =13816.26353 -> 13816.264 | C65: 25266.927 | E65: KS.27B
A66: bokført verdi avhendede anleggsmidler | B66: 38.30421 | C66: 21.45731 | E66: KS.28
A67: ordinære avskrivninger | B67: 658331.34 | C67: 661776.97 | E67: KS.29
A68: nedskrivning av anleggsmidler | B68: 0 | C68: 16 | E68: KS.30
A69: avsetning utsatte inntekter (tilgang anleggsmidler) | B69: -632855.75 | C69: -502221.01 | E69: KS.34
A70: endring i statens finansiering av immaterielle eiendeler og varige driftsmidler | B70: -25513.698 | C70: -159594.92 | E70: KS.37
A71: endring i ikke inntektsført bevilgning | B71: 0 | C71: 0 | E71: KS.40
A72: endring i beholdninger av varer og annet driftsmateriell | B72: 45.97479 | C72: 141.17601 | E72: KS.38
A73: endring i kundefordringer | B73: 122188.21 | C73: -48749.922 | E73: KS.39
A74: endring i leverandørgjeld | B74: -62820.001 | C74: 119676.97 | E74: KS.42
A75: endring i ikke inntektsført tilskudd og overføringer | B75: 93600.232 | C75: 44751.96 | E75: KS.40A
A76: effekt av valutakursendringer | B76: 13 | C76: -107 | E76: KS.43
A77: poster klassifisert som investerings- og finansieringsaktiviteter | B77: 627993.68 | C77: 498423.4 | E77: KS.46
... A79: endring i andre tidsavgrensningsposter | B79: 145267.55 | C79: 70436.551 | E79: KS.47
A80: Netto kontantstrøm fra driftsaktiviteter* | B80: =SUM(B64:B79) -> 657711.11 | C80: =SUM(C64:C79) -> 730930.96 | E80: KS.AVS

Sheet Prinsipp for  bevilgningsoppst.
A2: =Resultatregnskap!A3 -> Virksomhet: Universitetet i Oslo
A4: Prinsippnote for bevilgningsoppstilling
A6: Årsregnskapet for statlige forvaltningsorganer med særskilte fullmakter til bruttoføring utenfor statsbudsjettet (nettobudsjetterte virksomheter) er utarbeidet og avlagt etter nærmere retningslinjer i bestemmelser om økonomistyring i staten ("bestemmelsene"). Årsregnskapet er i henhold til krav i bestemmelsene punkt 3.4.1, nærmere bestemmelser i Finansdepartementets rundskriv R-115 og tilleggskrav fastsatt av Kunnskapsdepartementet.
A11: Virksomheten er tilknyttet statens konsernkontoordning i Norges Bank i henhold til bestemmelsenes punkt 3.7.1. Nettobudsjetterte virksomheter får bevilgningen fra Kunnskapsdepartementet innbetalt på sin bankkonto. Beholdninger på virksomhets oppgjørskonto i Norges Bank overføres til nytt år.
A15: Bevilgningsoppstillingen omfatter perioden fra 1. januar til den aktuelle balansedagen.
A17: Bevilgningsoppstillingens del I viser hva virksomheten har fått stilt til disposisjon i henhold til tildelingsbrev og hvilke utbetalinger som er registrert i statens konsernkontosystem. Utbetalingene er knyttet til og avstemt mot tildelingsbrevene og er satt opp etter inndelingen Stortinget har fastsatt for budsjettet og de spesifikasjonene som er angitt i tildelingsbrevene.
A21: Bevilgningsoppstillingens del II omfatter det som er rapportert i likvidrapporten til statsregnskapet. Likvidrapporten viser saldo og likvidbevegelser på virksomhetens oppgjørskonto og øvrige konti i Norges Bank. Beholdningene rapportert i likvidrapporten er avstemt mot statens konsernkontosystem og øvrige beholdninger i Norges Bank.
A25: Bevilgningsoppstillingens del III viser alle finansielle eiendeler som virksomheten er ført opp med i statens kapitalregnskap. Beholdningene i statens kapitalregnskap er basert på at transaksjonene er ført med verdien på betalingstidspunktet. Verdien på balansedagen er satt til historisk kostpris på transaksjonstidspunktet.

Sheet Bevilgningsoppstilling
A2: =Resultatregnskap!A3 -> Virksomhet: Universitetet i Oslo
A4: Oppstilling av bevilgningsrapportering for 2024 for nettobudsjetterte virksomheter pr. 31.12.2024
A6: Del I
A7: Samlet tildeling i henhold til tildelingsbrev
A8: Utgiftskapittel | B8: Kapittelnavn | C8: Post | D8: Posttekst | H8: Samlet tildeling | I8: Referanse
A9: 260 | B9: Universiteter og høyskoler | C9: 50 | D9: Statlige universiteter og høyskoler | H9: 6480730 | I9: BRIII.011
A10: 201 | B10: Analyse og kunnskapsgrunnlag | C10: 21 | D10: Særskilde driftsutgifter | H10: 365 | I10: BRIII.015
A11: 275 | B11: Tiltak for høyere utdanning og forskning | C11: 21 | D11: Spesielle driftsutgifter, kan overføres, kan nyttes under post 70 | H11: 0 | I11: BRIII.016
A12: 275 | B12: Tiltak for høyere utdanning og forskning | C12: 45 | D12: Større utstyrsanskaffelser og vedlikehold, kan overføres | H12: 0 | I12: BRIII.017
A13: 275 | B13: Tiltak for høyere utdanning og forskning | C13: 70 | D13: Tilskudd, kan nyttes under post 21 | H13: 0 | I13: BRIII.018
A14: 2xx | B14: Formålet/virksomheten | H14: 0 | I14: BRIII.019
A15: 2xx | B15: Formålet/virksomheten | H15: 0 | I15: BRIII.019
A16: 2xx | B16: Formålet/virksomheten | H16: 0 | I16: BRIII.019
A17: Samlet sum på kapitler og poster under Kunnskapsdepartementet (programområde 07) | H17: =SUBTOTAL(9,H9:H16) -> 6481095 | I17: BRIII.01A
A19: xxxx | B19: [Formålet/Virksomheten] | C19: xx | H19: 0 | I19: BRIII.021
A20: xxxx | B20: [Formålet/Virksomheten] | C20: xx | H20: 0 | I20: BRIII.021
A21: Sum tildelinger på andre kapitler og poster i statsbudsjettet | H21: =SUBTOTAL(9,H19:H20) -> 0 | I21: BRIII.02
A23: Sum tildelinger i alt | H23: =SUBTOTAL(9,H9:H21) -> 6481095 | I23: BRIII.1
A25: 2xx | B25: Formålet/virksomheten | D25: Tilbakebetaling av bevilgning gitt i tidligere regnskapsår3) | H25: 0 | I25: BRIII.020
A26: Sum tildelinger og tilbakebetalinger fra tidligere år | H26: =SUBTOTAL(9,H9:H21)-H25 -> 6481095 | I26: BRIII.1A
A28: DEL II
A29: Beholdninger rapportert i likvidrapport 1) | E29: Note | H29: Regnskap 31.12.2024 | I29: Referanse
A30: Oppgjørskonto i Norges Bank
A31: Inngående saldo på oppgjørskonto i Norges Bank | E31: 17 | H31: 2986197.8 | I31: BRII.001
A32: Endringer i perioden (+/-) | H32: 21802 | I32: BRII.002
A33: Sum utgående saldo på oppgjørskonto i Norges Bank | E33: 17 | H33: =SUBTOTAL(9,H31:H32) -> 3007999.8 | I33: BRII.1
A35: Øvrige bankkonti Norges Bank2)
A36: Inngående saldo på i øvrige bankkonti i Norges Bank | E36: 17 | H36: 116333.42 | I36: BRII.021
A37: Endringer i perioden (+/-) | H37: -14978.813 | I37: BRII.022
A38: Sum utgående saldo på øvrige bankkonti i Norges Bank | E38: 17 | H38: =SUBTOTAL(9,H36:H37) -> 101354.6 | I38: BRII.2
A40: Del III
A41: Beløp i 1 000 kroner
A42: Beholdninger på konti i kapitalregnskapet
A43: Konto | B43: Tekst | E43: Note | F43: =Resultatregnskap!C6 -> 45657 | G43: ='Balanse - eiendeler'!D6 -> 45291 | H43: Endring | I43: Referanse
A44: 6001/8202xx | B44: Oppgjørskonto i Norges Bank | E44: 17 | F44: 3007999.8 | G44: 2986197.8 | H44: =SUM(F44-G44) -> 21801.992 | I44: BRI.011
A45: 628002 | B45: Leieboerinnskudd | E45: 11 | F45: 750 | G45: 750 | H45: =SUM(F45-G45) -> 0 | I45: BRI.012
A46: 6402xx/8102xx | B46: Gaver og gaveforsterkninger | F46: 101354.6 | G46: 116333.42 | H46: =SUM(F46-G46) -> -14978.813 | I46: BRI.015
A48: 1) Dersom virksomheten disponerer flere oppgjørskontoer i Norges Bank enn den ordinære driftskontoen, skal også disse beholdningen spesifiseres med inngående saldo, endring i perioden og utgående saldo. Slike beholdninger skal også inngå i oversikten over beholdninger rapportert til kapitalregnskapet. Vesentlige beløp spesifiseres særskilt nedenfor.
A51: 2) Oversikten skal omfatte andre konti som virksomheten har i Norges Bank. Som eksempel nevnes gavekonti.
A53: 3) Ved tilbakebetaling av bevilgning gitt i tidligere regnskapsår, skal det spesifiseres under oppstillingen hva dette gjelder

Sheet Note1
A2: =Resultatregnskap!A3 -> Virksomhet: Universitetet i Oslo
A4: Note 1 Spesifikasjon av driftsinntekter
A5: Beløp i 1000 kroner
B6: =Resultatregnskap!C6 -> 45657 | C6: =Resultatregnskap!D6 -> 45291 | D6: =Kontantstrømoppstilling!D6 -> Budsjett 2025 | E6: Referanse
A7: Inntekt fra bevilgninger fra Kunnskapsdepartementet
A8: Periodens bevilgning fra Kunnskapsdepartementet | B8: 6430730 | C8: 6260575 | D8: 6647292 | E8: N1.2
A9: - brutto benyttet til investeringsformål/varige driftsmidler av periodens bevilgning / driftstilskudd (-) | B9: -632855.75 | C9: -502218.76 | D9: -550000 | E9: N1.3
A10: + utsatt inntekt fra forpliktelse knyttet til investeringer (avskrivninger) (+) | B10: 658331.14 | C10: 661776.67 | D10: 650000 | E10: N1.5
A11: + utsatt inntekt fra forpliktelse knyttet til investeringer (nedskrivninger) (+) | B11: 0 | C11: 15.85318 | D11: 0 | E11: N1.5A
A12: + utsatt inntekt fra forpliktelse knyttet til investeringer, bokført verdi avhendede anleggsmidler (+) | B12: 38.30421 | C12: 21.15731 | D12: 0 | E12: N1.6
A13: - periodens tilskudd til andre (-) | B13: -370.879 | C13: -1402.057 | D13: -1000 | E13: N1.8
A14: Andre poster som vedrører bevilgninger fra Kunnskapsdepartementet1) | B14: 3111.915 | C14: 2538.978 | D14: 2500 | E14: N1.9
A15: Sum inntekt fra bevilgninger fra Kunnskapsdepartementet | B15: =SUBTOTAL(9,B8:B14) -> 6458984.7 | C15: =SUBTOTAL(9,C8:C14) -> 6421306.8 | D15: =SUBTOTAL(9,D8:D14) -> 6748792 | E15: N1.10
A17: Inntekt fra bevilgninger fra andre departement
A18: Periodens tilskudd/overføring fra andre departement1) | B18: 2915.7117 | C18: 7737.2988 | D18: 3000 | E18: N1.11A
A19: - brutto benyttet til investeringsformål/varige driftsmidler av periodens bevilgning /driftstilskudd (-) | B19: 0 | C19: 0 | D19: 0 | E19: N1.12
A20: - ubrukt bevilgning til investeringsformål (bruttobudsjetterte virksomheter) | B20: 0 | C20: 0 | D20: 0 | E20: N1.13
A21: + utsatt inntekt fra forpliktelse knyttet til investeringer (avskrivninger) (+) | B21: 0 | C21: 0 | D21: 0 | E21: N1.14
A22: + utsatt inntekt fra forpliktelse knyttet til investeringer (nedskrivninger) (+) | B22: 0 | C22: 0 | D22: 0 | E22: N1.14A
A23: + utsatt inntekt fra forpliktelse knyttet til investeringer, bokført verdi avhendede anleggsmidler (+) | B23: 0 | C23: 0 | D23: 0 | E23: N1.15
A24: - tilskudd til andre (-) | B24: 0 | C24: 0 | D24: 0 | E24: N1.17
A25: Andre poster som vedrører tilskudd og overføringer fra andre departement (spesifiseres) | B25: 0 | C25: 0 | D25: 0 | E25: N1.18
A26: Sum inntekt fra bevilgninger fra andre departement | B26: =SUBTOTAL(9,B18:B25) -> 2915.7117 | C26: =SUBTOTAL(9,C18:C25) -> 7737.2988 | D26: =SUBTOTAL(9,D18:D25) -> 3000 | E26: N1.19
A28: 1) Vesentlige tilskudd/overføringer skal spesifiseres på egne linjer under oppstillingen.
A30: Sum inntekt fra bevilgninger (linje RE.1 i resultatregnskapet) | B30: =SUBTOTAL(9,B8:B26) -> 6461900.4 | C30: =SUBTOTAL(9,C8:C26) -> 6429044.1 | D30: =SUBTOTAL(9,D8:D26) -> 6751792 | E30: N1.20
A32: Gebyrer og lisenser1) 2)
A33: Gebyrer | B33: 0 | C33: 0 | D33: 0 | E33: N1.661
A34: Lisenser | B34: 0 | C34: 0 | D34: 0 | E34: N1.662
A35: Sum inntekt fra gebyrer (linje RE.2 i resultatregnskapet) | B35: =SUBTOTAL(9,B33:B34) -> 0 | C35: =SUBTOTAL(9,C33:C34) -> 0 | D35: =SUBTOTAL(9,D33:D34) -> 0 | E35: N1.66
A37: 1) Vesentlige inntekter av denne typen skal spesifiseres i egne avsnitt under oppstillingen. Dette avsnittet skal bare brukes når gebyrene eller lisensene skal klassifiseres som driftsinntekt for institusjonen. 2) Dersom institusjonen krever inn gebyrer eller mottar midler knyttet til lisenser på vegne av staten og som skal overføres til statskassen, skal slike midler klassifiseres som innkrevingsvirksomhet og presenteres i avsnittet for innkrevingsvirksomhet i resultatregnskapet og spesifiseres i note 9.
A42: Tilskudd og overføringer fra statlige etater1)
A43: Periodens tilskudd/overføring fra andre statlige etater | B43: 326066.54 | C43: 305360.25 | D43: 300000 | E43: N1.21
A44: Periodens netto tilskudd fra andre statlige etater | B44: =SUBTOTAL(9,B43:B43) -> 326066.54 | C44: =SUBTOTAL(9,C43:C43) -> 305360.25 | D44: =SUBTOTAL(9,D43:D43) -> 300000 | E44: N1.21E
A45: Periodens tilskudd/overføring direkte fra Norges forskningsråd (NFR) | B45: 963100.33 | C45: 1063794.9 | D45: 1100000 | E45: N1.23
A46: + periodens tilskudd fra NFR via andre virksomheter (+) | B46: 161188.56 | C46: 171383.49 | D46: 160000 | E46: N1.23A
A47: Periodens netto tilskudd fra NFR | B47: =SUBTOTAL(9,B45:B46) -> 1124288.9 | C47: =SUBTOTAL(9,C45:C46) -> 1235178.4 | D47: =SUBTOTAL(9,D45:D46) -> 1260000 | E47: N1.29A
A48: Sum tilskudd og overføringer fra statlige etater | B48: =SUBTOTAL(9,B43:B47) -> 1450355.4 | C48: =SUBTOTAL(9,C43:C47) -> 1540538.7 | D48: =SUBTOTAL(9,D43:D47) -> 1560000 | E48: N1.31
A50: 1) Vesentlige bidrag skal spesifiseres i egne avsnitt under oppstillingen. Linjene N1.21 skal bare omfatte tilskudd/overføringer som omfattes av bestemmelsene i rundskriv F-07-13. Midler som benyttes til investeringer, skal behandles etter forpliktelsesmodellen og spesifiseres i KD-avsnittet. Oppdragsinntekter og salgs- og leieinntekter skal spesifiseres i de respektive avsnittene nedenfor.
A53: Tilskudd til annen bidragsfinansiert aktivitet1)
A54: Periodens tilskudd/overføring fra regionale forskningsfond (RFF) | B54: 534.9727 | C54: 47.57838 | D54: 300 | E54: N1.22A
A55: + periodens tilskudd fra RFF via andre virksomheter (+) | B55: 155.14593 | C55: 306.6743 | D55: 0 | E55: N1.22B
A56: Periodens netto tilskudd/overføring fra RFF | B56: =SUBTOTAL(9,B54:B55) -> 690.11863 | C56: =SUBTOTAL(9,C54:C55) -> 354.25268 | D56: =SUBTOTAL(9,D54:D55) -> 300 | E56: N1.22D
A57: Periodens tilskudd/overføring fra kommunale og fylkeskommunale etater | B57: 13237.434 | C57: 20744.563 | D57: 20000 | E57: N1.32A
A58: Periodens tilskudd/overføring fra organisasjoner og stiftelser | B58: 127261.38 | C58: 126999.91 | D58: 130000 | E58: N1.32B
A59: Periodens tilskudd/overføring fra næringsliv og private | B59: 13039.415 | C59: 34960.056 | D59: 10000 | E59: N1.32C
A60: Periodens tilskudd/overføring fra andre bidragsytere | B60: 97176.504 | C60: 106566.04 | D60: 100000 | E60: N1.32D
A61: Periodens netto tilskudd/overføring fra diverse bidragsytere | B61: =SUBTOTAL(9,B57:B60) -> 250714.73 | C61: =SUBTOTAL(9,C57:C60) -> 289270.57 | D61: =SUBTOTAL(9,D57:D60) -> 260000 | E61: N1.32F
A62: Periodens tilskudd/overføring fra EUs rammeprogram for forskning (FP7, Horisont 2020 og Horisont Europa) | B62: 260781.04 | C62: 226724.57 | D62: 270000 | E62: N1.35
A63: + periodens tilskudd/overføring fra EUs rammeprogram for forskning fra andre (+) | B63: 135158.91 | C63: 88335.885 | D63: 130000 | E63: N1.35B
A64: Periodens netto tilskudd/overføring fra EUs rammeprogram for forskning (FP7, Horisont 2020 og Horisont Europa) | B64: =SUBTOTAL(9,B62:B63) -> 395939.95 | C64: =SUBTOTAL(9,C62:C63) -> 315060.45 | D64: =SUBTOTAL(9,D62:D63) -> 400000 | E64: N1.35C
A65: Periodens tilskudd/overføring fra EU til undervisning og annet | B65: 17413.886 | C65: 13109.339 | D65: 15000 | E65: N1.36
A66: + periodens tilskudd/overføring fra EU til undervisning og annet fra andre (+) | B66: 10431.718 | C66: 27885.359 | D66: 10000 | E66: N1.36B
A67: Periodens netto tilskudd/overføring fra EU til undervisning og annet | B67: =SUBTOTAL(9,B65:B66) -> 27845.604 | C67: =SUBTOTAL(9,C65:C66) -> 40994.698 | D67: =SUBTOTAL(9,D65:D66) -> 25000 | E67: N1.36C
A69: Sum tilskudd til annen bidragsfinansiert aktivitet | B69: =SUBTOTAL(9,B54:B68) -> 675190.4 | C69: =SUBTOTAL(9,C54:C68) -> 645679.97 | D69: =SUBTOTAL(9,D54:D68) -> 685300 | E69: N1.38
A71: 1) Vesentlige bidrag skal spesifiseres på i egne avsnitt under oppstillingen. Midler som benyttes til investeringer skal behandles etter forpliktelsesmodellen og spesifiseres i KD-avsnittet. Avsnittet gjelder bidrag som tilfredsstiller kravene i rundskriv F-07-13.
A74: Inntektsførte gaver 1)
A75: Inntektsførte gaver | B75: 45166.205 | C75: 69869.519 | D75: 40000 | E75: N1.40A
A76: Sum inntektsførte gaver | B76: =SUBTOTAL(9,B75:B75) -> 45166.205 | C76: =SUBTOTAL(9,C75:C75) -> 69869.519 | D76: =SUBTOTAL(9,D75:D75) -> 40000 | E76: N1.43
A78: 1) Vesentlige bidrag skal spesifiseres på egne linjer eller i egne avsnitt under oppstillingen. Midler som benyttes til investeringer skal behandles etter forpliktelsesmodellen og spesifiseres i KD-avsnittet.
A80: Sum inntekt fra tilskudd og overføringer (linje RE.3 i resultatregnskapet) | B80: =SUBTOTAL(9,B43:B78) -> 2170712 | C80: =SUBTOTAL(9,C43:C78) -> 2256088.2 | D80: =SUBTOTAL(9,D43:D78) -> 2285300 | E80: N1.44
A82: Oppdragsinntekter, salgs- og leieinntekter
A84: Inntekt fra oppdragsfinansiert aktivitet1)
A85: Statlige etater | B85: 136908.64 | C85: 132356.97 | D85: 130000 | E85: N1.49
A86: Kommunale og fylkeskommunale etater | B86: 26890.687 | C86: 27649.868 | D86: 30000 | E86: N1.50
A87: Organisasjoner og stiftelser | B87: 12164.573 | C87: 11789.407 | D87: 10000 | E87: N1.51
A88: Næringsliv/privat | B88: 51880.276 | C88: 95692.821 | D88: 50000 | E88: N1.52
A89: Andre | B89: 178570.33 | C89: 198597.95 | D89: 180000 | E89: N1.54
A90: Sum inntekt fra oppdragsfinansiert aktivitet | B90: =SUBTOTAL(9,B85:B89) -> 406414.51 | C90: =SUBTOTAL(9,C85:C89) -> 466087.01 | D90: =SUBTOTAL(9,D85:D89) -> 400000 | E90: N1.55
A92: 1) Avsnittet skal omfatte oppdragsinntekter som omfattes av bestemmelsene i rundskriv F-07-13.
A94: Andre salgs- og leieinntekter
A95: Salgsinntekter fra varer, tjenester og billetter (avgiftspliktig) | B95: 189079.35 | C95: 168483.58 | D95: 190000 | E95: N1.56
A96: Salgsinntekter fra bøker/publikasjoner, brukt utstyr og tjenester utført eller til bruk i utlandet (fritatt avgift) | B96: 9568.9095 | C96: 15254.761 | D96: 10000 | E96: N1.56
A97: Salgsinntekter fra pasienter, undervisning/kurs, leie og andre tjenester (unntatt avgift) | B97: 120944.93 | C97: 101397.8 | D97: 110000 | E97: N1.57
A98: Egenbetaling fra studenter | B98: 23900.587 | C98: 28749.957 | D98: 25000 | E98: N1.58
A99: Studieavgift for studenter fra land utenfor EØS og Sveits | B99: 15692.069 | C99: 4797.0407 | D99: 15000 | E99: N1.58A
A100: Sum andre salgs- og leieinntekter | B100: =SUBTOTAL(9,B95:B99) -> 359185.85 | C100: =SUBTOTAL(9,C95:C99) -> 318683.14 | D100: =SUBTOTAL(9,D95:D99) -> 350000 | E100: N1.59
A102: Sum salgs- og leieinntekter (linje RE.5 i resultatregnskapet) | B102: =SUBTOTAL(9,B85:B100) -> 765600.36 | C102: =SUBTOTAL(9,C85:C100) -> 784770.15 | D102: =SUBTOTAL(9,D85:D100) -> 750000 | E102: N1.60
A104: Andre driftsinntekter
A105: Gaver som skal inntektsføres | B105: 0 | C105: 0 | D105: 0 | E105: N1.61
A106: Andre inntekter | B106: 76609.559 | C106: 59128.948 | D106: 70000 | E106: N1.62
A107: Salg av maskiner og utstyr | B107: 4.03222 | C107: 657.5124 | D107: 0 | E107: N1.62
A108: Øvrige andre inntekter1) | B108: 0 | C108: 0 | D108: 0 | E108: N1.63
A109: Sum andre driftsinntekter (linje RE.6 i resultatregnskapet) | B109: =SUBTOTAL(9,B105:B108) -> 76613.591 | C109: =SUBTOTAL(9,C105:C108) -> 59786.46 | D109: =SUBTOTAL(9,D105:D108) -> 70000 | E109: N1.65
A111: Gevinst ved salg av eiendom, anlegg, maskiner mv.1)
A112: Salg av eiendom | B112: 0 | C112: 0 | D112: 0 | E112: N1.45
A113: Salg av maskiner, utstyr mv | B113: 0 | C113: 0 | D113: 0 | E113: N1.46
A114: Salg av andre driftsmidler | B114: 0 | C114: 0 | D114: 0 | E114: N1.47
A115: Gevinst ved salg av eiendom, anlegg og maskiner mv. (linje RE.6 i resultatregnskapet) | B115: =SUBTOTAL(9,B112:B114) -> 0 | C115: =SUBTOTAL(9,C112:C114) -> 0 | D115: =SUBTOTAL(9,D112:D114) -> 0 | E115: N1.48
A117: 1) Vesentlige salgstransaksjoner skal kommenteres og det skal angis eventuell øremerking av midlene. Merk at det er den regnskapsmessige gevinst og ikke salgssum som skal spesifiseres under driftsinntekter.
A119: Sum driftsinntekter | B119: =SUBTOTAL(9,B8:B118) -> 9474826.4 | C119: =SUBTOTAL(9,C8:C118) -> 9529688.9 | D119: =SUBTOTAL(9,D8:D118) -> 9857092 | E119: N1.67
A121: Tilleggsopplysninger (gjelder bruttobudsjetterte virksomheter):
A123: Bevilgning overført fra forrige år
A124: Årets bevilgning
A125: Bevilgning søkt overført til neste år
B128: =B6 -> 45657 | C128: =C6 -> 45291 | D128: Referanse
A129: Inntekter fra utlandet1)
A130: Inntekter fra EU | B130: 0 | C130: 0 | D130: N1I.01
A131: Inntekter fra næringsliv | B131: 0 | C131: 0 | D131: N1I.02
A132: Inntekter fra organisasjoner og institusjoner | B132: 0 | C132: 0 | D132: N1I.03
A133: Inntekter fra universiteter | B133: 0 | C133: 0 | D133: N1I.04
...

Sheet Note2 og 3
A2: =Resultatregnskap!A3 -> Virksomhet: Universitetet i Oslo
A4: Note 2 Lønnskostnader
A6: DEL I
A7: Beløp i 1000 kroner | B7: =Resultatregnskap!C6 -> 45657 | C7: =Resultatregnskap!D6 -> 45291 | D7: Referanse
A8: Lønn* | B8: 4915654.7 | C8: 4701627.1 | D8: N2.1
A9: Feriepenger | B9: 584130.84 | C9: 570323.67 | D9: N2.2
A10: Arbeidsgiveravgift* | B10: 832231.98 | C10: 806320.67 | D10: N2.3
A11: Pensjonskostnader1) | B11: 463959.91 | C11: 364638.8 | D11: N2.4
A12: Lønn balanseført ved egenutvikling av anleggsmidler (-)2) | B12: 0 | C12: 0 | D12: N2.12
A13: Sykepenger og andre refusjoner (-) | B13: -221993.65 | C13: -190100.68 | D13: N2.5
A14: Andre ytelser | B14: 119683.57 | C14: 112174.64 | D14: N2.6
A15: Sum lønnskostnader | B15: =SUM(B8:B14) -> 6693667.3 | C15: =SUM(C8:C14) -> 6364984.2 | D15: N2.7
A17: Antall utførte årsverk: | B17: 6648 | C17: 6711 | D17: N2.8
A19: 1) Pensjonskostnaden i 2024 er basert på et estimat for pensjonspremien beregnet av SPK og ikke faktisk pensjonspremie. Dette skyldes at lønnsoppgjøret i staten for 2024 ikke var ferdigstilt før i slutten av november 2024.
A20: Premiesatsen for arbeidsgiverandelen utgjør for 2024 9,1 prosent.For regnskapsåret 2023 utgjorde premiesatsen 8,9 prosent. Premiesatsen bygger på estimert premie fra SPK inkludert en risikomargin UiO har valgt å legge til.
A22: 2) Inneholder lønn og sosiale kostnader (feriepenger, arbeidsgiveravgift og pensjonskostnader).
A24: 3) På bakgrunn av at lønnsoppgjøret i staten for 2024 ikke var ferdig før i slutten av november, har ikke UiO utbetalt resultatet av lønnsoppgjøret i 2024.
A25: UiO har derfor gjort et estimat for lønnsavsetning for det sentrale lønnsoppgjøret som utgjør 91,8 mill. kroner. Lønnsavsetningen inkluderer feriepenger, og det er avsatt for arbeidsgiveravgift av lønnsavsetningen.
A26: UiO har ikke eget bidrag til lønnsforhandlinger utover det som er fremforhandlet sentralt.
A30: DEL II
A31: Lønn og godtgjørelser til ledende personer | B31: Lønn | C31: Andre godtgjørelser | D31: SUM | E31: DBH-referanse
A32: Rektor (gjelder også dersom rektor er tilsatt) | B32: 1869336 | C32: 0 | D32: =SUM(B32:C32) -> 1869336 | E32: N2I.01
A33: Ekstern styreleder (gjelder institusjoner som har tilsatt rektor) | B33: 1775729 | C33: 0 | D33: =SUM(B33:C33) -> 1775729 | E33: N2I.02
A34: Administrerende direktør | B34: 0 | C34: 0 | D34: =SUM(B34:C34) -> 0 | E34: N2I.03
A37: Lønn og godtgjørelser til ledende personer oppgis i kroner i samsvar med faktiske utbetalinger for regnskapsåret 2024.
A40: Note 3 Andre driftskostnader
A41: Beløp i 1000 kroner
B42: =B7 -> 45657 | C42: =C7 -> 45291 | D42: Referanse
A43: Husleie | B43: 355223.29 | C43: 355799.12 | D43: N3.1
A44: Vedlikehold egne bygg og anlegg | B44: 110782.45 | C44: 110525.14 | D44: N3.2
A45: Vedlikehold og ombygging av leide lokaler | B45: 4806.8296 | C45: 2694.7625 | D45: N3.3
A46: Andre kostnader til drift av eiendom og lokaler | B46: 304952.81 | C46: 324989.12 | D46: N3.4
A47: Reparasjon og vedlikehold av maskiner, utstyr mv. | B47: 34162.145 | C47: 33927.301 | D47: N3.5
A48: Mindre utstyrsanskaffelser | B48: 27155.152 | C48: 36056.636 | D48: N3.6
A49: Tap ved avgang anleggsmidler | B49: 30.65107 | C49: 1.66767 | D49: N3.6A
A50: Leie av maskiner, inventar og lignende | B50: 95554.946 | C50: 96033.12 | D50: N3.7
A51: Kjøp av konsulenttjenester fra kommunikasjonsbransjen | B51: 7084.9357 | C51: 0 | D51: N3.8C
A52: Kjøp av andre konsulenttjenester | B52: 136640.08 | C52: 152982.02 | D52: N3.8A
A53: Kjøp av andre fremmede tjenester | B53: 423459.19 | C53: 431482.09 | D53: N3.8B
A54: Reiser og diett | B54: 236882.1 | C54: 247363.44 | D54: N3.9
A55: Øvrige driftskostnader1) | B55: 647947.59 | C55: 655772.06 | D55: N3.10
A56: Sum andre driftskostnader | B56: =SUM(B43:B55) -> 2384682.2 | C56: =SUM(C43:C55) -> 2447626.5 | D56: N3.11
A58: 1) Spesifiseres ytterligere under oppstillingen dersom det er andre vesentlige poster som bør fremgå av regnskapet
A61: 1) Øvrige driftskostnader | B61: 31.12.2024 | C61: 31.12.2023
A62: Verktøy, inventar og driftsmaterialer | B62: 146737.97 | C62: 152262.16
A63: Kontorrekvisita, bøker, møter og kurs | B63: 361944.56 | C63: 358337.22
A64: Telefon, porto og lignende | B64: 13375.586 | C64: 13670.042
A65: Kostnad transportmidler | B65: 4571.267 | C65: 2912.7879
A66: Reklame og representasjon | B66: 10762.768 | C66: 11050.869
A67: Kontingent og gave | B67: 75987.423 | C67: 79527.389
A68: Eiendoms- og festeavgift | B68: 19409.953 | C68: 17300.061
A69: Annen kostnad | B69: 15158.059 | C69: 20711.541
A70: Sum øvrige driftskostnader | B70: =SUM(B62:B69) -> 647947.59 | C70: =SUM(C62:C69) -> 655772.06
A74: Tilleggsinformasjon om operasjonelle leieavtaler
B75: Type eiendel
B76: Immaterielle eiendeler | C76: Tomter, bygninger og annen fast eiendom | D76: Maskiner og transport-midler | E76: Driftsløsøre, inventar, verktøy og lignende | F76: Infrastruktureiendeler | G76: Sum | H76: DBH-referanse
A77: Varighet inntil 1 år | B77: 50111.803 | C77: 23219.523 | D77: 817.0045 | E77: 636.62405 | F77: 0 | G77: =SUM(B77:F77) -> 74784.955 | H77: N3I.01
A78: Varighet 1-5 år | B78: 19772.109 | C78: 110331.08 | D78: 5086.996 | E78: 1180.1336 | F78: 0 | G78: =SUM(B78:F78) -> 136370.32 | H78: N3I.02
A79: Varighet over 5 år | B79: 2174.0098 | C79: 188927.25 | D79: 0 | E79: 185.56284 | F79: 0 | G79: =SUM(B79:F79) -> 191286.82 | H79: N3I.03
A80: Kostnadsført leiebetaling for perioden | B80: =SUM(B77:B79) -> 72057.922 | C80: =SUM(C77:C79) -> 322477.85 | D80: =SUM(D77:D79) -> 5904.0005 | E80: =SUM(E77:E79) -> 2002.3205 | F80: =SUM(F77:F79) -> 0 | G80: =SUM(G77:G79) -> 402442.1 | H80: N3I.1

Sheet Note4
A2: =Resultatregnskap!A3 -> Virksomhet: Universitetet i Oslo
A4: Note 4 Immaterielle eiendeler
A5: Beløp i 1000 kroner
B6: Programvare og lignende rettigheter | C6: Immaterielle eiendeler under utførelse | D6: SUM | E6: Referanse
A7: Anskaffelseskost pr. 31.12.2023 | B7: 23570 | C7: 0 | D7: =SUM(B7:C7) -> 23570 | E7: N4.1
A8: + tilgang i 2024 (+) | B8: 887.46477 | C8: 0 | D8: =SUM(B8:C8) -> 887.46477 | E8: N4.2
A9: - avgang til anskaffelseskost i 2024 (-) | B9: 0 | C9: 0 | D9: =SUM(B9:C9) -> 0 | E9: N4.3
A10: +/- fra eiendel under utførelse til annen gruppe (+/-) | B10: 0 | C10: 0 | D10: =SUM(B10:C10) -> 0 | E10: N4.3A
A11: Anskaffelseskost 31.12.2024 | B11: =SUBTOTAL(9,B7:B10) -> 24457.465 | C11: =SUBTOTAL(9,C7:C10) -> 0 | D11: =SUBTOTAL(9,D7:D10) -> 24457.465 | E11: N4.4
A12: - akkumulerte nedskrivninger pr. 31.12.2023 (-) | B12: 0 | C12: 0 | D12: =SUM(B12:C12) -> 0 | E12: N4.5
A13: - nedskrivninger i 2024 (-) | B13: 0 | C13: 0 | D13: =SUM(B13:C13) -> 0 | E13: N4.6
A14: - akkumulerte avskrivninger pr. 31.12.2023 (-) | B14: -7709.0379 | C14: 0 | D14: =SUM(B14:C14) -> -7709.0379 | E14: N4.7
A15: - ordinære avskrivninger i 2024 (-) | B15: -4834.3287 | C15: 0 | D15: =SUM(B15:C15) -> -4834.3287 | E15: N4.8
A16: + akkumulert avskrivning ved avgang i 2024 (+) | B16: 0 | C16: 0 | D16: =SUM(B16:C16) -> 0 | E16: N4.9
A17: Balanseført verdi 31.12.2024 | B17: =SUBTOTAL(9,B7:B16) -> 11914.098 | C17: =SUBTOTAL(9,C7:C16) -> 0 | D17: =SUBTOTAL(9,D7:D16) -> 11914.098 | E17: N4.10
A19: Avskrivningssatser (levetider) | B19: 5 år / lineært | C19: Ingen
A22: Tilleggsopplysninger når det er avhendet immaterielle eiendeler:
A23: Salgssum ved avgang anleggsmidler | B23: 0 | C23: 0 | D23: =SUM(B23:C23) -> 0 | E23: N4.11
A24: - Bokført verdi avhendede anleggsmidler | B24: 0 | C24: 0 | D24: =SUM(B24:C24) -> 0 | E24: N4.12
A25: Regnskapsmessig gevinst/tap | B25: =SUM(B23:B24) -> 0 | C25: =SUM(C23:C24) -> 0 | D25: =SUM(D23:D24) -> 0 | E25: N4.13

Sheet Note5
A2: =Resultatregnskap!A3 -> Virksomhet: Universitetet i Oslo
A4: Note 5 Varige driftsmidler
A5: Beløp i 1000 kroner
B6: Tomter | C6: Bygninger og annen fast eiendom | D6: Anlegg under utførelse | E6: Infrastruktur- eiendeler | F6: Maskiner og transport-midler | G6: Driftsløsøre, inventar, verktøy o.l. | H6: Sum | I6: Referanse
A7: Anskaffelseskost pr. 31.12.2023 | B7: 916619.99 | C7: 21656983 | D7: 156324.91 | E7: 0 | F7: 2327925.4 | G7: 1499253.5 | H7: =SUM(B7:G7) -> 26557107 | I7: N5.1
A8: + tilgang nybygg i 2024 - eksternt finansiert (+) | B8: 0 | C8: 0 | D8: 0 | E8: 0 | F8: 0 | G8: 0 | H8: =SUM(B8:G8) -> 0 | I8: N5.20
A9: + tilgang nybygg i 2024 - internt finansiert (+) | B9: 0 | C9: 0 | D9: 0 | E9: 0 | F9: 0 | G9: 0 | H9: =SUM(B9:G9) -> 0 | I9: N5.20A
A10: + andre tilganger i 2024 (+) | B10: 0 | C10: 256580.35 | D10: 147920.67 | E10: 0 | F10: 106322.79 | G10: 121144.47 | H10: =SUM(B10:G10) -> 631968.29 | I10: N5.21
A11: - avgang anskaffelseskost i 2024 (-) | B11: 0 | E11: 0 | F11: -60.12656 | G11: -1262.877 | H11: =SUM(B11:G11) -> -1323.0036 | I11: N5.3
A12: +/- fra anlegg under utførelse til annen gruppe (+/-) | B12: 0 | C12: 174541.25 | D12: -185112.74 | E12: 0 | F12: 10571.485 | H12: =SUM(B12:G12) -> 1.4551915e-11 | I12: N5.4
A13: Anskaffelseskost 31.12.2024 | B13: =SUBTOTAL(9,B7:B12) -> 916619.99 | C13: =SUBTOTAL(9,C7:C12) -> 22088105 | D13: =SUBTOTAL(9,D7:D12) -> 119132.84 | E13: =SUBTOTAL(9,E7:E12) -> 0 | F13: =SUBTOTAL(9,F7:F12) -> 2444759.6 | G13: =SUBTOTAL(9,G7:G12) -> 1619135.1 | H13: =SUBTOTAL(9,H7:H12) -> 27187752 | I13: N5.5
A14: - akkumulerte nedskrivninger pr. 31.12.2023 (-) | E14: 0 | F14: 0 | G14: 0 | H14: =SUM(B14:G14) -> 0 | I14: N5.6
A15: - nedskrivninger i 2024 (-) | E15: 0 | F15: 0 | G15: 0 | H15: =SUM(B15:G15) -> 0 | I15: N5.7
A16: - akkumulerte avskrivninger pr. 31.12.2023 (-) | B16: 0 | C16: -13252594 | D16: 0 | E16: 0 | F16: -1880477.5 | G16: -993372.69 | H16: =SUM(B16:G16) -> -16126444 | I16: N5.8
A17: - ordinære avskrivninger i 2024 (-) | B17: 0 | C17: -374701.07 | E17: 0 | F17: -105860.42 | G17: -172935.32 | H17: =SUM(B17:G17) -> -653496.81 | I17: N5.9
A18: + akkumulert avskrivning ved avgang i 2024 (+) | B18: 0 | E18: 0 | F18: 60.12656 | G18: 1224.5728 | H18: =SUM(B18:G18) -> 1284.6994 | I18: N5.10
A19: Balanseført verdi 31.12.2024 | B19: =SUBTOTAL(9,B7:B18) -> 916619.99 | C19: =SUBTOTAL(9,C7:C18) -> 8460809.6 | D19: =SUBTOTAL(9,D7:D18) -> 119132.84 | E19: =SUBTOTAL(9,E7:E18) -> 0 | F19: =SUBTOTAL(9,F7:F18) -> 458481.78 | G19: =SUBTOTAL(9,G7:G18) -> 454051.64 | H19: =SUBTOTAL(9,H7:H18) -> 10409096 | I19: N5.11
A21: Avskrivningssatser (levetider) | B21: Ingen avskrivning | C21: 10-60 år dekomponert lineært | D21: Ingen avskrivning | E21: Virksomhets-spesifikt | F21: 3-15 år lineært | G21: 3-15 år lineært
A23: Tilleggsopplysninger når det er avhendet anleggsmidler:
A24: Vederlag ved avhending av anleggsmidler | B24: 0 | C24: 0 | D24: 0 | E24: 0 | F24: 0 | G24: 11.68536 | H24: =SUM(B24:G24) -> 11.68536 | I24: N5.12
A25: - bokført verdi av avhendede anleggsmidler (-) | B25: 0 | C25: 0 | D25: 0 | E25: 0 | F25: 0 | G25: -38.30421 | H25: =SUM(B25:G25) -> -38.30421 | I25: N5.13
A26: Regnskapsmessig gevinst/tap | B26: =SUBTOTAL(9,B24:B25) -> 0 | C26: =SUBTOTAL(9,C24:C25) -> 0 | D26: =SUBTOTAL(9,D24:D25) -> 0 | E26: =SUBTOTAL(9,E24:E25) -> 0 | F26: =SUBTOTAL(9,F24:F25) -> 0 | G26: =SUBTOTAL(9,G24:G25) -> -26.61885 | H26: =SUBTOTAL(9,H24:H25) -> -26.61885 | I26: N5.14
A28: Resterende forpliktelse vedrørende bokført verdi av avhendede anleggsmidler er inntektsført og vist i note 1 som "utsatt inntekt fra forpliktelse knyttet til investeringer, bokført verdi avhendede anleggsmidler" .

Sheet Note6
A2: =Resultatregnskap!A3 -> Virksomhet: Universitetet i Oslo
A4: Note 6 Finansinntekter og finanskostnader
A5: Beløp i 1000 kroner
B6: =Resultatregnskap!C6 -> 45657 | C6: =Resultatregnskap!D6 -> 45291 | D6: Referanse
A7: Finansinntekter
A9: Renteinntekter | B9: 4934.8691 | C9: 4134.5291 | D9: N6.1
A10: Valutagevinst (agio) | B10: 8029.1668 | C10: 8290.3448 | D10: N6.2
A11: Reversering av tidligere nedskrivning (oppskrivning til kostpris) | B11: 0 | C11: 0 | D11: N6.2A
A12: Utbytte fra eierandeler i selskaper mv. (spesifiseres i avsnittet nedenfor) | B12: =B29 -> 0 | C12: =C29 -> 0 | D12: N6.2B
A13: Annen finansinntekt | B13: 19.62221 | C13: 323.79742 | D13: N6.3
A14: Sum finansinntekter | B14: =SUM(B9:B13) -> 12983.658 | C14: =SUM(C9:C13) -> 12748.671 | D14: N6.4
A16: Finanskostnader
A18: Rentekostnad | B18: 116.05873 | C18: 235.34463 | D18: N6.5
A19: Nedskrivning av aksjer | B19: 0 | C19: 0 | D19: N6.6
A20: Valutatap (disagio) | B20: 0 | C20: 0 | D20: N6.7
A21: Annen finanskostnad | B21: 6652.5011 | C21: 11709.762 | D21: N6.8
A22: Sum finanskostnader | B22: =SUM(B18:B21) -> 6768.5598 | C22: =SUM(C18:C21) -> 11945.106 | D22: N6.9
A24: Spesifikasjon av utbytte fra eierandeler i selskaper mv..
A25: Mottatt utbytte fra selskap X | B25: 0 | C25: 0 | D25: N6.010
A26: Mottatt utbytte fra selskap Y | B26: 0 | C26: 0 | D26: N6.010
A27: Mottatt utbytte fra selskap Z | B27: 0 | C27: 0 | D27: N6.010
A28: Mottatt utbytte fra andre selskap1) | B28: 0 | C28: 0 | D28: N6.011
A29: Sum mottatt utbytte | B29: =SUM(B25:B28) -> 0 | C29: =SUM(C25:C28) -> 0 | D29: N6.11
A31: 1) Spesifiseres om nødvendig på egne linjer under oppstillingen.

Sheet Note 8
A2: =Resultatregnskap!A3 -> Virksomhet: Universitetet i Oslo
A4: Note 8 Innskutt og opptjent virksomhetskapital (nettobudsjetterte virksomheter)
A5: Beløp i 1000 kroner
A7: Nettobudsjetterte virksomheter kan ikke etablere virksomhetskapital innenfor den bevilgningsfinansierte og bidragsfinansierte aktiviteten, se note 15. Opptjent virksomhetskapital tilsvarer dermed resultatet fra oppdragsfinansiert aktivitet.
A10: Universitet og høyskoler kan anvende opptjent virksomhetskapital til å finansiere investeringer i randsonevirksomhet. Når virksomhetskapital er anvendt til dette formålet, er den å anse som bundet opptjent virksomhetskapital, dvs. den kan ikke anvendes til å dekke eventuelle underskudd innenfor den løpende driften.
A12: Innskutt virksomhetskapital er kapitalene knyttet til aksjer som ble finansiert av bevilgning på 90-post og som derfor tidligere var klassifisert som aksjer i gruppe 1. Disse aksjene føres nå i gruppe 2 og er overført til den enkelte institusjons virksomhetsregnskap. Innskutt virksomhetskapital skal anses som bundet.
A14: Innskutt virksomhetskapital: | B14: Beløp | C14: Referanse
A15: Innskutt virksomhetskapital 31.12.2023 | B15: 6022.588 | C15: N8I.011
A16: Oppskrivning av eierandeler i perioden (+) | B16: 0 | C16: N8I.012
A17: Nedskrivning av eierandeler i perioden (-) | B17: 0 | C17: N8I.013
A18: Salg av eierandeler i perioden (-) | B18: 0 | C18: N8I.014
A19: Kjøp av eierandeler i perioden (+) | B19: 0 | C19: N8I.015
A20: Innskutt virksomhetskapital 31.12.2024 | B20: =SUBTOTAL(9,B15:B19) -> 6022.588 | C20: N8I.1
A22: Bunden opptjent virksomhetskapital:
A23: Bunden opptjent virksomhetskapital pr. 31.12.2023 | B23: 25232.79 | C23: N8I.021
A24: Kjøp av aksjer i perioden | B24: 0 | C24: N8I.022
A25: Bokført verdi solgte aksjer i perioden (-) | B25: 0 | C25: N8I.023
A26: Reversering av tidligere nedskrivning av aksjer i perioden | B26: 0 | C26: N8I.024
A27: Nedskrivning av aksjer i perioden (-) | B27: 0 | C27: N8I.025
A28: Bunden opptjent virksomhetskapital 31.12.2024 | B28: =SUBTOTAL(9,B23:B27) -> 25232.79 | C28: N8I.2
A30: Innskutt og bunden opptjent virksomhetskapital 31.12.2024 | B30: =SUBTOTAL(9,B15:B28) -> 31255.378 | C30: N8I.SUM
A32: Annen opptjent virksomhetskapital:
A33: Annen opptjent virksomhetskapital 31.12.2023 | B33: 198558.94 | C33: N8II.011
A34: Underskudd bevilgningsfinansiert aktivitet belastet annen opptjent virksomhetskapital (-) | B34: 0 | C34: N8II.012
A35: Overført fra periodens resultat | B35: =-Resultatregnskap!C34 -> 13815.964 | C35: N8II.013
A36: Overført til/fra bunden virksomhetskapital (+/-) | B36: 0 | C36: N8II.014
A37: Annen opptjent virksomhetskapital 31.12.2024 | B37: =SUBTOTAL(9,B33:B36) -> 212374.9 | C37: N8II.1
A39: Sum virksomhetskapital 31.12.2024 | B39: =SUBTOTAL(9,B15:B38) -> 243630.28 | C39: N8.TOTAL
A41: Nettobudsjetterte virksomheter kan eventuelt supplere med ytterligere spesifikasjon og gruppering av opptjent virksomhetskapital på egne linjer under oppstillingen. (Gjelder f. eks. virksomheter som fordeler opptjent virksomhetskapital til underliggende driftsenheter)

Sheet Note 9 og 10
A2: =Resultatregnskap!A3 -> Virksomhet: Universitetet i Oslo
A4: Note 9 Innkrevningsvirksomhet og andre overføringer til staten
A5: Beløp i 1 000 kr
B6: =Resultatregnskap!C6 -> 45657 | C6: =Resultatregnskap!D6 -> 45291
A7: Avgifter og gebyrer direkte til statskassen:
A8: Avgift A | B8: 0 | C8: 0
A9: Avgift B | B9: 0 | C9: 0
A10: Sum avgifter og gebyrer direkte til statskassen | B10: =SUBTOTAL(9,B8:B9) -> 0 | C10: =SUBTOTAL(9,C8:C9) -> 0
A12: Fordringer vedrørende innkrevingsvirksomhet og andre overføringer
A13: Fordringer til pålydende | B13: 0 | C13: 0
A14: Avsatt til forventet tap (-) | B14: 0 | C14: 0
A15: Sum fordringer vedrørende innkrevingsvirksomhet og andre overføringer til staten | B15: =SUBTOTAL(9,B13:B14) -> 0 | C15: =SUBTOTAL(9,C13:C14) -> 0
A18: Note 10 Tilskuddsforvaltning
A19: Beløp i 1 000 kr
A20: Gjelder forvaltning av tilskudd bevilget over statsbudsjettet
B22: =Resultatregnskap!C6 -> 45657 | C22: =Resultatregnskap!D6 -> 45291 | D22: Referanse
A23: Tilskudd til virksomhet A | B23: 0 | C23: 0 | D23: N10.01
A24: Tilskudd til virksomhet B | B24: 0 | C24: 0 | D24: N10.01
A25: Tilskudd til virksomhet C | B25: 0 | C25: 0 | D25: N10.01
A26: Andre tilskudd | B26: 0 | C26: 0 | D26: N10.02
A27: Sum tilskuddsforvaltning | B27: =SUM(B23:B26) -> 0 | C27: =SUM(C23:C26) -> 0 | D27: N10.1
A29: Merknad: Dersom virksomheten forvalter flere tilskuddsordninger av betydning, tilføyes flere linjer med referanse N10.01. Mindre tilskuddsordninger kan slås sammen og spesifiseres på linjen "Andre tilskuddsordninger" med referanse N10.02.

Sheet Note 10B
A2: =Resultatregnskap!A3 -> Virksomhet: Universitetet i Oslo
A4: Note 10B Ikke utbetalt bevilgning mottatt til tilskuddsforvaltning (nettobudsjetterte)
B6: Inngående balanse bevilgning | C6: Årets bevilgning | D6: Samlet bevilgning | E6: Utbetalt til tilskudds-mottaker | F6: Ikke utbetalt til tilskudds-mottaker 1) | G6: Referanse
A9: Kilde A | B9: 0 | C9: 0 | D9: =B9+C9 -> 0 | E9: 0 | F9: =D9-E9 -> 0 | G9: N10B.01
A10: Kilde B | B10: 0 | C10: 0 | D10: =B10+C10 -> 0 | E10: 0 | F10: =D10-E10 -> 0 | G10: N10B.01
A11: Kilde C | B11: 0 | C11: 0 | D11: =B11+C11 -> 0 | E11: 0 | F11: =D11-E11 -> 0 | G11: N10B.01
A12: Andre kilder | B12: 0 | C12: 0 | D12: =B12+C12 -> 0 | E12: 0 | F12: =D12-E12 -> 0 | G12: N10B.02
A13: Sum | B13: =SUBTOTAL(9,B9:B12) -> 0 | C13: =SUBTOTAL(9,C9:C12) -> 0 | D13: =+C13+B13 -> 0 | E13: =SUM(E9:E12) -> 0 | F13: =+D13-E13 -> 0 | G13: N10B.1
A15: 1) Spesifikasjon hvis noe er reskontroførte (ikke utbetalte) tilsagn
A17: Tilskuddsordning A | B17: 0
A18: Tilskuddsordning B | B18: 0
A19: Tilskuddsordning C | B19: 0
A20: Andre tilskuddsordninger | B20: 0
A21: Sum gjeld | B21: =SUBTOTAL(9,B17:B20) -> 0
A23: Merknad: Dersom virksomheten forvalter flere tilskuddsordninger av betydning, tilføyes flere linjer med referanse N10B.01. Mindre tilskuddsordninger kan slås sammen og spesifiseres på linjen "Andre tilskuddsordninger/Andre kilder" med referanse N10B.02.

Sheet Note11
A2: =Resultatregnskap!A3 -> Virksomhet: Universitetet i Oslo
A4: Note 11 Investeringer i aksjer og selskapsandeler
A5: Beløp i 1000 kroner
B6: Organisasjons-nummer | C6: Ervervsdato | D6: Antall aksjer | E6: Eierandel | F6: Stemme-andel | G6: Årets resultat i selskapet* | H6: Balanseført egenkapital i selskapet** | I6: Balanseført verdi i virksomhets-regnskapet | J6: Kostpris rapportert til kapital-regnskapet | K6: Referanse
A7: Aksjer
A8: Unirand AS | B8: 985163049 | C8: 2004 | D8: 2025 | E8: 1 | F8: 1 | G8: -206.35 | H8: 2514 | I8: 4050 | J8: 4050 | K8: N11.010
A9: Oslotech AS*** | B9: 937268815 | C9: 1984 | D9: 1826 | E9: 0.334 | F9: 0.334 | G9: 8031 | H9: 189791.12 | I9: 5622.588 | J9: 5622.588 | K9: N11.010
A10: Norsk medisinsk syklotronsenter AS | B10: 986358692 | C10: 2003 | D10: 100 | E10: 0.2 | F10: 0.2 | G10: -11660 | H10: 17949 | I10: 400 | J10: 400 | K10: N11.010
A11: Inven2 AS | B11: 995495899 | C11: 2010 | D11: 5000 | E11: 0.5 | F11: 0.5 | G11: -2245 | H11: 193575 | I11: 20100 | J11: 20100 | K11: N11.010
A12: VisitOSLO AS | B12: 963444516 | C12: 2010 | D12: 1 | E12: 0.005 | F12: 0.005 | G12: -650 | H12: 5578 | I12: 10 | J12: 10 | K12: N11.010
A13: CIENS AS | B13: 993748307 | C13: 2009 | D13: 15 | E13: 0.143 | F13: 0.143 | G13: 110 | H13: 323 | I13: 15 | J13: 15 | K13: N11.010
A14: Øvrige selskaper*** | D14: 0 | E14: 0 | F14: 0 | G14: 0 | H14: 0 | I14: 0 | J14: 0 | K14: N11.011
A15: Sum aksjer | D15: =SUBTOTAL(9,D8:D14) -> 8967 | G15: =SUBTOTAL(9,G8:G13) -> -6620.35 | H15: =SUBTOTAL(9,H8:H13) -> 409730.12 | I15: =SUBTOTAL(9,I8:I13) -> 30197.588 | J15: =SUBTOTAL(9,J8:J13) -> 30197.588 | K15: N11.1
A17: Andeler (herunder leieboerinnskudd)
A18: Leierettsbevis Studentbyen Sogn | D18: 0 | G18: 0 | H18: 0 | I18: 750 | J18: 750 | K18: N11.021
A19: Pantobligasjoner studenthyttene | D19: 0 | G19: 0 | H19: 0 | I19: 307.79 | J19: 0 | K19: N11.021
A20: Øvrige selskap*** | D20: 0 | G20: 0 | H20: 0 | I20: 0 | J20: 0 | K20: N11.022
A21: Sum andeler | D21: =SUBTOTAL(9,D18:D20) -> 0 | G21: =SUBTOTAL(9,G18:G20) -> 0 | H21: =SUBTOTAL(9,H18:H20) -> 0 | I21: =SUBTOTAL(9,I18:I20) -> 1057.79 | J21: =SUBTOTAL(9,J18:J20) -> 750 | K21: N11.2
A23: Balanseført verdi 31.12.2024 | G23: =SUBTOTAL(9,G8:G22) -> -6620.35 | H23: =SUBTOTAL(9,H8:H22) -> 409730.12 | I23: =SUBTOTAL(9,I8:I22) -> 31255.378 | J23: =SUBTOTAL(9,J8:J22) -> 30947.588 | K23: N11.3
A25: * Gjelder bokført resultat i vedkommende selskaps siste avlagte årsregnskap
A26: ** Gjelder bokført egenkapital i vedkommende selskaps siste avlagte årsregnskap
A27: *** Vesentlige poster spesifiseres i eget avsnitt under oppstillingen
A29: *** Oslotech AS aksjer er inndelt i 1 271 A-aksjer og 555 B-aksjer.

Sheet Note 11A
A2: =Resultatregnskap!A3 -> Virksomhet: Universitetet i Oslo
A4: Note 11A Andre fordringer*
A5: Beløp i 1000 kroner
B6: ='Balanse - eiendeler'!C6 -> 45657 | C6: ='Balanse - eiendeler'!D6 -> 45291 | D6: Referanse
A8: Fordring 1 | B8: 0 | C8: 0 | D8: N11A.01
A9: Fordring 2 | B9: 0 | C9: 0 | D9: N11A.02
A10: Fordring 3 | B10: 0 | C10: 0 | D10: N11A.03
A11: Sum andre fordringer | B11: =SUBTOTAL(9,B8:B10) -> 0 | C11: =SUBTOTAL(9,C8:C10) -> 0 | D11: N11A.1
A13: *Her spesifiseres alle vesentlige langsiktige fordringer, eksempelvis forskuddsbetalt husleie over kontraktstidens løpetid

Sheet Note12, 13 og 14
A2: =Resultatregnskap!A3 -> Virksomhet: Universitetet i Oslo
A4: Note 12 Beholdninger av varer og driftsmateriell
A5: Beløp i 1000 kroner
B6: ='Balanse - eiendeler'!C6 -> 45657 | C6: ='Balanse - Gjeld og kapital'!D5 -> 45291 | D6: Referanse
A7: Anskaffelseskost
A8: Råvarer og innkjøpte halvfabrikata | B8: 0 | C8: 0 | D8: N12.1
A9: Varer under tilvirkning | B9: 0 | C9: 0 | D9: N12.1
A10: Ferdige egentilvirkede varer og driftsmateriell | B10: 0 | C10: 0 | D10: N12.1
A11: Innkjøpte varer (ferdigvarer) og driftsmateriell | B11: 4369.3089 | C11: 4415.2837 | D11: N12.2
A12: Sum anskaffelseskost | B12: =SUM(B8:B11) -> 4369.3089 | C12: =SUM(C8:C11) -> 4415.2837 | D12: N12.3
A14: Ukurans
A15: Ukurans i råvarer og innkjøpte halvfabrikata | B15: 0 | C15: 0 | D15: N12.4
A16: Ukurans i varer under tilvirkning | B16: 0 | C16: 0 | D16: N12.4
A17: Ukurans i ferdige egentilvirkede varer | B17: 0 | C17: 0 | D17: N12.4
A18: Ukurans i innkøpte varer (ferdigvarer) | B18: 0 | C18: 0 | D18: N12.5
A19: Nedskrivning av driftsmateriell | B19: 0 | C19: 0 | D19: N12.5A
A20: Sum ukurans | B20: =SUM(B15:B19) -> 0 | C20: =SUM(C15:C19) -> 0 | D20: N12.6
A22: Sum beholdninger av varer og driftsmateriell | B22: =B12-B20 -> 4369.3089 | C22: =C12-C20 -> 4415.2837 | D22: N12.7
A24: Note 13 Kundefordringer
A25: Beløp i 1000 kroner | B25: =B6 -> 45657 | C25: =C6 -> 45291 | D25: Referanse
A27: Kundefordringer til pålydende | B27: 235945.37 | C27: 357919 | D27: N13.1
A28: Avsatt til latent tap (-) | B28: -237.75318 | C28: -23.10277 | D28: N13.2
A29: Sum kundefordringer | B29: =SUM(B27:B28) -> 235707.62 | C29: =SUM(C27:C28) -> 357895.9 | D29: N13.3
A31: Note 14 Andre kortsiktige fordringer
A32: Beløp i 1000 kroner
B33: =B25 -> 45657 | C33: =C25 -> 45291 | D33: Referanse
A34: Forskuddsbetalt lønn | B34: 8030.8129 | C34: 8700.9238 | D34: N14.1
A35: Reiseforskudd | B35: 2258.3346 | C35: 2712.3701 | D35: N14.2
A36: Personallån | B36: 130.37392 | C36: 200.28684 | D36: N14.3
A37: Andre fordringer på ansatte | D37: N14.4
A38: Forskuddsbetalt leie | B38: 13622.537 | C38: 28429.049 | D38: N14.5A
A39: Andre forskuddsbetalte kostnader | B39: 2467.5048 | C39: 1953.2211 | D39: N14.5B
A40: Andre fordringer | B40: 27835.418 | C40: 21139.01 | D40: N14.6
A41: Fordring på datterselskap mv.1) | B41: 0 | C41: 0 | D41: N14.7
A42: Sum andre fordringer | B42: =SUM(B34:B41) -> 54344.982 | C42: =SUM(C34:C41) -> 63134.861 | D42: N14.8
A44: 1) gjelder også tilknyttet selskap (TS) og felleskontrollert virksomhet.

Sheet Note15 
A2: =Resultatregnskap!A3 -> Virksomhet: Universitetet i Oslo
A4: Note 15 Avregning bevilgningsfinansiert og bidragsfinansiert aktivitet mv. (nettobudsjetterte virksomheter)
A5: Beløp i 1000 kroner
A7: Den andel av ordinære bevilgninger og midler som er inntektsført, men ikke benyttet ved regnskapsavslutningen, er å anse som en forpliktelse. Det skal spesifiseres hvilke formål bevilgningen forutsettes å dekke i påfølgende termin. Vesentlige poster skal spesifiseres i egne avsnitt under oppstillingen.
A11: Det er foretatt følgende interne avsetninger til de angitte prioriterte oppgaver/formål innenfor ordinær bevilgningsfinansiert aktivitet og aktivitet som skal behandles tilsvarende:
A14: Del I: Inntektsførte bevilgninger | B14: Avsetning pr. 31.12.2024 | C14: Overført fra virksomhets-kapital | D14: Avsetning pr. 31.12.2023 | E14: Endring i perioden | F14: Referanse
A15: Kunnskapsdepartementet
A16: Konkrete påbegynte, ikke fullførte driftsoppgaver
A17: Oppgave 1 | B17: 0 | C17: 0 | D17: 45496 | E17: =B17-D17 -> -45496 | F17: N15I.011
A18: Oppgave 2 | B18: 0 | C18: 0 | D18: 0 | E18: =B18-D18 -> 0 | F18: N15I.011
A19: Oppgave 3 | B19: 0 | C19: 0 | D19: 0 | E19: =B19-D19 -> 0 | F19: N15I.011
A20: Andre oppgaver1) | B20: 0 | C20: 0 | D20: 0 | E20: =B20-D20 -> 0 | F20: N15I.012
A21: SUM konkrete påbegynte, ikke fullførte driftsoppgaver | B21: =SUBTOTAL(9,B17:B20) -> 0 | C21: =SUBTOTAL(9,C17:C20) -> 0 | D21: =SUBTOTAL(9,D17:D20) -> 45496 | E21: =SUBTOTAL(9,E17:E20) -> -45496 | F21: N15I.1
A22: Vedtatte, ikke igangsatte driftsoppgaver
A23: Oppgave 1 | B23: 0 | C23: 0 | D23: 0 | E23: =B23-D23 -> 0 | F23: N15I.021
A24: Oppgave 2 | B24: 0 | C24: 0 | D24: 0 | E24: =B24-D24 -> 0 | F24: N15I.021
A25: Oppgave 3 | B25: 0 | C25: 0 | D25: 0 | E25: =B25-D25 -> 0 | F25: N15I.021
A26: Andre oppgaver1) | B26: 0 | C26: 0 | D26: 0 | E26: =B26-D26 -> 0 | F26: N15I.022
A27: SUM vedtatte, ikke igangsatte driftsoppgaver | B27: =SUBTOTAL(9,B23:B26) -> 0 | C27: =SUBTOTAL(9,C23:C26) -> 0 | D27: =SUBTOTAL(9,D23:D26) -> 0 | E27: =SUBTOTAL(9,E23:E26) -> 0 | F27: N15I.2
A28: Vedtatte, ikke igangsatte investeringsprosjekter
A29: Bærekrafthus, rehabilitering av Farmasibygningen | B29: 237647 | C29: 0 | D29: 250000 | E29: =B29-D29 -> -12353 | F29: N15I.061
A30: Oppgave 2 | B30: 0 | C30: 0 | D30: 0 | E30: =B30-D30 -> 0 | F30: N15I.061
A31: Oppgave 3 | B31: 0 | C31: 0 | D31: 0 | E31: =B31-D31 -> 0 | F31: N15I.061
A32: SUM vedtatte, ikke igangsatte investeringsprosjekter | B32: =SUBTOTAL(9,B29:B31) -> 237647 | C32: =SUBTOTAL(9,C29:C31) -> 0 | D32: =SUBTOTAL(9,D29:D31) -> 250000 | E32: =SUBTOTAL(9,E29:E31) -> -12353 | F32: N15I.6
A33: Påbegynte investeringsprosjekter
A34: Rehabilitering av fasade Roma, inklusiv arealeffektivisering | B34: 0 | C34: 0 | D34: 25000 | E34: =B34-D34 -> -25000 | F34: N15I.031
A35: Innfesting og fugearmering teglstein i Niels Henrik Abels hus | B35: 7500 | C35: 0 | D35: 20000 | E35: =B35-D35 -> -12500 | F35: N15I.031
A36: Utskifting av kjølesystem Georg Sverdrups hus | B36: 1500 | C36: 0 | D36: 20000 | E36: =B36-D36 -> -18500 | F36: N15I.031
A37: Ombygging av disseksjonssal 1 og 2 i Domus Medica | B37: 1500 | C37: 0 | D37: 22000 | E37: =B37-D37 -> -20500 | F37: N15I.031
A38: Tilrettelegging for Honours i Kristine Bonnevies hus | B38: 15500 | C38: 0 | D38: 16000 | E38: =B38-D38 -> -500 | F38: N15I.031
A39: Tilrettelegging for Create i Kristine Bonnevies hus | B39: 0 | C39: 0 | D39: 30500 | E39: =B39-D39 -> -30500 | F39: N15I.031
A40: Arealeffektivisering for Create i Helga Engs hus | B40: 15000 | C40: 0 | D40: 17000 | E40: =B40-D40 -> -2000 | F40: N15I.031
A41: Oppgradering Eilert Sundt hus B | B41: 5218 | C41: 0 | D41: 8000 | E41: =B41-D41 -> -2782 | F41: N15I.031
A42: I-Lab og taket på Kjemibygningen | B42: 0 | C42: 0 | D42: 71000 | E42: =B42-D42 -> -71000 | F42: N15I.031
A43: Forskningsinfrastruktur | B43: 1737 | C43: 0 | D43: 43000 | E43: =B43-D43 -> -41263 | F43: N15I.031
A44: SUM påbegynte investeringsprosjekter | B44: =SUBTOTAL(9,B34:B43) -> 47955 | C44: =SUBTOTAL(9,C34:C43) -> 0 | D44: =SUBTOTAL(9,D34:D43) -> 272500 | E44: =SUBTOTAL(9,E34:E43) -> -224545 | F44: N15I.3
A45: Andre formål
A46: Formål 1 | B46: 0 | C46: 0 | D46: 0 | E46: =B46-D46 -> 0 | F46: N15I.041
A47: Formål 2 | B47: 0 | C47: 0 | D47: 0 | E47: =B47-D47 -> 0 | F47: N15I.041
A48: Formål 3 | B48: 0 | C48: 0 | D48: 0 | E48: =B48-D48 -> 0 | F48: N15I.041
A49: Andre formål1) | B49: 0 | C49: 0 | D49: 0 | E49: =B49-D49 -> 0 | F49: N15I.042
A50: SUM andre formål | B50: =SUBTOTAL(9,B46:B49) -> 0 | C50: =SUBTOTAL(9,C46:C49) -> 0 | D50: =SUBTOTAL(9,D46:D49) -> 0 | E50: =SUBTOTAL(9,E46:E49) -> 0 | F50: N15I.4
A51: Sum Kunnskapsdepartementet | B51: =SUBTOTAL(9,B16:B50) -> 285602 | C51: =SUBTOTAL(9,C16:C50) -> 0 | D51: =SUBTOTAL(9,D16:D50) -> 567996 | E51: =SUBTOTAL(9,E16:E50) -> -282394 | F51: N15I.KD
A53: Andre departementer og finansieringskilder
A54: Oppgave 1 | B54: 0 | C54: 0 | D54: 0 | E54: =B54-D54 -> 0 | F54: N15I.051
A55: Oppgave 2 | B55: 0 | C55: 0 | D55: 0 | E55: =B55-D55 -> 0 | F55: N15I.052
A56: Oppgave 3 | B56: 0 | C56: 0 | D56: 0 | E56: =B56-D56 -> 0 | F56: N15I.053
A57: Andre oppgaver1) | B57: 0 | C57: 0 | D57: 0 | E57: =B57-D57 -> 0 | F57: N15I.054
A58: Sum andre departementer og fiansieringskilder | B58: =SUBTOTAL(9,B54:B57) -> 0 | C58: =SUBTOTAL(9,C54:C57) -> 0 | D58: =SUBTOTAL(9,D54:D57) -> 0 | E58: =SUBTOTAL(9,E54:E57) -> 0 | F58: N15I.5
A60: Sum avregnet bevilgningsfinansiert aktivitet (nettobudsjetterte) | B60: =SUBTOTAL(9,B16:B59) -> 285602 | C60: =SUBTOTAL(9,C16:C59) -> 0 | D60: =SUBTOTAL(9,D16:D59) -> 567996 | E60: =SUBTOTAL(9,E16:E59) -> -282394 | F60: N15I.5A
A62: Tilført fra annen virksomhetskapital | E62: =-C60 -> 0 | F62: N15I.10B
A64: Resultatført endring av avsatt andel av tilskudd til bidrags- og bevilgningsfinansiert aktivitet | E64: =E60+SUBTOTAL(9,E62:E62) -> -282394 | F64: N15I.11
A68: Note 15 Avregning statlig og bidragsfinansiert aktivitet mv. (nettobudsjetterte virksomheter), forts
A70: Del II: Ikke inntektsførte tilskudd, bidrag og gaver:
B71: =B14 -> Avsetning pr. 31.12.2024 | D71: =D14 -> Avsetning pr. 31.12.2023 | E71: Endring i perioden | F71: Referanse
A73: Statlige etater (unntatt NFR og RFF)
A74: Mottatt prosjektmidler fra statlige etater, ikke inntektsført | B74: 106888.36 | D74: 112547.17 | E74: =B74-D74 -> -5658.8129 | F74: N15II.061
A75: Tiltak/oppgave/formål | B75: 0 | D75: 0 | E75: =B75-D75 -> 0 | F75: N15II.061
A76: Tiltak/oppgave/formål1) | B76: 0 | D76: 0 | E76: =B76-D76 -> 0 | F76: N15II.061
A77: Sum andre statlige etater (unntatt NFR og RFF) | B77: =SUBTOTAL(9,B74:B76) -> 106888.36 | D77: =SUBTOTAL(9,D74:D76) -> 112547.17 | E77: =SUBTOTAL(9,E74:E76) -> -5658.8129 | F77: N15II.6
A79: Norges forskningsråd
A80: Mottatt prosjektmidler fra NFR, ikke inntektsført | B80: -198041.6 | D80: -205067.87 | E80: =+B80-D80 -> 7026.2744 | F80: N15II.031
A81: Tiltak/oppgave/formål | B81: 0 | D81: 0 | E81: =+B81-D81 -> 0 | F81: N15II.031
A82: Tiltak/oppgave/formål1) | B82: 0 | D82: 0 | E82: =B82-D82 -> 0 | F82: N15II.031
A83: Sum Norges forskningsråd | B83: =SUBTOTAL(9,B80:B82) -> -198041.6 | D83: =SUBTOTAL(9,D80:D82) -> -205067.87 | E83: =SUBTOTAL(9,E80:E82) -> 7026.2744 | F83: N15II.3
A85: Regionale forskningsfond
A86: Mottatt prosjektmidler fra RFF, ikke inntektsført | B86: 14616.075 | D86: 12205.544 | E86: =+B86-D86 -> 2410.5301 | F86: N15II.041
A87: Tiltak/oppgave/formål | B87: 0 | D87: 0 | E87: =+B87-D87 -> 0 | F87: N15II.041
A88: Tiltak/oppgave/formål1) | B88: 0 | D88: 0 | E88: =B88-D88 -> 0 | F88: N15II.041
A89: Sum regionale forskningsfond | B89: =SUBTOTAL(9,B86:B88) -> 14616.075 | D89: =SUBTOTAL(9,D86:D88) -> 12205.544 | E89: =SUBTOTAL(9,E86:E88) -> 2410.5301 | F89: N15II.4
A91: Andre bidragsytere
A92: Kommunale og fylkeskommunale etater | B92: 853.3136 | D92: 6229.8089 | E92: =+B92-D92 -> -5376.4953 | F92: N15II.051A
A93: Organisasjoner og stiftelser | B93: 92676.671 | D93: 49789.908 | E93: =+B93-D93 -> 42886.764 | F93: N15II.051B
A94: Næringsliv og private bidragsytere | B94: 91194.845 | D94: 63371.28 | E94: =+B94-D94 -> 27823.565 | F94: N15II.051C
A95: Øvrige andre bidragsytere | B95: 34597.979 | D95: 50904.448 | E95: =+B95-D95 -> -16306.469 | F95: N15II.051D
A96: EU tilskudd/tildeling fra rammeprogram for forskning | B96: 393852.14 | D96: 346938.93 | E96: =+B96-D96 -> 46913.213 | F96: N15II.051E
A97: EU tilskudd/tildeling til undervisning og andre formål | B97: 21590.069 | D97: 19930.763 | E97: =+B97-D97 -> 1659.3059 | F97: N15II.051F
A98: Sum andre bidrag2) | B98: =SUBTOTAL(9,B92:B97) -> 634765.02 | D98: =SUBTOTAL(9,D92:D97) -> 537165.14 | E98: =SUBTOTAL(9,E92:E97) -> 97599.883 | F98: N15II.051G
A100: Andre tilskudd og overføringer3) | B100: 0 | D100: 0 | E100: =B100-D100 -> 0 | F100: N15II.052
A101: Sum andre bidrag, tilskudd og overføringer | B101: =SUBTOTAL(9,B92:B100) -> 634765.02 | D101: =SUBTOTAL(9,D92:D100) -> 537165.14 | E101: =SUBTOTAL(9,E92:E100) -> 97599.883 | F101: N15II.5
A103: Sum ikke inntektsførte tilskudd og bidrag | B103: =SUBTOTAL(9,B72:B102) -> 558227.85 | D103: =SUBTOTAL(9,D72:D102) -> 456849.98 | E103: =SUBTOTAL(9,E72:E102) -> 101377.87 | F103: N15II.BB
A105: Gaver
A106: Mottatte gaver, ikke inntektsført | B106: 49282.322 | D106: 57059.963 | E106: =+B106-D106 -> -7777.6418 | F106: N15II.071
A107: Tiltak/oppgave/formål/giver | B107: 0 | D107: 0 | E107: =+B107-D107 -> 0 | F107: N15II.071
A108: Tiltak/oppgave/formål/giver1) | B108: 0 | D108: 0 | E108: =B108-D108 -> 0 | F108: N15II.071
A109: Sum gaver | B109: =SUBTOTAL(9,B106:B108) -> 49282.322 | D109: =SUBTOTAL(9,D106:D108) -> 57059.963 | E109: =SUBTOTAL(9,E106:E108) -> -7777.6418 | F109: N15II.7
A111: Sum ikke inntektsførte tilskudd og overføringer | B111: =SUBTOTAL(9,B72:B110) -> 607510.17 | D111: =SUBTOTAL(9,D72:D110) -> 513909.94 | E111: =SUBTOTAL(9,E72:E110) -> 93600.232 | F111: N15II.BBG
A113: Sum fordringer knyttet til tilskudd og overføringer4) | B113: 655542.48 | D113: 679189 | E113: 0 | F113: N15II.8
A115: Del III: Ikke inntektsførte bevilgninger (utsatt inntektsføring)
B117: Forpliktelse pr. 31.12.2024 | D117: Forpliktelse pr. 31.12.2023 | E117: Endring i perioden | F117: Referanse
A121: Kunnskapsdepartementet
A122: Driftsoppgaver - unntatt investeringsformål
A123: Periodisering av ordinær driftsbevilgning - KD (bare i delårsregnskap) | B123: 0 | D123: 0 | E123: =+B123-D123 -> 0 | F123: N15III.01
A124: Driftsoppgaver (spesifiser og legg til linjer) | B124: 0 | D124: 0 | E124: =+B124-D124 -> 0 | F124: N15III.01
A125: Sum tildelinger til driftsoppgaver | B125: =SUBTOTAL(9,B123:B124) -> 0 | D125: =SUBTOTAL(9,D123:D124) -> 0 | E125: =SUBTOTAL(9,E123:E124) -> 0 | F125: N15III.1
A127: Investeringsformål
A128: Vedtatte, ikke igangsatte investeringsprosjekter | B128: 0 | D128: 0 | E128: =+B128-D128 -> 0 | F128: N15III.03
A129: Påbegynte investeringsprosjekter (spesifiser og legg til linjer) | B129: 0 | D129: 0 | E129: =+B129-D129 -> 0 | F129: N15III.03
A130: Sum investeringsformål | B130: =SUBTOTAL(9,B128:B129) -> 0 | D130: =SUBTOTAL(9,D128:D129) -> 0 | E130: =SUBTOTAL(9,E128:E129) -> 0 | F130: N15III.3
A132: Sum Kunnskapsdepartementet | B132: =SUBTOTAL(9,B123:B131) -> 0 | D132: =SUBTOTAL(9,D123:D131) -> 0 | E132: =SUBTOTAL(9,E123:E131) -> 0 | F132: N15III.4
...

Sheet Note 16
A2: =Resultatregnskap!A3 -> Virksomhet: Universitetet i Oslo
A4: Note 16 Opptjente, ikke fakturerte inntekter/Mottatt forskuddsbetaling
A5: Beløp i 1000 kroner
A7: DEL I
A9: Opptjente, ikke fakturerte inntekter | B9: ='Balanse - eiendeler'!C6 -> 45657 | C9: ='Balanse - eiendeler'!D6 -> 45291 | D9: Referanse
A10: Oppdragsfinansiert aktivitet - statlige etater1) | B10: 23771.863 | C10: 20875 | D10: N16.010A
A11: Oppdragsfinansiert aktivitet - kommunale og fylkeskommunale etater1) | B11: 4202.5728 | C11: 3629 | D11: N16.010B
A12: Oppdragsfinansiert aktivitet - organisasjoner og stiftelser1) | B12: 4696.1862 | C12: 3069 | D12: N16.010C
A13: Oppdragsfinansiert aktivitet - næringsliv/private1) | B13: 22325.462 | C13: 22378 | D13: N16.010D
A14: Oppdragsfinansiert aktivitet - andre1) | B14: 44387.352 | C14: 40380 | D14: N16.010E
A15: Andre prosjekter2) | B15: 12814.949 | C15: 7506 | D15: N16.011
A16: Sum opptjente, ikke fakturerte inntekter | B16: =SUM(B10:B15) -> 112198.39 | C16: =SUM(C10:C15) -> 97837 | D16: N16.1
A18: DEL II
A20: Mottatt forskuddsbetaling | B20: =B9 -> 45657 | C20: =C9 -> 45291 | D20: Referanse
A21: Oppdragsfinansiert aktivitet - statlige etater1) | B21: 99828.764 | C21: 82555 | D21: N16.021A
A22: Oppdragsfinansiert aktivitet - kommunale og fylkeskommunale etater1) | B22: 32621.578 | C22: 42473 | D22: N16.021B
A23: Oppdragsfinansiert aktivitet - organisasjoner og stiftelser1) | B23: 10003.214 | C23: 4244 | D23: N16.021C
A24: Oppdragsfinansiert aktivitet - næringsliv/private1) | B24: 116847.58 | C24: 118925 | D24: N16.021D
A25: Oppdragsfinansiert aktivitet - andre1) | B25: 30523.65 | C25: 28457 | D25: N16.021E
A26: Andre prosjekter2) | B26: 25210.947 | C26: 96011 | D26: N16.022
A27: Sum mottatt forskuddsbetaling | B27: =SUM(B21:B26) -> 315035.74 | C27: =SUM(C21:C26) -> 372665 | D27: N16.2
A29: Prosjektene spesifiseres etter sin art.
A31: 1) Gjelder aktivitet som faller inn under bestemmelsene i F-07-13. Vesentlige poster spesifiseres i egne avsnitt under oppstillingen.
A34: 2) Gjelder aktivitet som ikke tilfredsstiller kravene i F-07-13. Vesentlige poster spesifiseres i egne avsnitt under oppstillingen.

Sheet Note 17 og 18
A2: =Resultatregnskap!A3 -> Virksomhet: Universitetet i Oslo
A4: Note 17 Bankinnskudd, kontanter og lignende2)
A5: Beløp i 1000 kroner
B6: ='Balanse - eiendeler'!C6 -> 45657 | C6: ='Balanse - eiendeler'!D6 -> 45291 | D6: Referanse
A7: Innskudd statens konsernkonto (nettobudsjetterte virksomheter) 3) | B7: 3007999.8 | C7: 2986197.8 | D7: N17.1
A8: Bankinnskudd for gaver og gaveforsterkninger3) | B8: 101354.6 | C8: 116333.42 | D8: N17.2A
A9: Øvrige bankkontoer1) | B9: 176446.8 | C9: 153494.59 | D9: N17.2B
A10: Kontantbeholdninger1) | B10: 47.62958 | C10: 119.19465 | D10: N17.3
A11: Sum bankinnskudd og kontanter | B11: =SUM(B7:B10) -> 3285848.9 | C11: =SUM(C7:C10) -> 3256145 | D11: N17.4
A13: 1) Vesentlige beholdninger skal spesifiseres i egne avsnitt under oppstillingen.
A14: 2) Bankinnskudd og andre beholdninger skal oppgis i tusen kroner med tre desimaler.
A15: 3) Skal samsvare med kontoutskrift for oppgjørskontoen fra Norges Bank.
A17: Note 18 Annen kortsiktig gjeld
A18: Beløp i 1000 kroner
B19: =B6 -> 45657 | C19: =C6 -> 45291 | D19: Referanse
A20: Skyldig lønn | B20: 27438 | C20: 18255 | D20: N18.1
A21: Skyldige reiseutgifter | B21: 0 | C21: 0 | D21: N18.2
A22: Annen gjeld til ansatte | B22: 139617 | C22: 137559 | D22: N18.3
A23: Avsetning for lønnsoppgjøret 2024* | B23: 91814 | C23: 0 | D23: N18.3A
A24: Påløpte kostnader | B24: 76790 | C24: 75977 | D24: N18.4
A25: Midler som skal videreformidles til andre1) | B25: 280867 | C25: 163352 | D25: N18.4A
A26: Annen kortsiktig gjeld | B26: 21249 | C26: 12050 | D26: N18.5
A27: Gjeld til datterselskap m.v2) | B27: -0.4 | C27: 0 | D27: N18.6
A28: Sum | B28: =SUM(B20:B27) -> 637774.6 | C28: =SUM(C20:C27) -> 407193 | D28: N18.7
A32: 1)Midler som skal videreformidles til andre | B32: 45657 | C32: 45291
A33: KD- Statsbygg | B33: 50000 | C33: 0
A34: EU | B34: 92247 | C34: 55794
A35: NFR | B35: 9430 | C35: 16175
A36: Andre | B36: 129190 | C36: 91383
A37: Sum | B37: =SUM(B33:B36) -> 280867 | C37: =SUM(C33:C36) -> 163352
A40: 1) Gjelder midler som skal videreformidles til andre samarbeidspartnere i neste termin.
A41: Alle vesentlige poster skal spesifiseres i egne avsnitt under oppstillingen. Se også note 20 om spesifikasjon av midler som er videreformidlet.
A44: 2) Gjelder også tilknyttet selskap (TS) og felleskontrollert virksomhet.
A45: Alle vesentlige poster skal spesifiseresi egne avsnitt under oppstillingen.
A47: *På bakgrunn av at lønnsoppgjøret i staten for 2024 ikke var ferdigstilt før i slutten av november, har ikke UıO utbetalt resultatet av lønnsoppgjøret i 2024.UıO har derfor gjort et estimat for lønnsavsetningen for det sentrale lønnsoppgjøret (lokale og eventuelt sentrale tillegg), jf. note 2.

Sheet Note 19
A2: =Resultatregnskap!A3 -> Virksomhet: Universitetet i Oslo
A4: Note 19 Avsetninger langsiktige forpliktelser
A5: Beløp i 1000 kroner
B6: ='Balanse - Gjeld og kapital'!C5 -> 45657 | C6: ='Balanse - Gjeld og kapital'!D5 -> 45291 | D6: Referanse
A7: Gaver | B7: 129971 | C7: 144252 | D7: N19.01
A8: Gaveforsterkninger | B8: -4 | C8: -352 | D8: N19.02
A9: Andre avsetninger langsiktige forpliktelser 1) | B9: 0 | C9: 0 | D9: N19.03
A10: Sum avsetninger langsiktige forpliktelser | B10: =SUM(B7:B9) -> 129967 | C10: =SUM(C7:C9) -> 143900 | D10: N19.1
A12: 1) spesiferes i egen opstilling

Sheet Note 20
A2: =Resultatregnskap!A3 -> Virksomhet: Universitetet i Oslo
A3: Opplysningsnote - ikke en del av årsregnskapet som skal presenteres i del VI i årsrapporten
A4: Note 20 Videreformidling av midler til andre
A5: Beløp i 1000 kroner
B6: ='Balanse - Gjeld og kapital'!C5 -> 45657 | C6: ='Balanse - Gjeld og kapital'!D5 -> 45291 | D6: Referanse
A7: Videreformidling av tilskudd og overføringer fra statlige etater
A8: University Of Malawi | B8: 1927 | C8: 2972 | D8: N20.011
A9: Universitetet I Bergen | B9: 1826 | C9: 1675 | D9: N20.011
A10: Fundacao Merdional Imed | B10: 1374 | C10: 0 | D10: N20.011
A11: The University Of Dodoma - Udom Consultancy And Special Program | B11: 1368 | C11: 0 | D11: N20.011
A12: China University Of Political Science And Law | B12: 1318 | C12: 0 | D12: N20.011
A13: Andre videreformidlinger | B13: 27425 | C13: 36271 | D13: N20.011A
A14: Sum videreformidling av tilskudd og overføringer fra statlige etater | B14: =SUBTOTAL(9,B8:B13) -> 35238 | C14: =SUBTOTAL(9,C8:C13) -> 40918 | D14: N20.11
A16: Videreformidling av tilskudd/overføringer fra NFR
A17: Universitetet I Bergen | B17: 39382 | C17: 12073.82 | D17: N20.021
A18: Oslo Universitetssykehus Hf | B18: 31384 | C18: 26363.45 | D18: N20.021
A19: Universitetet I Tromsø - Norges Arktiske Universitet | B19: 18589 | C19: 13548.48 | D19: N20.021
A20: Sintef As | B20: 11400 | C20: 5262.11 | D20: N20.021
A21: Norges Teknisk-Naturvitenskapelige Universitet Ntnu | B21: 10033 | C21: 9306.41 | D21: N20.021
A22: Andre videreformidlinger | B22: 107485 | C22: 116595.48 | D22: N20.021A
A23: Sum videreformidling av tilskudd/overføringer fra NFR | B23: =SUBTOTAL(9,B17:B22) -> 218273 | C23: =SUBTOTAL(9,C17:C22) -> 183149.75 | D23: N20.21
A25: Videreformidling av tilskudd/overføring fra RFF
A26: Uppsala Universitet / Uppsala University | B26: 889 | C26: 0 | D26: N20.031
A27: Videreformidlet til virksomhet B | B27: 0 | C27: 0 | D27: N20.031
A28: Videreformidlet til virksomhet C | B28: 0 | C28: 0 | D28: N20.031
A29: Andre videreformidlinger | B29: 0 | C29: 0 | D29: N20.031A
A30: Sum Videreformidling av tilskudd/overføring fra RFF | B30: =SUBTOTAL(9,B26:B29) -> 889 | C30: =SUBTOTAL(9,C26:C29) -> 0 | D30: N20.31
A32: Videreformidling av tilskudd/overføringer fra diverse bidragsytere1)
A33: University Of Cambridge | B33: 8175 | C33: 0 | D33: N20.041
A34: Oslo Universitetssykehus Hf | B34: 1962 | C34: 6781 | D34: N20.041
A35: Health Information System Program Uganda | B35: 1864 | C35: 0 | D35: N20.041
A36: Hisp West And Central Africa Sarl | B36: 1552 | C36: 0 | D36: N20.041
A37: Ecole Polytechnique Federale De Lausanne | B37: 1514 | C37: 0 | D37: N20.041
A38: Andre videreformidlinger | B38: 12716 | C38: 18425 | D38: N20.041A
A39: Sum videreformidling av tilskudd/overføringer fra diverse bidragsytere | B39: =SUBTOTAL(9,B33:B38) -> 27783 | C39: =SUBTOTAL(9,C33:C38) -> 25206 | D39: N20.41
A41: Videreformidling av tilskudd/overføringer fra EUs rammeprogram for forskning
A42: Oslo Universitetssykehus Hf | B42: 12355 | C42: 20730 | D42: N20.051
A43: Inserm Nord Pas De Calais | B43: 10978 | C43: 0 | D43: N20.051
A44: Københavns Universitet / University Of Copenhagen | B44: 9692 | C44: 0 | D44: N20.051
A45: University Of Cambridge | B45: 7106 | C45: 0 | D45: N20.051
A46: Univerzita Karlova | B46: 5706 | C46: 0 | D46: N20.051
A47: Andre videreformidlinger | B47: 123294 | C47: 132168 | D47: N20.051A
A48: Sum videreformidling av tilskudd/overføringer fra EUs rammeprogram for forskning | B48: =SUBTOTAL(9,B42:B47) -> 169131 | C48: =SUBTOTAL(9,C42:C47) -> 152898 | D48: N20.51
A50: Videreformidling av tilskudd/overføringer fra EU til undervisning og annet
A51: Direktoratet For Høyere Utdanning Og Kompetanse | B51: 13075 | C51: 0 | D51: N20.061
A52: University Of Belgrade (Eur) | B52: 6940 | C52: 0 | D52: N20.061
A53: Universite Catholoique De Louvain (Eur Lev.Gr. 3) | B53: 1949 | C53: 0 | D53: N20.061
A54: Kings College London (Eur Lev.Gr. 3) | B54: 1755 | C54: 0 | D54: N20.061
A55: Aarhus University (Eur Lev.Gr. 3) | B55: 1711 | C55: 8644 | D55: N20.061
A56: Andre videreformidlinger | B56: 5833 | C56: 39543 | D56: N20.061A
A57: Sum videreformidling av tilskudd/overføringer fra EU til undervisning og annet | B57: =SUBTOTAL(9,B51:B56) -> 31263 | C57: =SUBTOTAL(9,C51:C56) -> 48187 | D57: N20.61
A59: Sum videreformidlinger av midler til andre samarbeidsparnere | B59: =SUBTOTAL(9,B8:B58) -> 482577 | C59: =SUBTOTAL(9,C8:C58) -> 450358.75 | D59: N20.1
A61: Merknad: Noten skal tas i bruk av de institusjoner som foretar videreformidlinger
A63: 1) Gjelder tilskudd/overføringer fra kommunale og fylkeskommunale etater, organisasjoner og stiftelser, næringsliv og private og andre bidragsytere

Sheet Note 30
A2: =Resultatregnskap!A3 -> Virksomhet: Universitetet i Oslo
A3: Opplysningsnote - ikke en del av årsregnskapet som skal presenteres i del VI i årsrapporten
A4: Note 30 EU-finansierte prosjekter
A5: Beløp i 1000 kroner
A7: Prosjektets kortnavn (hos EU) | B7: Prosjektnavn (tittel) | C7: Tilskudd fra Horisont Europa | D7: Tilskudd fra Horisont 2020 | E7: Tilskudd fra EUs rammeprogram for forskning (FP7) | F7: Tilskudd fra EUs randsoneprogram til FP7 | G7: Tilskudd fra andre tiltak/programmer finansiert av EU | H7: SUM | I7: Koordinator-rolle (ja/nei) | J7: Referanse
A8: DIGIFOLK | B8: Digital Folklore as Critical Heritage Production and Participation in Contemporary Norway | D8: 492.9967 | H8: =SUBTOTAL(9,C8:G8) -> 492.9967 | I8: ja/nei | J8: EU.011
A9: NAZM | B9: Nezam and Nazm: Iran's Concept of International Order | D9: 834.8499 | H9: =SUBTOTAL(9,C9:G9) -> 834.8499 | I9: ja/nei | J9: EU.011
A10: neoMONSTERS | B10: The neoMONSTERS Within: The Others in India’s Science Fiction | D10: 855.56418 | H10: =SUBTOTAL(9,C10:G10) -> 855.56418 | I10: ja/nei | J10: EU.011
A11: ACCEPT | B11: Artificial Intelligence in Colonoscopy for Cancer Prevention | D11: 869.67617 | H11: =SUBTOTAL(9,C11:G11) -> 869.67617 | I11: ja/nei | J11: EU.011
A12: BSW | B12: Becoming Indigenous language speakers and writers in higher education | D12: 830.97553 | H12: =SUBTOTAL(9,C12:G12) -> 830.97553 | I12: ja/nei | J12: EU.011
A13: COROBOREES | B13: COllective ROBOtics through Real-time Entrainment of Evolved dynamical Systems | D13: 805.11034 | H13: =SUBTOTAL(9,C13:G13) -> 805.11034 | I13: ja/nei | J13: EU.011
A14: ISC-Oslo | B14: Incremental Sound Change in Oslo (ISC-Oslo) | D14: 831.00586 | H14: =SUBTOTAL(9,C14:G14) -> 831.00586 | I14: ja/nei | J14: EU.011
A15: CORVOS | B15: COmplement Regulation and Variation in Opportunistic infectionS | D15: 1025.1329 | H15: =SUBTOTAL(9,C15:G15) -> 1025.1329 | I15: ja/nei | J15: EU.011
A16: FORCE | B16: Imaging the Force of Cancer | D16: 280.06344 | H16: =SUBTOTAL(9,C16:G16) -> 280.06344 | I16: ja/nei | J16: EU.011
A17: Nunataryuk | B17: Permafrost thaw and the changing arctic coast: science for socio-economic adaptation | D17: 354.8995 | H17: =SUBTOTAL(9,C17:G17) -> 354.8995 | I17: ja/nei | J17: EU.011
A18: macroevolution.abc | B18: Abiota, Biota, Constraints in Macroevolutionary Processes | D18: 3479.9372 | H18: =SUBTOTAL(9,C18:G18) -> 3479.9372 | I18: ja/nei | J18: EU.011
A19: CO-CREATE | B19: Confronting Obesity: Co-creating policy with youth | D19: 1153.4426 | H19: =SUBTOTAL(9,C19:G19) -> 1153.4426 | I19: ja/nei | J19: EU.011
... A62: BEAMER | B62: BEhavioral and Adherence Model for improving quality, health outcomes and cost-Effectiveness of healthcaRe | D62: 270.79559 | H62: =SUBTOTAL(9,C62:G62) -> 270.79559 | I62: ja/nei | J62: EU.011
A63: VERDI | B63: SARS-coV2 variants Evaluation in pRegnancy and paeDIatrics cohorts | C63: 698.98656 | H63: =SUBTOTAL(9,C63:G63) -> 698.98656 | I63: ja/nei | J63: EU.011
A64: VenomEvolvability | B64: Lacewing venom: Linking the molecular and phenotypic evolution of adaptive traits | C64: 4354.5283 | H64: =SUBTOTAL(9,C64:G64) -> 4354.5283 | I64: ja/nei | J64: EU.011
A65: 4-OCEANS | B65: Human History of Marine Life: Extraction, Knowledge, Drivers & Consumption of Marine Resources, c.100 BCE to c.1860 CE | D65: 1178.6903 | H65: =SUBTOTAL(9,C65:G65) -> 1178.6903 | I65: ja/nei | J65: EU.011
A66: PHOENI2X | B66: European Cyber Resilience Framework With Artificial Intelligence -Assisted Orchestration & Automation For Business Continuity, Incident Response & Information Exchange | C66: 408.9894 | H66: =SUBTOTAL(9,C66:G66) -> 408.9894 | I66: ja/nei | J66: EU.011
A67: SUITCASES | B67: SUITCASES – Adaptive photobiont community assemblage as a process of lichen response to changing environments | D67: 885.13415 | H67: =SUBTOTAL(9,C67:G67) -> 885.13415 | I67: ja/nei | J67: EU.011
A68: Fungateria | B68: Enlisting synthetic fungal-bacterial consortia to produce multi-cellular mycelium-based ELMs with computational capability | C68: 948.04513 | H68: =SUBTOTAL(9,C68:G68) -> 948.04513 | I68: ja/nei | J68: EU.011
A69: EuroScienceGateway | B69: Development of Institutional Partnership across Europe in the Field of Translational Neuroscience | C69: 607.18058 | H69: =SUBTOTAL(9,C69:G69) -> 607.18058 | I69: ja/nei | J69: EU.011
A70: EOSC4CANCER | B70: A European-wide foundation to accelerate Data-driven Cancer Research | C70: 342.36097 | H70: =SUBTOTAL(9,C70:G70) -> 342.36097 | I70: ja/nei | J70: EU.011
A71: HRPOE | B71: Histories of Reception of Photography in the Ottoman Empire | C71: 856.49387 | H71: =SUBTOTAL(9,C71:G71) -> 856.49387 | I71: ja/nei | J71: EU.011
A72: MICROPOLPAX | B72: Micro-level Politics of Peace | D72: 872.2268 | H72: =SUBTOTAL(9,C72:G72) -> 872.2268 | I72: ja/nei | J72: EU.011
A73: BioDT | B73: Biodiversity Digital Twin for Advanced Modelling, Simulation and Prediction Capabilities | C73: 2821.9145 | H73: =SUBTOTAL(9,C73:G73) -> 2821.9145 | I73: ja/nei | J73: EU.011
A74: VIBES | B74: The Virtual Innovative Biomedical Education in Science | G74: 397 | H74: =SUBTOTAL(9,C74:G74) -> 397 | I74: ja/nei | J74: EU.011
A75: BGE | B75: Biodiversity Genomics Europe | C75: 1702.3348 | H75: =SUBTOTAL(9,C75:G75) -> 1702.3348 | I75: ja/nei | J75: EU.011
A76: HySTrAm | B76: Hydrogen Storage and TRansport using Ammonia | C76: 353.06919 | H76: =SUBTOTAL(9,C76:G76) -> 353.06919 | I76: ja/nei | J76: EU.011
A77: CPFC | B77: Cloud-Phase Feedback and Climate: bridging the gap between observation and simulation | D77: 869.78432 | H77: =SUBTOTAL(9,C77:G77) -> 869.78432 | I77: ja/nei | J77: EU.011
A78: BIOMATDB | B78: Advanced Database for Biomaterials with Data Analysis and Visualisation Tools extended by a Marketplace with Digital Advisors | C78: 335.9117 | H78: =SUBTOTAL(9,C78:G78) -> 335.9117 | I78: ja/nei | J78: EU.011
A79: XR4human | B79: The Equitable, Inclusive, and Human-Centered XR Project | C79: 338.58566 | H79: =SUBTOTAL(9,C79:G79) -> 338.58566 | I79: ja/nei | J79: EU.011
A80: ToNoWaste | B80: TOWARDS A NEW ZERO FOOD WASTE MINDSET BASED ON HOLISTIC ASSESSMENT | C80: 813.35683 | H80: =SUBTOTAL(9,C80:G80) -> 813.35683 | I80: ja/nei | J80: EU.011
A81: REDIRECT | B81: The REpresentative DIsconnect: diagnosis and strategies for RECTification | C81: 2926.8869 | H81: =SUBTOTAL(9,C81:G81) -> 2926.8869 | I81: ja/nei | J81: EU.011
A82: REGROUP | B82: Rebuilding governance and resilience out of the pandemic | C82: 253.7366 | H82: =SUBTOTAL(9,C82:G82) -> 253.7366 | I82: ja/nei | J82: EU.011
A83: HPLT | B83: High Performance Language Technologies | C83: 845.24577 | H83: =SUBTOTAL(9,C83:G83) -> 845.24577 | I83: ja/nei | J83: EU.011
A84: XpanDH | B84: Expanding Digital Health through a pan-European EHRxF-based Ecosystem | C84: 73.88371 | H84: =SUBTOTAL(9,C84:G84) -> 73.88371 | I84: ja/nei | J84: EU.011
A85: EBRAINS PREP | B85: EBRAINS Preparatory Phase | C85: 289.94314 | H85: =SUBTOTAL(9,C85:G85) -> 289.94314 | I85: ja/nei | J85: EU.011
A86: RETHINK-GSC | B86: Rethinking Global Supply Chains: measurement, impact and policy | C86: 58.41071 | H86: =SUBTOTAL(9,C86:G86) -> 58.41071 | I86: ja/nei | J86: EU.011
A87: NebulOus | B87: A Meta Operating System For Brokering Hyper-Distributed Applications On Cloud Computing Continuums | C87: 2281.558 | H87: =SUBTOTAL(9,C87:G87) -> 2281.558 | I87: ja/nei | J87: EU.011
A88: CE-RISE | B88: Circular Economy Resource Information System | C88: 1011.3818 | H88: =SUBTOTAL(9,C88:G88) -> 1011.3818 | I88: ja/nei | J88: EU.011
A89: SUMO | B89: Supervised morphogenesis in gastruloids | C89: 235.45697 | H89: =SUBTOTAL(9,C89:G89) -> 235.45697 | I89: ja/nei | J89: EU.011
... A92: PRUDENT | B92: Prioritization, incentives and Resource use for sUstainable DENTistry | C92: 331.09607 | H92: =SUBTOTAL(9,C92:G92) -> 331.09607 | I92: ja/nei | J92: EU.011
A93: GreenDeal-NET | B93: The European Green Deal: Governing the EU’s Transition towards Climate Neutrality and Sustainability | G93: 113 | H93: =SUBTOTAL(9,C93:G93) -> 113 | I93: ja/nei | J93: EU.011
A94: MUSHEUM | B94: Using museum specimens to understand mushroom population genomics | C94: 1676.7027 | H94: =SUBTOTAL(9,C94:G94) -> 1676.7027 | I94: ja/nei | J94: EU.011
A95: Hindi-BabyNet | B95: Linguistic and acoustic properties of infant-directed speech in Hindi-learning infant’s (Hindi-BabyNet) | C95: 1681.6402 | H95: =SUBTOTAL(9,C95:G95) -> 1681.6402 | I95: ja/nei | J95: EU.011
A96: Nemonoor | B96: A Norwegian EDIH on Artificial Intelligence | C96: 630.88037 | H96: =SUBTOTAL(9,C96:G96) -> 630.88037 | I96: ja/nei | J96: EU.011
A97: Plooto | B97: Product Passport through Twinning of Circular Value Chains | C97: 1851.4253 | H97: =SUBTOTAL(9,C97:G97) -> 1851.4253 | I97: ja/nei | J97: EU.011
A98: RE4DY | B98: European Data as a PRoduct Value Ecosystems for Resilient Factory 4.0 Product and ProDuction ContinuitY and Sustainability | C98: 2729.8438 | H98: =SUBTOTAL(9,C98:G98) -> 2729.8438 | I98: ja/nei | J98: EU.011
A99: UAGREEKS | B99: Becoming Greek South of Ukraine, 1774-2021: The History of Ukraine through its Greek Minority Between Local and Transnational Contexts | C99: 1439.3079 | H99: =SUBTOTAL(9,C99:G99) -> 1439.3079 | I99: ja/nei | J99: EU.011
A100: MSCA 4UKRAINE | B100: Robustness, Asymptotic Behavior and Stability of Models Based on Stochastic Differential Equations | C100: 753.06349 | H100: =SUBTOTAL(9,C100:G100) -> 753.06349 | I100: ja/nei | J100: EU.011
A101: EXPLOAD | B101: Expload | C101: 4054.3128 | H101: =SUBTOTAL(9,C101:G101) -> 4054.3128 | I101: ja/nei | J101: EU.011
A102: ESSGN | B102: European Social Science Genetics Network | C102: 4588.0638 | H102: =SUBTOTAL(9,C102:G102) -> 4588.0638 | I102: ja/nei | J102: EU.011
A103: PROTRUST | B103: Public Trust in Contemporary Europe: Trusting the Antitrust (PROTRUST) | C103: 1748.6429 | H103: =SUBTOTAL(9,C103:G103) -> 1748.6429 | I103: ja/nei | J103: EU.011
A104: OBCT | B104: Obesity: Biological, socioCultural, and environmental risk Trajectories | C104: 3256.6354 | H104: =SUBTOTAL(9,C104:G104) -> 3256.6354 | I104: ja/nei | J104: EU.011
A105: Monkey Troubles | B105: Monkey Troubles: Confronting Control in Contemporary Singapore | C105: 1677.0122 | H105: =SUBTOTAL(9,C105:G105) -> 1677.0122 | I105: ja/nei | J105: EU.011
... A119: BIONT | B119: BIO Network for Training | C119: 1287.4746 | H119: =SUBTOTAL(9,C119:G119) -> 1287.4746 | I119: ja/nei | J119: EU.011
A120: AI-Mind | B120: Artificial Intelligence for Dementia Prevention | D120: 3772.0699 | H120: =SUBTOTAL(9,C120:G120) -> 3772.0699 | I120: ja/nei | J120: EU.011
A121: SM4RTENANCE | B121: European Deployment of Smart Manufacturing Asset 4.0 MultilateRal DaTa Sharing SpacEs for an AutoNomous Operation of CollAborative MainteNance and Circular Services | C121: 609.31889 | H121: =SUBTOTAL(9,C121:G121) -> 609.31889 | I121: ja/nei | J121: EU.011
A122: Tec4MaaSEs | B122: Technologies for Manufacturing as a Service Ecosystems | C122: 2424.6285 | H122: =SUBTOTAL(9,C122:G122) -> 2424.6285 | I122: ja/nei | J122: EU.011
A123: AEROSOLS | B123: Air Quality And Health Impact Of Primary Semi-Volatile And Secondary Particles And Their Abatement | C123: 775.24379 | H123: =SUBTOTAL(9,C123:G123) -> 775.24379 | I123: ja/nei | J123: EU.011
A124: DEMO | B124: Discovery of efficient Enzyme-like Metal Organic frameworks to activate biomethane at low temperature | C124: 7534.9739 | H124: =SUBTOTAL(9,C124:G124) -> 7534.9739 | I124: ja/nei | J124: EU.011
A125: SEGOP EKSTERN | B125: Segregation of Opportunities: Pathways to Marginalization through Neighborhoods and Peers | C125: 10494.033 | H125: =SUBTOTAL(9,C125:G125) -> 10494.033 | I125: ja/nei | J125: EU.011
A126: ECOART | B126: Research Research projects An Ecological History of Eurasian Art Research Research projects An Ecological History of Eurasian Art | C126: 14209.641 | H126: =SUBTOTAL(9,C126:G126) -> 14209.641 | I126: ja/nei | J126: EU.011
A127: ImAgE-D | B127: Imaging Ageing Endothelium at the nanoscale | C127: 2374.4309 | H127: =SUBTOTAL(9,C127:G127) -> 2374.4309 | I127: ja/nei | J127: EU.011
A128: SWON | B128: From Villain to Antihero: She-Wolf in Old Norse Literature | C128: 1729.3645 | H128: =SUBTOTAL(9,C128:G128) -> 1729.3645 | I128: ja/nei | J128: EU.011
A129: PolyGene | B129: Genomic insights into the heteroplasmy in the invasive species, Hydroides elegans | C129: 1595.5336 | H129: =SUBTOTAL(9,C129:G129) -> 1595.5336 | I129: ja/nei | J129: EU.011
A130: DSTrain | B130: DSTrain - Data Science Postdoctoral Training Programme | C130: 28995.889 | H130: =SUBTOTAL(9,C130:G130) -> 28995.889 | I130: ja/nei | J130: EU.011
A131: SleepCog | B131: Map and manipulate sleep oscillations to reveal their role in healthy cognitive development | C131: 10498.05 | H131: =SUBTOTAL(9,C131:G131) -> 10498.05 | I131: ja/nei | J131: EU.011
A132: EXCITE2 | B132: Enhanced X(cross)-disciplinary Community-driven Imaging Technologies for Earth and Environmental material research | C132: 4540.6548 | H132: =SUBTOTAL(9,C132:G132) -> 4540.6548 | I132: ja/nei | J132: EU.011
... A138: MagNEO | B138: MagNEO: Advanced additively manufactured permanent Magnets for New Energy and MObility Applications | C138: 2768.0357 | H138: =SUBTOTAL(9,C138:G138) -> 2768.0357 | I138: ja/nei | J138: EU.011
A139: Virtual Worlds | B139: Virtual Worlds in Teaching Archaeology | G139: 322 | H139: =SUBTOTAL(9,C139:G139) -> 322 | I139: ja/nei | J139: EU.011
A140: EATRIS-CONNECT | B140: EATRIS-CONNECT | C140: 1765.2723 | H140: =SUBTOTAL(9,C140:G140) -> 1765.2723 | I140: ja/nei | J140: EU.011
A141: COMMANDER | B141: Massively parallel joint end-to-end Bayesian analysis of past, present, and future CMB experiments | C141: 17891.393 | H141: =SUBTOTAL(9,C141:G141) -> 17891.393 | I141: ja/nei | J141: EU.011
A142: GenLife | B142: Genetics across the lifespan: Unraveling age-specific determinants of severe mental illness | C142: 1740.7871 | H142: =SUBTOTAL(9,C142:G142) -> 1740.7871 | I142: ja/nei | J142: EU.011
A143: NIEB-PHAB | B143: Nonlocal integrable equations: blow-up phenomena and beyond | C143: 1729.3645 | H143: =SUBTOTAL(9,C143:G143) -> 1729.3645 | I143: ja/nei | J143: EU.011
A144: ORIGINS | B144: Cosmic Inflation and Structure Formation Through Global Analysis | C144: 10675.686 | H144: =SUBTOTAL(9,C144:G144) -> 10675.686 | I144: ja/nei | J144: EU.011
A145: WAGE | B145: Egalitarian but not Equal: Sectoral Wage Formation and Gendered Wage Differentials | C145: 10675.693 | H145: =SUBTOTAL(9,C145:G145) -> 10675.693 | I145: ja/nei | J145: EU.011
A146: BOLD MINDS | B146: Borderline Personality Disorder: Memory and Identity in Adolescence | C146: 1606.597 | H146: =SUBTOTAL(9,C146:G146) -> 1606.597 | I146: ja/nei | J146: EU.011
A147: PROBONO | B147: Private Law Firms as Transnational Advocates | C147: 10243.537 | H147: =SUBTOTAL(9,C147:G147) -> 10243.537 | I147: ja/nei | J147: EU.011
A148: FSD OSCARS | B148: Fostering the uptake | C148: 288.92609 | H148: =SUBTOTAL(9,C148:G148) -> 288.92609 | I148: ja/nei | J148: EU.011
A149: BETTEReHEALTH | B149: Human, technical and political factors for better coordination and support of e-health in Africa | D149: 212.46902 | H149: =SUBTOTAL(9,C149:G149) -> 212.46902 | I149: ja/nei | J149: EU.011
A150: Sleep Revolution | B150: Revolution of sleep diagnostics and personalized health care based on digital diagnostics and therapeutics with health data integration | D150: 695.0271 | H150: =SUBTOTAL(9,C150:G150) -> 695.0271 | I150: ja/nei | J150: EU.011
A151: Eur3ka! | B151: EUropean Vital Medical Supplies and Equipment Resilient and Reliable Repurposing Manufacturing as a Service | D151: 382.3819 | H151: =SUBTOTAL(9,C151:G151) -> 382.3819 | I151: ja/nei | J151: EU.011
A152: OntoCommons | B152: Ontology-driven data documentation for Industry Commons | D152: 1321.4409 | H152: =SUBTOTAL(9,C152:G152) -> 1321.4409 | I152: ja/nei | J152: EU.011
A153: Sum | B153: Sum | C153: =SUM(C8:C152) -> 280594.27 | D153: =SUM(D8:D152) -> 85670.378 | E153: =SUM(E8:E152) -> 0 | F153: =SUM(F8:F152) -> 0 | G153: =SUM(G8:G152) -> 832 | H153: =SUM(H8:H152) -> 367096.65 | J153: EU.1
A155: Forklaring
A156: Tabellen skal omfatte de tiltak/prosjekter ved institusjonen som finansieres av EU og som er utbetalt i regnskapsperioden. Prosjekter som er EU-finansiert, størrelsen på finansieringen (utbetalingen) og navnet og kortnavnet på prosjektene skal rapporteres. Det skal skilles mellom prosjekter som finansieres via Horisont Europa, Horisont 2020, EUs rammeprogram for forskning (FP7 ) og andre EU-finansierte prosjekter. Tilskudd fra EUs randsoneprogram til FP7 skal oppgis særskilt. Institusjoner som har koordinatorrolle i EU-finansierte prosjekter, skal opplyse om dette.

Sheet Note 31
A2: =Resultatregnskap!A3 -> Virksomhet: Universitetet i Oslo
A3: Opplysningsnote - ikke en del av årsregnskapet som skal presenteres i del VI i årsrapporten
A4: Note 31 Resultat - Budsjettoppfølgingsrapport
A6: Beløp i 1000 kroner
B7: Budsjett for 31.12.2024 | C7: Regnskap pr 31.12.2024 | D7: Avvik budsjett/ regnskap pr 31.12.2024 | E7: Regnskap pr 31.12.2023 | F7: Referanse
A8: Driftsinntekter
A9: Inntekt fra bevilgninger | B9: 6570000 | C9: =Resultatregnskap!C8 -> 6461900 | D9: =B9-C9 -> 108100 | E9: =Resultatregnskap!D8 -> 6429044.1 | F9: N31.1
A10: Inntekt fra gebyrer | B10: 0 | C10: =Resultatregnskap!C10 -> 0 | D10: =B10-C10 -> 0 | E10: =Resultatregnskap!D10 -> 0 | F10: N31.2
A11: Inntekt fra tilskudd og overføringer | B11: 2295000 | C11: =Resultatregnskap!C9 -> 2170712 | D11: =B11-C11 -> 124288 | E11: =Resultatregnskap!D9 -> 2256088.2 | F11: N31.3
A12: Salgs- og leieinntekter | B12: 805000 | C12: =Resultatregnskap!C11 -> 765600 | D12: =B12-C12 -> 39400 | E12: =Resultatregnskap!D11 -> 784770.15 | F12: N31.4
A13: Andre driftsinntekter | B13: 60000 | C13: =Resultatregnskap!C12 -> 76614 | D13: =B13-C13 -> -16614 | E13: =Resultatregnskap!D12 -> 59786.46 | F13: N31.5
A14: Sum driftsinntekter | B14: =SUBTOTAL(9,B9:B13) -> 9730000 | C14: =SUBTOTAL(9,C9:C13) -> 9474826 | D14: =SUBTOTAL(9,D9:D13) -> 255174 | E14: =SUBTOTAL(9,E9:E13) -> 9529688.9 | F14: N31.6
A16: Driftskostnader
A17: Varekostnader | B17: 12000 | C17: =Resultatregnskap!C16 -> 12939 | D17: =B17-C17 -> -939 | E17: =Resultatregnskap!D16 -> 9729.9759 | F17: N31.7
A18: Lønnskostnader | B18: 6573000 | C18: =Resultatregnskap!C17 -> 6693667 | D18: =B18-C18 -> -120667 | E18: =Resultatregnskap!D17 -> 6364984.2 | F18: N31.8
A19: Avskrivninger på varige driftsmidler og immaterielle eiendeler | B19: 670000 | C19: =Resultatregnskap!C18 -> 658331 | D19: =B19-C19 -> 11669 | E19: =Resultatregnskap!D18 -> 661776.67 | F19: N31.9
A20: Nedskrivninger av varige driftsmidler og immaterielle eiendeler | B20: 0 | C20: =Resultatregnskap!C19 -> 0 | D20: =B20-C20 -> 0 | E20: =Resultatregnskap!D19 -> 16 | F20: N31.10
A21: Andre driftskostnader | B21: 2555000 | C21: =Resultatregnskap!C20 -> 2384682 | D21: =B21-C21 -> 170318 | E21: =Resultatregnskap!D20 -> 2447626 | F21: N31.11
A22: Sum driftskostnader | B22: =SUBTOTAL(9,B17:B21) -> 9810000 | C22: =SUBTOTAL(9,C17:C21) -> 9749619 | D22: =SUBTOTAL(9,D17:D21) -> 60381 | E22: =SUBTOTAL(9,E17:E21) -> 9484132.9 | F22: N31.12
A24: Driftsresultat | B24: =B14-B22 -> -80000 | C24: =C14-C22 -> -274793 | D24: =D14-D22 -> 194793 | E24: =E14-E22 -> 45556.04 | F24: N31.13
A26: Finansinntekter og finanskostnader
A27: Finansinntekter | B27: 0 | C27: =Resultatregnskap!C26 -> 12984 | D27: =B27-C27 -> -12984 | E27: =Resultatregnskap!D26 -> 12748.671 | F27: N31.14
A28: Finanskostnader | B28: 0 | C28: =Resultatregnskap!C27 -> 6769 | D28: =B28-C28 -> -6769 | E28: =Resultatregnskap!D27 -> 11945.106 | F28: N31.15
A29: Sum finansinntekter og finanskostnader | B29: =B27-B28 -> 0 | C29: =C27-C28 -> 6215 | D29: =D27-D28 -> -6215 | E29: =E27-E28 -> 803.56483 | F29: N31.16
A32: Resultat av periodens aktiviteter | B32: =B24+B29 -> -80000 | C32: =C24+C29 -> -268578 | D32: =D24+D29 -> 188578 | E32: =E24+E29 -> 46359.605 | F32: N31.17
A34: Avregninger
A35: Avregning bevilgningsfinansiert aktivitet (nettobudsjetterte) | B35: 105000 | C35: =Resultatregnskap!C33 -> 282394 | D35: =B35-C35 -> -177394 | E35: =Resultatregnskap!D33 -> -21092 | F35: N31.19
A36: Disponering av periodens resultat (til virksomhetskapital) | B36: -25000 | C36: =Resultatregnskap!C34 -> -13815.964 | D36: =B36-C36 -> -11184.036 | E36: =Resultatregnskap!D34 -> -25266.927 | F36: N31.20
A37: Sum avregninger | B37: =SUM(B35:B36) -> 80000 | C37: =SUM(C35:C36) -> 268578.04 | D37: =SUM(D35:D36) -> -188578.04 | E37: =SUBTOTAL(9,E35:E36) -> -46358.927 | F37: N31.21
A39: Innkrevingsvirksomhet og andre overføringer til staten
A40: Inntekter av avgifter og gebyrer direkte til statskassen | B40: 0 | C40: =Resultatregnskap!C38 -> 0 | D40: =B40-C40 -> 0 | E40: =Resultatregnskap!D38 -> 0 | F40: N31.22
A41: Avregning med statskassen innkrevingsvirksomhet | B41: 0 | C41: =Resultatregnskap!C39 -> 0 | D41: =B41-C41 -> 0 | E41: =Resultatregnskap!D39 -> 0 | F41: N31.23
A42: Sum innkrevingsvirksomhet og andre overføringer til staten | B42: =SUBTOTAL(9,B40:B41) -> 0 | C42: =SUBTOTAL(9,C40:C41) -> 0 | D42: =SUBTOTAL(9,D40:D41) -> 0 | E42: =SUBTOTAL(9,E40:E41) -> 0 | F42: N31.24
A44: Tilskuddsforvaltning og andre overføringer fra staten
A45: Tilskudd til andre | B45: 0 | C45: =Resultatregnskap!C43 -> 0 | D45: =B45-C45 -> 0 | E45: =Resultatregnskap!D43 -> 0 | F45: N31.26
A46: Avregning med statskassen tilskuddsforvaltning | B46: 0 | C46: =Resultatregnskap!C44 -> 0 | D46: =B46-C46 -> 0 | E46: =Resultatregnskap!D44 -> 0 | F46: N31.25
A47: Sum tilskuddsforvaltning og andre overføringer fra staten | B47: =B46-B45 -> 0 | C47: =C46-C45 -> 0 | D47: =D46-D45 -> 0 | E47: =E46-E45 -> 0 | F47: N31.27

Sheet Note 32
A2: =Resultatregnskap!A3 -> Virksomhet: Universitetet i Oslo
A3: Opplysningsnote - ikke en del av årsregnskapet som skal presenteres i del VI i årsrapporten
A4: Note 32 Datagrunnlaget for indikatorer i finansieringssystemet
A5: Beløp i 1000 kroner
A7: Indikator | B7: =Resultatregnskap!C6 -> 45657 | C7: =Note1!C6 -> 45291 | D7: Referanse
A8: Tilskudd fra EU | B8: =Note1!B64+Note1!B67 -> 423785.56 | C8: =Note1!C64+Note1!C67 -> 356055.15 | D8: N32.3
A10: Tilskudd fra Norges forskningsråd - NFR | B10: =Note1!B47 -> 1124288.9 | C10: =Note1!C47 -> 1235178.4 | D10: N32.20
A11: Tilskudd fra regionale forskningsfond - RFF | B11: =Note1!B56 -> 690.11863 | C11: =Note1!C56 -> 354.25268 | D11: N32.21
A12: Sum tilskudd fra NFR og RFF | B12: =SUBTOTAL(9,B10:B11) -> 1124979 | C12: =SUBTOTAL(9,C10:C11) -> 1235532.7 | D12: N32.2
A14: Tilskudd fra bidrags- og oppdragsfinansiert aktivitet (BOA)
A15: - diverse bidragsinntekter | B15: =Note1!B61 -> 250714.73 | C15: =Note1!C61 -> 289270.57 | D15: N32.10
A16: - tilskudd fra statlige etater | B16: =Note1!B44 -> 326066.54 | C16: =Note1!C44 -> 305360.25 | D16: N32.12
A17: - oppdragsinntekter | B17: =Note1!B90 -> 406414.51 | C17: =Note1!C90 -> 466087.01 | D17: N32.13
A18: Sum tilskudd fra bidrags- og oppdragsfinansiert aktivitet | B18: =SUBTOTAL(9,B15:B17) -> 983195.78 | C18: =SUBTOTAL(9,C15:C17) -> 1060717.8 | D18: N32.1

Sheet Spesialistutd UiO og UiB
A1: Særskilt regnskapsoppstilling for spesialistutdanning i odontologi
A3: =Resultatregnskap!A3 -> Virksomhet: Universitetet i Oslo
A4: Opplysningsnote - ikke en del av årsregnskapet som skal presenteres i del VI i årsrapporten
A5: Spesialistutdanning i odontologi
A7: Beløp i 1000 kroner
D8: 45657 | E8: 45291
A9: Kostnader | B9: Direkte | C9: Lønnskostnader | D9: 23455 | E9: 22766
C10: Driftskostnader | D10: 7633 | E10: 7116
C11: Leiested | D11: 21904 | E11: 21062
B12: Sum direkte kostnader | D12: =SUM(D9:D11) -> 52992 | E12: =SUM(E9:E11) -> 50944
B13: Indirekte kostnader | D13: 8042 | E13: 7156
B14: Sum kostnader | D14: =SUM(D12:D13) -> 61034 | E14: =SUM(E12:E13) -> 58100
A15: Inntekter | B15: Tilskudd fra Helsedirektoratet | D15: 28068 | E15: 29687
B16: Pasientinntekter | D16: 20867 | E16: 19972
B17: Andre inntekter
B18: Sum Inntekter | D18: =SUM(D15:D17) -> 48935 | E18: =SUM(E15:E17) -> 49659
A19: Resultat (inntekter minus direkte kostnader) | D19: =+D18-D12 -> -4057 | E19: =+E18-E12 -> -1285
A20: Resultat (inntekter minus direkte- og indirekte kostnader) | D20: =+D18-D14 -> -12099 | E20: =+E18-E14 -> -8441
A22: Det forutsettes at virksomhetene kan dokumentere inntekter og kostnader som inngår i denne oppstillingen.
A24: * Denne noten fylles ut av UiO og UiB

Sheet Spesialistutd UiT
A1: Særskilt regnskapsoppstilling for spesialistutdanning i odontologi
A3: Institusjon:
A4: Opplysningsnote - ikke en del av årsregnskapet som skal presenteres i del VI i årsrapporten
A5: Spesialistutdanning i odontologi
A7: Tall i 1000 kroner
B8: Note | C8: 45657 | D8: 45291
A9: Driftsinntekter
A10: Inntekt fra bevilgninger | B10: S1 | C10: 0 | D10: 0
A11: Inntekt fra tilskudd og overføringer | B11: S1 | C11: 0 | D11: 0
A12: Salgs- og leieinntekter | B12: S1 | C12: 0 | D12: 0
A13: Andre driftsinntekter | B13: S1 | C13: 0 | D13: 0
A14: Sum driftsinntekter | C14: =SUBTOTAL(9,C10:C13) -> 0 | D14: =SUBTOTAL(9,D10:D13) -> 0
A16: Driftskostnader
A17: Lønn og sosiale kostnader | B17: S2A, S2B | C17: 0 | D17: 0
A18: Varekostnader | B18: S3A,S3B | C18: 0 | D18: 0
A19: Andre driftskostnader | B19: S3A,S3B | C19: 0 | D19: 0
A20: Kostnadsførte investeringer | B20: S3A,S3B | C20: 0 | D20: 0
A21: Sum driftskostnader | C21: =SUBTOTAL(9,C17:C20) -> 0 | D21: =SUBTOTAL(9,D17:D20) -> 0
A23: Driftsresultat | C23: =C14-C21 -> 0 | D23: =D14-D21 -> 0
A25: Avregninger
A26: Mellomregnskap med vertsinstitusjonen | B26: S5
A27: Sum avregninger | C27: =SUBTOTAL(9,C26:C26) -> 0 | D27: =SUBTOTAL(9,D26:D26) -> 0
A29: Periodens resultat | C29: =C23+C27 -> 0 | D29: =D23+D27 -> 0
A31: Note S1 Spesifikasjon av driftsinntekter | C31: =C8 -> 45657 | D31: =D8 -> 45291
A33: Inntekt fra bevilgninger fra Kunnskapsdepartementet
A34: Periodens bevilgning fra Kunnskapsdepartementet1) | C34: 0 | D34: 0
A35: brutto benyttet til investeringsformål av periodens bevilgning2) (-) | C35: 0 | D35: 0
A36: Andre poster som vedrører bevilgninger fra Kunnskapsdepartementet | C36: 0 | D36: 0
A37: Sum inntekt fra bevilgninger fra Kunnskapsdepartementet | C37: =SUBTOTAL(9,C34:C36) -> 0 | D37: =SUBTOTAL(9,D34:D36) -> 0
A38: 1) Vesentlige tilskudd/overføringer skal spesifiseres på egne linjer under oppstillingen.
A39: 2) Midler som benyttes til investeringer skal behandles etter forpliktelsesmodellen og aktiveres i vertsinstitusjonens virksomhetsregnskap.
A41: Tilskudd og overføringer fra andre departement
A42: Periodens tilskudd/overføring fra andre departement1) | C42: 0 | D42: 0
A43: Andre poster som vedrører tilskudd og overføringer fra andre departement (spesifiseres) | C43: 0 | D43: 0
A44: Sum tilskudd og overføringer fra andre departement | C44: =SUBTOTAL(9,C42:C43) -> 0 | D44: =SUBTOTAL(9,D42:D43) -> 0
A45: 1) Vesentlige tilskudd/overføringer skal spesifiseres på egne linjer under oppstillingen.
A47: Tilskudd og overføringer fra andre statlige forvaltningsorganer1)
A48: Periodens tilskudd/overføring - tilskudd til spesialistutdanning fra Helsedir 1. termin | C48: 0 | D48: 0
A49: Periodens tilskudd/overføring - tilskudd til spesialistutdanning fra Helsedir 2. termin | C49: 0 | D49: 0
A50: Periodens refusjoner fra folketrygden | C50: 0 | D50: 0
A51: Andre tilskudd/overføringer i perioden1) | C51: 0 | D51: 0
A52: Andre poster som vedrører tilskudd/overføringer fra andre statlige forvaltningsorganer2) | C52: 0 | D52: 0
A54: Sum tilskudd og overføringer fra andre statlige forvaltningsorganer | C54: =SUBTOTAL(9,C48:C53) -> 0 | D54: =SUBTOTAL(9,D48:D53) -> 0
A56: 1) Vesentlige bidrag skal spesifiseres på i egne avsnitt under oppstillingen. Midler som benyttes til investeringer skal behandles etter forpliktelsesmodellen og spesifiseres i KD-avsnittet og aktiveres i vertsinstitusjonens virksomhetsregnskap.
A58: 2) Vesentlige bidrag skal spesifiserespå egne linjer under oppstillingen.
A60: Tilskudd fra fylkeskommuner og kommuner mv.1)
A61: Periodens tilskudd/overføring fra kommunale og fylkeskommunale etater | C61: 0 | D61: 0
A62: Periodens tilskudd/overføring fra organisasjoner og stiftelser | C62: 0 | D62: 0
A63: Periodens tilskudd/overføring fra næringsliv og private | C63: 0 | D63: 0
A64: Periodens tilskudd/overføring fra andre | C64: 0 | D64: 0
A65: Sum tilskudd til annen bidragsfinansiert aktivitet | C65: =SUBTOTAL(9,C61:C64) -> 0 | D65: =SUBTOTAL(9,D61:D64) -> 0
A67: 1) Vesentlige bidrag skal spesifiseres på i egne avsnitt under oppstillingen. Midler som benyttes til investeringer skal behandles etter forpliktelsesmodellen og spesifiseres i KD-avsnittet og aktiveres i vertsinstitusjonens virksomhetsregnskap.
A70: Salgs- og leieinntekter1)
A71: Salgs- og leieinntekter 1 | C71: 0 | D71: 0
A72: Salgs- og leieinntekter 2 | C72: 0 | D72: 0
A73: Andre salgs- og leieinntekter | C73: 0 | D73: 0
A74: Sum andre salgs- og leieinntekter | C74: =SUBTOTAL(9,C71:C73) -> 0 | D74: =SUBTOTAL(9,D71:D73) -> 0
A76: Andre driftsinntekter1)
A77: Øvrige andre inntekter - inntekter fra pasienter for tannbehandling | C77: 0 | D77: 0
A78: Øvrige andre inntekter - subsidiering av pasientbehandling fra Hdir tilskudd | C78: 0 | D78: 0
A79: Øvrige andre inntekter | C79: 0 | D79: 0
A80: Sum andre driftsinntekter | C80: =SUBTOTAL(9,C77:C79) -> 0 | D80: =SUBTOTAL(9,D77:D79) -> 0
A82: 1) Vesentlige bidrag skal spesifiseres på i egne avsnitt under oppstillingen. Midler som benyttes til investeringer skal behandles etter forpliktelsesmodellen og spesifiseres i KD-avsnittet og aktiveres i vertsinstitusjonens virksomhetsregnskap.
A85: Sum driftsinntekter | C85: =SUBTOTAL(9,C34:C84) -> 0 | D85: =SUBTOTAL(9,D34:D84) -> 0
A87: Note S2A Spesifikasjon av lønn og sosiale kostnader - teoridel1) | C87: =C8 -> 45657 | D87: =D8 -> 45291
A89: Lønninger | C89: 0 | D89: 0
A90: Feriepenger | C90: 0 | D90: 0
A91: Arbeidsgiveravgift | C91: 0 | D91: 0
A92: Pensjonskostnader2) | C92: 0 | D92: 0
A93: Sykepenger og andre refusjoner (-) | C93: 0 | D93: 0
A94: Andre ytelser | C94: 0 | D94: 0
A95: Sum lønnskostnader | C95: =SUBTOTAL(9,C89:C94) -> 0 | D95: =SUBTOTAL(9,D89:D94) -> 0
A97: Antall årsverk: | C97: 0 | D97: 0
A99: 1) I denne delen av note S2 skal lønnskostnader til planlegging og videreutvikling av utdanningene, administrasjonn av utdanningene, og lønnskostnader til gjennomføring av teoridelen (forelesninger, kurs m.v.) av utdanningene spesifiseres.
A101: 2) Gjelder virksomheter som betaler pensjonspremie selv (alle som har unntak fra bruttoprinsippet). Kostnader til pensjoner kostnadsføres i resultatregnskapet basert på faktisk påløpt premie for regnskapsåret.
A105: Note S2B Spesifikasjon av lønn og sosiale kostnader - klinisk trening1) | C105: =C8 -> 45657 | D105: =D8 -> 45291
A107: Lønninger | C107: 0 | D107: 0
A108: Feriepenger | C108: 0 | D108: 0
A109: Arbeidsgiveravgift | C109: 0 | D109: 0
A110: Pensjonskostnader2) | C110: 0 | D110: 0
A111: Sykepenger og andre refusjoner (-) | C111: 0 | D111: 0
A112: Andre ytelser | C112: 0 | D112: 0
A113: Sum lønnskostnader | C113: =SUBTOTAL(9,C107:C112) -> 0 | D113: =SUBTOTAL(9,D107:D112) -> 0
A115: Antall årsverk: | C115: 0 | D115: 0
A117: 1) I denne delen av noteS2 skal lønnskostnader til den kliniske praksistreningen under veiledning knyttet til utdanningene spesifiseres.
A118: 2) Gjelder virksomheter som betaler pensjonspremie selv (alle som har unntak fra bruttoprinsippet). Kostnader til pensjoner kostnadsføres i resultatregnskapet basert på faktisk påløpt premie for regnskapsåret.
A121: Note S3A Spesifikasjon av andre driftskostnader - teoridel1) | C121: =C8 -> 45657 | D121: =D8 -> 45291
A123: Husleie | C123: 0 | D123: 0
A124: Vedlikehold egne bygg og anlegg | C124: 0 | D124: 0
A125: Vedlikehold og ombygging av leide lokaler | C125: 0 | D125: 0
A126: Andre kostnader til drift av eiendom og lokaler | C126: 0 | D126: 0
A127: Reparasjon og vedlikehold av maskiner, utstyr mv. | C127: 0 | D127: 0
A128: Mindre utstyrsanskaffelser | C128: 0 | D128: 0
A129: Leie av maskiner, inventar og lignende | C129: 0 | D129: 0
A130: Konsulenter og andre kjøp av tjenester fra eksterne | C130: 0 | D130: 0
A131: Reiser og diett | C131: 0 | D131: 0
A132: Øvrige driftskostnader knyttet til gjennomføring av teoridelen2) | C132: 0 | D132: 0
A133: Sum andre driftskostnader | C133: =SUM(C123:C132) -> 0 | D133: =SUM(D123:D132) -> 0
A135: 1) I denne delen av note S3 skal øvrige kostnader til planlegging og videreutvikling av utdanningene, administrasjonn av utdanningene, og kostnader til gjennomføring av teoridelen (forelesninger, kurs m.v.) av utdanningene spesifiseres.
A137: 2) Spesifiseres ytterligere under oppstillingen dersom det er vesentlige poster som bør fremgå av regnskapet.
...

Sheet Tabell 1
A2: =Resultatregnskap!A3 -> Virksomhet: Universitetet i Oslo
A3: Opplysningsnote - ikke en del av årsregnskapet som skal presenteres i del VI i årsrapporten
A4: Utgiftsart/inntektsart | B4: Regnskap | C4: Regnskap | D4: Regnskap | E4: Budsjett | F4: Regneregler | G4: Referanse
B5: 31.12.2022 | C5: =Resultatregnskap!D6 -> 45291 | D5: =Resultatregnskap!C6 -> 45657 | E5: 2025
A6: 1. Utgifter | F6: Merknad/referanse til kontantstrømoppstillingen
A8: Driftsutgifter
A9: Lønnsutgifter | B9: 5480906 | C9: =Kontantstrømoppstilling!C19 -> 5975889 | D9: =Kontantstrømoppstilling!B19 -> 6220086.7 | E9: =Kontantstrømoppstilling!D19 -> 6800000 | F9: KS.11 | G9: T1I.011
A10: Varer og tjenester | B10: 2901023 | C10: =Kontantstrømoppstilling!C20+Kontantstrømoppstilling!C21+Kontantstrømoppstilling!C24 -> 3025010 | D10: =Kontantstrømoppstilling!B20+Kontantstrømoppstilling!B21+Kontantstrømoppstilling!B24 -> 3144238 | E10: =Kontantstrømoppstilling!D20+Kontantstrømoppstilling!D21+Kontantstrømoppstilling!D24 -> 3300000 | F10: KS.12+KS.14+KS.15 | G10: T1I.012
A11: Sum driftsutgifter | B11: =SUBTOTAL(9,B9:B10) -> 8381929 | C11: =SUBTOTAL(9,C9:C10) -> 9000899 | D11: =SUBTOTAL(9,D9:D10) -> 9364324.8 | E11: =SUBTOTAL(9,E9:E10) -> 10100000 | G11: T1I.01
A13: Investeringsutgifter
A14: Investeringer, større utstyrsanskaffelser og vedlikehold | B14: 693514 | C14: =-Kontantstrømoppstilling!C31 -> 502219 | D14: =-Kontantstrømoppstilling!B31 -> 632855.75 | E14: =-Kontantstrømoppstilling!D31 -> 550000 | F14: KS.17 | G14: T1I.021
A15: Sum utgifter til større utstyrsanskaffelser og vedlikehold | B15: =SUBTOTAL(9,B14:B14) -> 693514 | C15: =SUBTOTAL(9,C14:C14) -> 502219 | D15: =SUBTOTAL(9,D14:D14) -> 632855.75 | E15: =SUBTOTAL(9,E14:E14) -> 550000 | G15: T1I.02
A17: Overføringer fra virksomheten
A18: Utbetalinger til andre statlige regnskaper | B18: 800 | C18: =Kontantstrømoppstilling!C22 -> 1402 | D18: =Kontantstrømoppstilling!B22 -> 370.88 | E18: =Kontantstrømoppstilling!D22 -> 0 | F18: KS.14A | G18: T1I.031
A19: Andre utbetalinger | B19: 127679 | C19: =Kontantstrømoppstilling!C23-Kontantstrømoppstilling!C51-Kontantstrømoppstilling!C53 -> 340277 | D19: =Kontantstrømoppstilling!B23-Kontantstrømoppstilling!B51-Kontantstrømoppstilling!B53 -> 192328.7 | E19: =Kontantstrømoppstilling!D23-Kontantstrømoppstilling!D51-Kontantstrømoppstilling!D53 -> 200000 | F19: KS.14B-KS.14BI-KS.3B | G19: T1I.032
A20: Sum overføringer fra virksomheten | B20: =SUBTOTAL(9,B18:B19) -> 128479 | C20: =SUBTOTAL(9,C18:C19) -> 341679 | D20: =SUBTOTAL(9,D18:D19) -> 192699.58 | E20: =SUBTOTAL(9,E18:E19) -> 200000 | G20: T1I.03
A22: Finansielle aktiviteter
A23: Kjøp av aksjer og andeler | B23: 0 | C23: =-Kontantstrømoppstilling!C33 -> 0 | D23: =-Kontantstrømoppstilling!B33 -> 0 | E23: =-Kontantstrømoppstilling!D33 -> 0 | F23: KS.19 | G23: T1I.041
A24: Andre finansielle utgifter | B24: 839 | C24: =-Kontantstrømoppstilling!C38-Kontantstrømoppstilling!C35-Kontantstrømoppstilling!C43-Kontantstrømoppstilling!C44-IF(Kontantstrømoppstilling!C56<0,Kontantstrømoppstilling!C56,0) -> 235 | D24: =-Kontantstrømoppstilling!B38-Kontantstrømoppstilling!B35-Kontantstrømoppstilling!B43-Kontantstrømoppstilling!B44-IF(Kontantstrømoppstilling!B56<0,Kontantstrømoppstilling!B56,0) -> 129.06 | E24: =-Kontantstrømoppstilling!D38-Kontantstrømoppstilling!D35-Kontantstrømoppstilling!D43-Kontantstrømoppstilling!D44-IF(Kontantstrømoppstilling!D56<0,Kontantstrømoppstilling!D56,0) -> -100 | F24: KS.13+KS.21B+KS.23+KS.24+KS.24A | G24: T1I.042
A25: Sum finansielle aktiviteter | B25: =SUBTOTAL(9,B23:B24) -> 839 | C25: =SUBTOTAL(9,C23:C24) -> 235 | D25: =SUBTOTAL(9,D23:D24) -> 129.06 | E25: =SUBTOTAL(9,E23:E24) -> -100 | G25: T1I.04
A27: SUM UTGIFTER | B27: =SUBTOTAL(9,B8:B26) -> 9204761 | C27: =SUBTOTAL(9,C8:C26) -> 9845032 | D27: =SUBTOTAL(9,D8:D26) -> 10190009 | E27: =SUBTOTAL(9,E8:E26) -> 10849900 | G27: T1I.05
A30: 2. Inntekter | B30: =B4 -> Regnskap | E30: =E4 -> Budsjett
B31: =B5 -> 31.12.2022 | C31: =C5 -> 45291 | D31: =D5 -> 45657 | E31: =E5 -> 2025
F32: Merknad/referanse til kontantstrømoppstillingen
A33: Driftsinntekter
A34: Inntekter fra salg av varer og tjenester | B34: 683933 | C34: =Kontantstrømoppstilling!C11 -> 642122 | D34: =Kontantstrømoppstilling!B11 -> 864169 | E34: =Kontantstrømoppstilling!D11 -> 800000 | F34: KS.4 | G34: T1II.011
A35: Inntekter fra avgifter, gebyrer og lisenser | B35: 0 | C35: =Kontantstrømoppstilling!C12 -> 0 | D35: =Kontantstrømoppstilling!B12 -> 0 | E35: =Kontantstrømoppstilling!D12 -> 0 | F35: KS.5 | G35: T1II.012
A36: Refusjoner | B36: 171524 | C36: =Kontantstrømoppstilling!C14 -> 192803 | D36: =Kontantstrømoppstilling!B14 -> 218050.35 | E36: =Kontantstrømoppstilling!D14 -> 200000 | F36: KS.9 | G36: T1II.013
A37: Andre driftsinntekter | B37: 256342 | C37: =Kontantstrømoppstilling!C15+Kontantstrømoppstilling!C16 -> 478018 | D37: =Kontantstrømoppstilling!B15+Kontantstrømoppstilling!B16 -> 362082.91 | E37: =Kontantstrømoppstilling!D15+Kontantstrømoppstilling!D16 -> 290000 | F37: KS.9A+KS.10 | G37: T1II.014
A38: Sum driftsinntekter | B38: =SUBTOTAL(9,B34:B37) -> 1111799 | C38: =SUBTOTAL(9,C34:C37) -> 1312943 | D38: =SUBTOTAL(9,D34:D37) -> 1444302.3 | E38: =SUBTOTAL(9,E34:E37) -> 1290000 | G38: T1II.01
A40: Inntekter fra investeringer
A41: Salg av varige driftsmidler | B41: 10 | C41: =Kontantstrømoppstilling!C30 -> 4 | D41: =Kontantstrømoppstilling!B30 -> 0 | E41: =Kontantstrømoppstilling!D30 -> 0 | F41: KS.16 | G41: T1II.021
A42: Sum investeringsinntekter | B42: =SUBTOTAL(9,B41) -> 10 | C42: =SUBTOTAL(9,C41) -> 4 | D42: =SUBTOTAL(9,D41) -> 0 | E42: =SUBTOTAL(9,E41) -> 0 | G42: T1II.02
A44: Overføringer til virksomheten
A45: Inntekter fra statlige bevilgninger til drift | B45: 8026598 | C45: =Kontantstrømoppstilling!C9+Kontantstrømoppstilling!C10+Kontantstrømoppstilling!C13 -> 8760566 | D45: =Kontantstrømoppstilling!B9+Kontantstrømoppstilling!B10+Kontantstrømoppstilling!B13 -> 8770433 | E45: =Kontantstrømoppstilling!D9+Kontantstrømoppstilling!D10+Kontantstrømoppstilling!D13 -> 8947292 | F45: KS.1A+KS.1B+KS.6 | G45: T1II.031
A46: Innbetalinger fra fagdepartementet til tilskudd til andre | B46: 0 | C46: =Kontantstrømoppstilling!C48 -> 0 | D46: =Kontantstrømoppstilling!B48 -> 0 | E46: =Kontantstrømoppstilling!D48 -> 0 | F46: KS.3 | G46: T1II.032
A47: Innbetalinger fra andre departement til tilskudd til andre | B47: 0 | C47: =Kontantstrømoppstilling!C49 -> 0 | D47: =Kontantstrømoppstilling!B49 -> 0 | E47: =Kontantstrømoppstilling!D49 -> 0 | F47: KS.3C | G47: T1II.033
A48: Andre innbetalinger | B48: 0 | C48: =Kontantstrømoppstilling!C52+Kontantstrømoppstilling!C50 -> 0 | D48: =Kontantstrømoppstilling!B52+Kontantstrømoppstilling!B50 -> 0 | E48: =+Kontantstrømoppstilling!D52+Kontantstrømoppstilling!D50 -> 0 | F48: KS.3A+KS.3D | G48: T1II.034
A49: Sum overføringer til virksomheten | B49: =SUBTOTAL(9,B45:B48) -> 8026598 | C49: =SUBTOTAL(9,C45:C48) -> 8760566 | D49: =SUBTOTAL(9,D45:D48) -> 8770433 | E49: =SUBTOTAL(9,E45:E48) -> 8947292 | G49: T1II.03
A51: Finansielle aktiviteter
A52: Innbetaling ved salg av aksjer og andeler | B52: 0 | C52: =Kontantstrømoppstilling!C32+Kontantstrømoppstilling!C34 -> 0 | D52: =Kontantstrømoppstilling!B32+Kontantstrømoppstilling!B34 -> 0 | E52: =Kontantstrømoppstilling!D32+Kontantstrømoppstilling!D34 -> 0 | F52: KS.18+KS.21A | G52: T1II.041
A53: Andre finansielle innbetalinger (f.eks. innbet. av rente) | B53: 1186 | C53: =Kontantstrømoppstilling!C36+Kontantstrømoppstilling!C37+Kontantstrømoppstilling!C42+IF(Kontantstrømoppstilling!C56>0,Kontantstrømoppstilling!C56,0) -> 4134 | D53: =Kontantstrømoppstilling!B36+Kontantstrømoppstilling!B37+Kontantstrømoppstilling!B42+IF(Kontantstrømoppstilling!B56>0,Kontantstrømoppstilling!B56,0) -> 4978.13 | E53: =Kontantstrømoppstilling!D36+Kontantstrømoppstilling!D37+Kontantstrømoppstilling!D42+IF(Kontantstrømoppstilling!D56>0,Kontantstrømoppstilling!D56,0) -> 5000 | F53: KS.7+KS.8+KS.22+KS.24A | G53: T1II.042
A54: Sum finansielle aktiviteter | B54: =SUBTOTAL(9,B52:B53) -> 1186 | C54: =SUBTOTAL(9,C52:C53) -> 4134 | D54: =SUBTOTAL(9,D52:D53) -> 4978.13 | E54: =SUBTOTAL(9,E52:E53) -> 5000 | G54: T1II.04
A56: SUM INNTEKTER | B56: =SUBTOTAL(9,B34:B55) -> 9139593 | C56: =SUBTOTAL(9,C34:C55) -> 10077647 | D56: =SUBTOTAL(9,D34:D55) -> 10219713 | E56: =SUBTOTAL(9,E34:E55) -> 10242292 | G56: T1II.05
A57: 3. Netto endring i kontantbeholdning (2-1) | B57: =B56-B27 -> -65168 | C57: =C56-C27 -> 232615 | D57: =D56-D27 -> 29704.25 | E57: =E56-E27 -> -607608 | G57: T1II.06
A59: Kontroller
A60: Netto endring fra kontantstrømoppstillingen | B60: 0 | C60: =Kontantstrømoppstilling!C58 -> 232615 | D60: =Kontantstrømoppstilling!B58 -> 29704.25 | E60: =Kontantstrømoppstilling!D58 -> -607608 | F60: KS.25 | G60: T1II.071
A61: Samsvarstest tabell/oppstilling | C61: =IF(C57-C60=0,0,C57-C60) -> 0 | D61: =IF(D57-D60=0,0,D57-D60) -> 3.4924597e-10 | E61: =IF(E57-E60=0,0,E57-E60) -> 0 | G61: T1II.07

Sheet Tabell 2
A2: =Resultatregnskap!A3 -> Virksomhet: Universitetet i Oslo
A3: Opplysningsnote - ikke en del av årsregnskapet som skal presenteres i del VI i årsrapporten
A4: Inntektstype | B4: Regnskap | C4: Regnskap | D4: Regnskap | E4: Budsjett for | F4: Regneregler | G4: Referanse
B5: ='Tabell 1'!B5 -> 31.12.2022 | C5: ='Tabell 1'!C5 -> 45291 | D5: ='Tabell 1'!D5 -> 45657 | E5: ='Tabell 1'!E5 -> 2025
A7: Tildelinger til finansiering av statsoppdraget
A8: Bevilgninger fra fagdepartementet | B8: 6097887.3 | C8: 6261711.9 | D8: =Note1!B8+Note1!B13+Note1!B14+'Note15 '!E132 -> 6433471 | E8: =Note1!D8+Note1!D13+Note1!D14 -> 6648792 | F8: N1.2+N1.8+N1.9+(N15III.4) | G8: T2I.011
A9: Bevilgninger fra andre departement | B9: 1169.267 | C9: 7737.2988 | D9: =Note1!B18+Note1!B24+Note1!B25+'Note15 '!E138 -> 2915.7117 | E9: =Note1!D18+Note1!D24+Note1!D25 -> 3000 | F9: N1.11A+N1.17+N1.18+(N15III.2) | G9: T2I.012
A10: Tildelinger fra andre statlige forvaltningsorganer | B10: 264474.23 | C10: 287787.39 | D10: =Note1!B44+'Note15 '!E77 -> 320407.72 | E10: =Note1!D44 -> 300000 | F10: N1.21E+(N15II.6) | G10: T2I.013
A11: Tildelinger fra Norges forskningsråd | B11: 969439.18 | C11: 1222797.8 | D11: =Note1!B47+'Note15 '!E83 -> 1131315.2 | E11: =Note1!D47 -> 1260000 | F11: N1.29A+(N15II.3) | G11: T2I.014
A12: Sum tildelinger til statsoppdraget | B12: =SUBTOTAL(9,B8:B11) -> 7332970 | C12: =SUBTOTAL(9,C8:C11) -> 7780034.4 | D12: =SUBTOTAL(9,D8:D11) -> 7888109.6 | E12: =SUBTOTAL(9,E8:E11) -> 8211792 | G12: T2I.01
A14: Overføringer til virksomheten
A15: Overføringer fra fagdepartementet til tilskudd til andre | B15: 0 | C15: =Kontantstrømoppstilling!C48 -> 0 | D15: =Kontantstrømoppstilling!B48 -> 0 | E15: =Kontantstrømoppstilling!D48 -> 0 | F15: KS.3 | G15: T2I.021
A16: Overføringer fra andre departement til tilskudd til andre | B16: 0 | C16: =Kontantstrømoppstilling!C49 -> 0 | D16: =Kontantstrømoppstilling!B49 -> 0 | E16: =Kontantstrømoppstilling!D49 -> 0 | F16: KS.3C | G16: T2I.022
A17: Overføringer fra andre virksomheter til tilskudd til andre | B17: 0 | C17: =Kontantstrømoppstilling!C50 -> 0 | D17: =Kontantstrømoppstilling!B50 -> 0 | E17: =Kontantstrømoppstilling!D50 -> 0 | F17: KS.3D | G17: T2I.023
A18: Sum overføringer til virksomheten | B18: =SUBTOTAL(9,B15:B17) -> 0 | C18: =SUBTOTAL(9,C15:C17) -> 0 | D18: =SUBTOTAL(9,D15:D17) -> 0 | E18: =SUBTOTAL(9,E15:E17) -> 0 | G18: T2I.02
A20: Offentlige og private bidrag
A21: Bidrag fra kommuner og fylkeskommuner1) | B21: 19102.221 | C21: 24504.977 | D21: =Note1!B57+'Note15 '!E92+Note1!B56+'Note15 '!E89 -> 10961.587 | E21: =Note1!D57+Note1!D56 -> 20300 | F21: N1.32A+(N15II.051A)+N1.22D+(N15II.4) | G21: T2I.031
A22: Bidrag fra private | B22: 217427.53 | C22: 221158.99 | D22: =Note1!B61-Note1!B57+'Note15 '!E93+'Note15 '!E94+'Note15 '!E95+'Note15 '!E100 -> 291881.15 | E22: =Note1!D61-Note1!D57 -> 240000 | F22: N1.32F-N1.32A+(N15II.051B+N15II.051C+N15II.051D+N15II.052) | G22: T2I.032
A23: Tildelinger fra internasjonale organisasjoner | B23: 232906.73 | C23: 392379.13 | D23: =Note1!B64+Note1!B67+'Note15 '!E96+'Note15 '!E97 -> 472358.07 | E23: =Note1!D64+Note1!D67 -> 425000 | F23: N1.35C+N1.36C+(N15II.051E+N15II.051F) | G23: T2I.033
A24: Sum bidrag | B24: =SUBTOTAL(9,B21:B23) -> 469436.48 | C24: =SUBTOTAL(9,C21:C23) -> 638043.09 | D24: =SUBTOTAL(9,D21:D23) -> 775200.82 | E24: =SUBTOTAL(9,E21:E23) -> 685300 | G24: T2I.03
A26: Oppdragsinntekter m.v.
A27: Oppdrag fra statlige virksomheter | B27: 203709.6 | C27: 216323.01 | D27: =Note1!B85+'Note 16'!B21-'Note 16'!B10 -> 212965.54 | E27: =Note1!D85 -> 130000 | F27: N1.49+(N16.021A-N16.010A) | G27: T2I.041
A28: Oppdrag fra kommunale og fylkeskommunale virksomheter | B28: 40759.324 | C28: 57259.526 | D28: =Note1!B86+'Note 16'!B22-'Note 16'!B11 -> 55309.692 | E28: =Note1!D86 -> 30000 | F28: N1.50+(N16.021B-N16.010B) | G28: T2I.042
A29: Oppdrag fra private | B29: 315624.14 | C29: 423400.82 | D29: =Note1!B87+Note1!B88+Note1!B89+('Note 16'!B23+'Note 16'!B24+'Note 16'!B25-'Note 16'!B12-'Note 16'!B13-'Note 16'!B14) -> 328580.63 | E29: =Note1!D87+Note1!D88+Note1!D89 -> 240000 | F29: N1.51+N1.52+N1.54+(N16.021C+N16.021D+N16 021E-N16.010C-N16.010D-N16.010E) | G29: T2I.043
A30: Andre inntekter og tidsavgrensninger | B30: 562383.93 | C30: 471596.87 | D30: =Note1!B115+Note1!B100+Note1!B109+Note1!B35+(D35-D36-D37) -> 959547.07 | E30: =Note1!D115+Note1!D100+Note1!D109+Note1!D35+(E35-E36-E37) -> 945200 | F30: N1.48+N1.59+N1.65+N1.66+Saldering mot tabell 1 | G30: T2I.044
A31: Sum oppdragsinntekter m.v. | B31: =SUBTOTAL(9,B27:B30) -> 1122477 | C31: =SUBTOTAL(9,C27:C30) -> 1168580.2 | D31: =SUBTOTAL(9,D27:D30) -> 1556402.9 | E31: =SUBTOTAL(9,E27:E30) -> 1345200 | G31: T2I.04
A33: SUM INNTEKTER | B33: =SUBTOTAL(9,B8:B32) -> 8924883.5 | C33: =SUBTOTAL(9,C8:C32) -> 9586657.7 | D33: =SUBTOTAL(9,D8:D32) -> 10219713 | E33: =SUBTOTAL(9,E8:E32) -> 10242292 | G33: T2I.05
A35: Tabell 1 - sum inntekter | C35: ='Tabell 1'!C56 -> 10077647 | D35: ='Tabell 1'!D56 -> 10219713 | E35: ='Tabell 1'!E56 -> 10242292 | G35: T2I.06
A36: Undersum | C36: =SUBTOTAL(9,C8:C29) -> 9115060.9 | D36: =SUBTOTAL(9,D8:D29) -> 9260166.3 | E36: =SUBTOTAL(9,E8:E29) -> 9297092 | G36: T2I.07
A37: Andre inntekter | D37: =Note1!B115+Note1!B100+Note1!B109+Note1!B35 -> 435799.44 | E37: =Note1!D115+Note1!D100+Note1!D109+Note1!D35 -> 420000 | G37: T2I.08
A39: Regnskapstall i kolonne B og C må fylles ut manuelt.
A40: 1) Tildelinger fra regionale forskningsfond inngår på denne linjen.

Sheet Tabell 3
A2: =Resultatregnskap!A3 -> Virksomhet: Universitetet i Oslo
A3: Opplysningsnote - ikke en del av årsregnskapet som skal presenteres i del VI i årsrapporten
A4: Balansedag 31. desember | B4: Regnskap | C4: Regnskap | D4: Regnskap | E4: Endring 2023 | F4: Regneregler | G4: Referanse
A5: Beløp i TNOK | B5: ='Tabell 1'!B5 -> 31.12.2022 | C5: ='Tabell 1'!C5 -> 45291 | D5: ='Tabell 1'!D5 -> 45657 | E5: til 2024
A7: Kontanter og kontantekvivalenter
A8: Beholdning på oppgjørskonto i Norges Bank | B8: 2838789.8 | C8: ='Balanse - eiendeler'!D45 -> 2986197.8 | D8: ='Balanse - eiendeler'!C45 -> 3007999.8 | E8: =D8-C8 -> 21801.992 | F8: BIV.1 | G8: T3I.011
A9: Beholdning på andre bankkonti | B9: 184709.93 | C9: ='Balanse - eiendeler'!D46+'Balanse - eiendeler'!D47 -> 269828.01 | D9: ='Balanse - eiendeler'!C46+'Balanse - eiendeler'!C47 -> 277801.4 | E9: =D9-C9 -> 7973.3969 | F9: BIV.2A+BIV.2B | G9: T3I.012
A10: Andre kontantbeholdninger | B10: 29.85558 | C10: ='Balanse - eiendeler'!D48 -> 119.19465 | D10: ='Balanse - eiendeler'!C48 -> 47.62958 | E10: =D10-C10 -> -71.56507 | F10: BIV.3 | G10: T3I.013
A11: Sum kontanter og kontantekvivalenter | B11: =SUBTOTAL(9,B8:B10) -> 3023529.6 | C11: =SUBTOTAL(9,C8:C10) -> 3256145 | D11: =SUBTOTAL(9,D8:D10) -> 3285848.9 | E11: =SUBTOTAL(9,E8:E10) -> 29703.824 | G11: T3I.01
A13: Avsetninger til dekning av påløpte kostnader som forfaller i neste budsjettår :
A14: Feriepenger m.v. | B14: 518914.95 | C14: ='Balanse - Gjeld og kapital'!D40 -> 555098.94 | D14: ='Balanse - Gjeld og kapital'!C40 -> 563818.14 | E14: =D14-C14 -> 8719.1992 | F14: DIII.4 | G14: T3I.021
A15: Skattetrekk og offentlige avgifter | B15: 479997.17 | C15: ='Balanse - Gjeld og kapital'!D38+'Balanse - Gjeld og kapital'!D39 -> 513861.46 | D15: ='Balanse - Gjeld og kapital'!C38+'Balanse - Gjeld og kapital'!C39 -> 496964.7 | E15: =D15-C15 -> -16896.765 | F15: DIII.2+DIII.3 | G15: T3I.022
A16: Gjeld til leverandører | B16: 306889.44 | C16: ='Balanse - Gjeld og kapital'!D37-'Balanse - eiendeler'!D40 -> 443107.35 | D16: ='Balanse - Gjeld og kapital'!C37-'Balanse - eiendeler'!C40 -> 331224.12 | E16: =D16-C16 -> -111883.23 | F16: DIII.1-BII.3 | G16: T3I.023
A17: Gjeld til oppdragsgivere | B17: 40399.714 | C17: ='Balanse - Gjeld og kapital'!D42-'Balanse - eiendeler'!D39 -> 14768.884 | D17: ='Balanse - Gjeld og kapital'!C42-'Balanse - eiendeler'!C39 -> 79328.163 | E17: =D17-C17 -> 64559.279 | F17: DIII.06-BII.1 | G17: T3I.024
A18: Gjeld vedrørende tilskuddsforvaltning og andre overføringer | B18: 0 | C18: ='Balanse - Gjeld og kapital'!D53-'Balanse - eiendeler'!D57 -> 0 | D18: ='Balanse - Gjeld og kapital'!C53-'Balanse - eiendeler'!C57 -> 0 | E18: =D18-C18 -> 0 | F18: DIV.1-BV.1A | G18: T3I.025
A19: Annen gjeld som forfaller i neste budsjettår | B19: 334903.52 | C19: ='Balanse - Gjeld og kapital'!D43-'Balanse - eiendeler'!D41-'Balanse - eiendeler'!D35 -> 304943.23 | D19: ='Balanse - Gjeld og kapital'!C43-'Balanse - eiendeler'!C41-'Balanse - eiendeler'!C35 -> 579060.16 | E19: =D19-C19 -> 274116.94 | F19: DIII.6-BII.2-BI.1 | G19: T3I.026
A20: Sum til dekning av påløpte kostnader som forfaller i neste budsjettår | B20: =SUBTOTAL(9,B14:B19) -> 1681104.8 | C20: =SUBTOTAL(9,C14:C19) -> 1831779.9 | D20: =SUBTOTAL(9,D14:D19) -> 2050395.3 | E20: =SUBTOTAL(9,E14:E19) -> 218615.42 | G20: T3I.02
A22: Avsetninger til dekning av planlagte tiltak i fremtidige budsjettår:
A23: Prosjekter finansiert av Norges forskningsråd | B23: -192687.26 | C23: ='Note15 '!D83 -> -205067.87 | D23: ='Note15 '!B83 -> -198041.6 | E23: =D23-C23 -> 7026.2744 | F23: N15II.3 | G23: T3I.031
A24: Større påbegynte, flerårige investeringsprosjekter finansiert av grunnbevilgningen fra fagdepartementet | B24: 155390.4 | C24: ='Note15 '!D44 -> 272500 | D24: ='Note15 '!B44 -> 47955 | E24: =D24-C24 -> -224545 | F24: N15I.3 | G24: T3I.032
A25: Konkrete påbegynte, ikke fullførte prosjekter finansiert av grunnbevilgningen fra fagdepartementet | B25: 243997 | C25: ='Note15 '!D21 -> 45496 | D25: ='Note15 '!B21 -> 0 | E25: =D25-C25 -> -45496 | F25: N15I.1 | G25: T3I.033
A26: Andre avsetninger til vedtatte, ikke igangsatte formål1) | B26: 154438.34 | C26: ='Note15 '!D32+'Note15 '!D89+'Note15 '!D27 -> 262205.54 | D26: ='Note15 '!B32+'Note15 '!B89+'Note15 '!B27 -> 252263.07 | E26: =D26-C26 -> -9942.4699 | F26: N15I.2+N15I.6+N15II.4 | G26: T3I.034
A27: Konkrete påbegynte, ikke fullførte prosjekter finansiert av bevilgninger fra andre departementer | B27: 0 | C27: ='Note15 '!D58 -> 0 | D27: ='Note15 '!B58 -> 0 | E27: =D27-C27 -> 0 | F27: N15I.5 | G27: T3I.035
A28: Sum avsetninger til planlagte tiltak i fremtidige budsjettår | B28: =SUBTOTAL(9,B23:B27) -> 361138.47 | C28: =SUBTOTAL(9,C23:C27) -> 375133.67 | D28: =SUBTOTAL(9,D23:D27) -> 102176.47 | E28: =SUBTOTAL(9,E23:E27) -> -272957.2 | G28: T3I.03
A30: Andre avsetninger:
A31: Avsetninger til andre formål/ikke spesifiserte formål | B31: 654924.21 | C31: ='Note15 '!D50+'Note15 '!D132+'Note15 '!D138+'Note15 '!D101+'Note15 '!D77+'Note15 '!D109 -> 706772.27 | D31: ='Note15 '!B50+'Note15 '!B132+'Note15 '!B138+'Note15 '!B101+'Note15 '!B77+'Note15 '!B109 -> 790935.7 | E31: =D31-C31 -> 84163.428 | F31: N15I.4+N15III.4+N15III.2+N15II.5+N15II.6+N15II.7 | G31: T3I.041
A32: Fri virksomhetskapital | B32: 173292.3 | C32: ='Balanse - Gjeld og kapital'!D13-'Balanse - eiendeler'!D28+'Balanse - eiendeler'!D27 -> 198558.94 | D32: ='Balanse - Gjeld og kapital'!C13-'Balanse - eiendeler'!C28+'Balanse - eiendeler'!C27 -> 212374.9 | E32: =D32-C32 -> 13815.963 | F32: CI.1-AIII.1+AIII.04A | G32: T3I.042
A33: Sum andre avsetninger | B33: =SUBTOTAL(9,B31:B32) -> 828216.51 | C33: =SUBTOTAL(9,C31:C32) -> 905331.21 | D33: =SUBTOTAL(9,D31:D32) -> 1003310.6 | E33: =SUBTOTAL(9,E31:E32) -> 97979.391 | G33: T3I.04
A35: Langsiktig gjeld (netto)
A36: Langsiktig forpliktelse knyttet til anleggsmidler | B36: 1.8444553e-09 | C36: ='Balanse - Gjeld og kapital'!D20-'Balanse - eiendeler'!D22-'Balanse - eiendeler'!D14 -> 1.2223609e-09 | D36: ='Balanse - Gjeld og kapital'!C20-'Balanse - eiendeler'!C22-'Balanse - eiendeler'!C14 -> -3.9999615e-05 | E36: =D36-C36 -> -4.0000838e-05 | F36: CIII.01-AII.1-AI.1 | G36: T3I.051
A37: Annen langsiktig gjeld | B37: 153070.63 | C37: ='Balanse - Gjeld og kapital'!D29+'Balanse - Gjeld og kapital'!D34-'Balanse - eiendeler'!D27 -> 143900.22 | D37: ='Balanse - Gjeld og kapital'!C29+'Balanse - Gjeld og kapital'!C34-'Balanse - eiendeler'!C27 -> 129966.24 | E37: =D37-C37 -> -13933.974 | F37: DI.01+DII.1-AIII.04A | G37: T3I.052
A38: Sum langsiktig gjeld | B38: =SUBTOTAL(9,B36:B37) -> 153070.63 | C38: =SUBTOTAL(9,C36:C37) -> 143900.22 | D38: =SUBTOTAL(9,D36:D37) -> 129966.24 | E38: =SUBTOTAL(9,E36:E37) -> -13933.974 | G38: T3I.05
A40: SUM NETTO GJELD OG FORPLIKTELSER | B40: =SUBTOTAL(9,B13:B39) -> 3023530.4 | C40: =SUBTOTAL(9,C13:C39) -> 3256145 | D40: =SUBTOTAL(9,D13:D39) -> 3285848.6 | E40: =SUBTOTAL(9,E13:E39) -> 29703.645 | G40: T3I.06
A42: Kontroll | B42: =IF(B11-B40=0,0,B11-B40) -> -0.82416 | C42: =IF(C11-C40=0,0,C11-C40) -> 0.078099998 | D42: =IF(D11-D40=0,0,D11-D40) -> 0.25694 | E42: =IF(E11-E40=0,0,E11-E40) -> 0.17884 | G42: T3I.07
A44: Regnskapstall i kolonne B må fylles ut manuelt.
A46: 1) Tildelinger fra regionale forskningsfond inngår på denne linjen.

Sheet Tabell 4
A2: Balanseoppstilling
A3: Opplysningsnote - ikke en del av årsregnskapet som skal presenteres i del VI i årsrapporten
A4: =Resultatregnskap!A3 -> Virksomhet: Universitetet i Oslo
A6: Beløp i 1000 kroner
A7: EIENDELER | B7: ='Tabell 3'!D5 -> 45657 | C7: ='Tabell 3'!C5 -> 45291 | D7: ='Tabell 3'!B5 -> 31.12.2022 | E7: Referanse
A9: A. Anleggsmidler
A10: I Immaterielle eiendeler | B10: ='Balanse - eiendeler'!C14 -> 11914.554 | C10: ='Balanse - eiendeler'!D14 -> 15861.418 | D10: 17848 | E10: T4I.011
A11: II Varige driftsmidler | B11: ='Balanse - eiendeler'!C22 -> 10409096 | C11: ='Balanse - eiendeler'!D22 -> 10430663 | D11: 10588271 | E11: T4I.012
A12: III Finansielle anleggsmidler | B12: ='Balanse - eiendeler'!C28 -> 31255.378 | C12: ='Balanse - eiendeler'!D28 -> 31255.378 | D12: 31255 | E12: T4I.013
A13: Sum anleggsmidler | B13: =SUBTOTAL(9,B10:B12) -> 10452266 | C13: =SUBTOTAL(9,C10:C12) -> 10477779 | D13: =SUBTOTAL(9,D10:D12) -> 10637374 | E13: T4I.01
A15: B. Omløpsmidler
A16: I Beholdninger av varer og driftsmateriell | B16: ='Balanse - eiendeler'!C36 -> 4369.3089 | C16: ='Balanse - eiendeler'!D36 -> 4415 | D16: 4556 | E16: T4I.021
A17: II Fordringer | B17: ='Balanse - eiendeler'!C42 -> 402250.69 | C17: ='Balanse - eiendeler'!D42 -> 518866.68 | D17: 438485 | E17: T4I.022
A18: III Bankinnskudd, kontanter og lignende | B18: ='Balanse - eiendeler'!C49 -> 3285848.9 | C18: ='Balanse - eiendeler'!D49 -> 3256145 | D18: 3023530 | E18: T4I.023
A19: Sum omløpsmidler | B19: =SUBTOTAL(9,B16:B18) -> 3692468.9 | C19: =SUBTOTAL(9,C16:C18) -> 3779426.7 | D19: =SUBTOTAL(9,D16:D18) -> 3466571 | E19: T4I.02
A21: Sum eiendeler drift | B21: =SUBTOTAL(9,B10:B20) -> 14144735 | C21: =SUBTOTAL(9,C10:C20) -> 14257206 | D21: =SUBTOTAL(9,D10:D20) -> 14103945 | E21: T4I.03
A23: IV Fordringer vedrørende innkrevingsvirksomhet og andre overføringer til staten | B23: ='Balanse - eiendeler'!C57 -> 0 | C23: ='Balanse - eiendeler'!D57 -> 0 | D23: 0 | E23: T4I.041
A25: Sum eiendeler | B25: =SUBTOTAL(9,B10:B23) -> 14144735 | C25: =SUBTOTAL(9,C10:C23) -> 14257206 | D25: =SUBTOTAL(9,D10:D23) -> 14103945 | E25: T4I.04
A27: STATENS KAPITAL OG GJELD | B27: =B7 -> 45657 | C27: =C7 -> 45291 | D27: =D7 -> 31.12.2022
A29: C. Statens kapital
A30: I Virksomhetskapital | B30: ='Balanse - Gjeld og kapital'!C13 -> 243630.28 | C30: ='Balanse - Gjeld og kapital'!D13 -> 229814.32 | D30: 204548 | E30: T4II.011
A31: II Avregninger | B31: ='Balanse - Gjeld og kapital'!C17 -> 285602 | C31: ='Balanse - Gjeld og kapital'!D17 -> 567996 | D31: 546904 | E31: T4II.012
A32: III Utsatt inntektsføring av bevilgninger | B32: ='Balanse - Gjeld og kapital'!C22 -> 10421010 | C32: ='Balanse - Gjeld og kapital'!D22 -> 10446524 | D32: 10606119 | E32: T4II.013
A33: Sum statens kapital | B33: =SUBTOTAL(9,B30:B32) -> 10950243 | C33: =SUBTOTAL(9,C30:C32) -> 11244334 | D33: =SUBTOTAL(9,D30:D32) -> 11357571 | E33: T4II.01
A35: D. Gjeld
A36: I Avsetning for langsiktige forpliktelser | B36: ='Balanse - Gjeld og kapital'!C30 -> 129966.24 | C36: ='Balanse - Gjeld og kapital'!D30 -> 143900.22 | D36: 153070.63 | E36: T4II.021
A37: II Annen langsiktig gjeld | B37: ='Balanse - Gjeld og kapital'!C34 -> 0 | C37: ='Balanse - Gjeld og kapital'!D34 -> 0 | D37: 0 | E37: T4II.022
A38: III Kortsiktig gjeld | B38: ='Balanse - Gjeld og kapital'!C44 -> 3064525.5 | C38: ='Balanse - Gjeld og kapital'!D44 -> 2868971.5 | D38: 2593304.8 | E38: T4II.023
A39: Sum gjeld | B39: =SUBTOTAL(9,B36:B38) -> 3194491.7 | C39: =SUBTOTAL(9,C36:C38) -> 3012871.7 | D39: =SUBTOTAL(9,D36:D38) -> 2746375.4 | E39: T4II.02
A41: Sum statens kapital og gjeld drift | B41: =SUBTOTAL(9,B30:B40) -> 14144734 | C41: =SUBTOTAL(9,C30:C40) -> 14257206 | D41: =SUBTOTAL(9,D30:D40) -> 14103946 | E41: T4II.03
A43: IV Gjeld vedrørende tilskuddsforvaltning og andre overføringer | B43: ='Balanse - Gjeld og kapital'!C53 -> 0 | C43: ='Balanse - Gjeld og kapital'!D53 -> 0 | D43: 0 | E43: T4II.041
A45: Sum statens kapital og gjeld | B45: =SUBTOTAL(9,B30:B43) -> 14144734 | C45: =SUBTOTAL(9,C30:C43) -> 14257206 | D45: =SUBTOTAL(9,D30:D43) -> 14103946 | E45: T4II.04
A48: Merknad: Regnskapstall i kolonne D må fylles ut manuelt ut fra forrige års spesifikasjon

Sheet Kontrollark
A2: Kontroll- og nøkkeltallsberegninger for nettobudsjetterte virksomheter
A3: Opplysningsnote - ikke en del av årsregnskapet som skal presenteres i del VI i årsrapporten
A4: =Resultatregnskap!A3 -> Virksomhet: Universitetet i Oslo
A6: Gule bokser skal fylles ut av institusjonen manuelt. De grå boksene er forhåndsdefinerte og skal ikke endres. Bokser uten farge fylles ut automatisk fra opplysningene i regnskapet. Det er teksten på regnskapslinjen som styrer fortegnet i data feltene (alle tall skal angis med positivt fortegn, med mindre det faktisk er et underskudd eller merforbruk). Innholdet i de logiske testene skal ikke endres.
A10: HANDLING/KONTROLLPUNKT | B10: DATA | D10: NØKKELTALL | F10: KOMMENTARER
A12: Bevilgningsfinansiert virksomhet
A14: Avstemming inntekt fra KD:
A15: Mottatt bevilgning/tilskudd, ref. kontantstrømoppstilling (KS.1A + KS.3) | B15: =Kontantstrømoppstilling!B9+Kontantstrømoppstilling!B48 -> 6481095
A16: Bevilgning i henhold til utbetalingsbrev | B16: 6481095 | F16: Legges inn og avstemmes mot mottatte utbetalingsbrev
A17: Avvik | D17: =IF(ABS(B15-B16)<0.5,TRUE,FALSE) -> TRUE | F17: Det skal være samsvar mellom disse
A19: Avstemming av bevilgningsoppstillingen:
A20: Periodens bevilgning fra KD, ref. kontantstrømoppstilling (KS.1A + KS.3) | B20: =B15 -> 6481095
A21: Bevilgning fra KD angitt i bevilgningsoppstillingen (BRIII.01A) | B21: =Bevilgningsoppstilling!H17 -> 6481095
A22: Avvik | D22: =IF(ABS(B20-B21)<0.5,TRUE,FALSE) -> TRUE | F22: Det skal være samsvar mellom kontantstrømoppstillingen og oppføringen i bevilgningsoppstillingen
A24: Periodens bevilgning fra andre departementer, ref. kontantstrømoppstillingen (KS.1B + KS.3C ) | B24: =Kontantstrømoppstilling!B10+Kontantstrømoppstilling!B49 -> 0
A25: Bevilgning fra andre departementer oppgitt i bevilgningsoppstillingen (BRIII.02) | B25: =Bevilgningsoppstilling!H21 -> 0
A26: Avvik | D26: =IF(ABS(B24-B25)<0.5,TRUE,FALSE) -> TRUE | F26: Det skal være samsvar mellom kontantstrømoppstillingen og oppføringen i bevilgningsoppstillingen
A28: Andel avsetninger:
A29: Avregning av tilskudd til statlig og bidragsfinansiert aktivitet, ref. Balanseregnskapet (CII.02) | B29: ='Balanse - Gjeld og kapital'!C16 -> 285602
A31: Mottatt bevilgning/tilskudd KD, ref. note 1 | B31: =B15 -> 6481095
A32: Mottatt bevilgning/tilskudd andre departement, ref. note 1 (N1.11A+N1.18) | B32: =Note1!B18+Note1!B25 -> 2915.7117
A33: Mottatt bevilgning/tilskudd NFR og andre statlige forvaltningsorganer, ref. note 1 (N1.21+N1.23) | B33: =Note1!B43+Note1!B45 -> 1289166.9
A34: Mottatt bidrag fra andre, ref. note 1 (N1.22A+N1.32A+N1.32B+N1.32C+N1.32D+N1.35+N1.36) | B34: =Note1!B54+Note1!B57+Note1!B58+Note1!B59+Note1!B60+Note1!B62+Note1!B65 -> 529444.63
A35: Sum mottatt bevilgning/tilskudd/bidrag | B35: =SUM(B31:B34) -> 8302622.2
A37: Avsatt andel bevilgning/tilskudd/bidrag av totalt mottatt | D37: =IF(B35=0,0,B29/B35) -> 0.034399012 | F37: Andel avregninger i prosent av sum mottatt bevilgning/tilskudd/bidrag
A39: Avstemming av balanseoppstillingen:
A41: Sum eiendeler, ref. balanseregnskapet (AB.1) | B41: ='Balanse - eiendeler'!C59 -> 14144735
A42: Sum virksomhetskapital og gjeld, ref balanseregnskapet (SKG.1) | B42: ='Balanse - Gjeld og kapital'!C55 -> 14144734
A43: Differanse | B43: =B41-B42 -> 0.25697 | D43: =IF(ABS(B41-B42)<0.5,TRUE,FALSE) -> TRUE
A45: Avstemming endring ubenyttet tilskudd:
A47: Avstemming av resultatregnskapet mot balansen:
A49: Resultatregnskapet:
A50: Avregning statlig og bidragsfinansiert aktivitet, ref. resultatregnskapet (RE.23) | B50: =-Resultatregnskap!C33 -> -282394 | F50: En eventuell økning i avsetningene skal fremstilles med positivt fortegn, mens
A51: Overført fra annen virksomhetskapital, ref note 8 (N8II.012) | B51: =-'Note 8'!B34 -> 0 | F51: reduksjon i avsetningsnivået fremstilles med negativt fortegn
A52: Sum avregning og overføring | B52: =SUM(B50:B51) -> -282394
A54: Balansen:
A55: IB - Avsetning statlig og bidragsfinansiert aktivitet i fjor, ref. balanseregnskapet (CII.02) | B55: ='Balanse - Gjeld og kapital'!D16 -> 567996
A56: UB - Avsetning statlig og bidragsfinansiert aktivitet i år, ref. balanseregnskapet (CII.02) | B56: ='Balanse - Gjeld og kapital'!C16 -> 285602
A57: Endring | B57: =-B55+B56 -> -282394 | D57: =IF(ABS(B52-B57)<0.5,TRUE,FALSE) -> TRUE
A59: Avstemming note 15:
A60: Endring i avsetninger fra Kunnskapsdepartementet:
A61: IB - Avsetninger KD i fjor, ref. note 15 (N15I.KD) | B61: ='Note15 '!D51 -> 567996
A62: UB - Avsetninger KD i år, ref. note 15 (N15I.KD) | B62: ='Note15 '!B51 -> 285602
A63: Endring | B63: =-B61+B62 -> -282394
A65: Endring i avsetninger fra andre departement:
A66: IB - Avsetninger andre departement i fjor, ref. note 15 (N15I.5) | B66: ='Note15 '!D58 -> 0
A67: UB - Avsetninger andre departement i år, ref. note 15 (N15I.5) | B67: ='Note15 '!B58 -> 0
A68: Endring | B68: =-B66+B67 -> 0
A70: Sum avsatt andel av tilskudd til statlig og bidragsfinansiert aktivitet (Note 15) | B70: =B63+B68 -> -282394 | F70: Det skal være samsvar mellom linjen for netto avregning av statlig og bidragsfinansiert
F71: aktivitet i resultatregnskapet, endringene i avsetningene i balanseregnskapet og
A72: Avvik | D72: =IF(AND(ABS(B52-B57)<0.5,ABS(B57-B70)<0.5),TRUE,FALSE) -> TRUE | F72: endringene oppgitt i noten for netto avregning av statlig og bidragsfinansiert aktivitet (note 15)
A74: Avstemming endring ikke inntektsført bevilgning, bidrag og gaver
A75: Avstemming balansen:
A76: IB - Ikke inntektsført bevilgning, bidrag og gaver mv i fjor, ref. balanseregnskapet (DIII.05) | B76: ='Balanse - Gjeld og kapital'!D41 -> 513909.94
A77: UB - Ikke inntektsført bevilgning, bidrag og gaver mv i år, ref. balanseregnskapet (DIII.05) | B77: ='Balanse - Gjeld og kapital'!C41 -> 607510.17
A78: Endring | B78: =-B76+B77 -> 93600.232
A80: Avstemming note 15:
A81: IB - Sum ikke inntektsført bevilgning, bidrag og gaver mv i fjor, ref. note 15 (N15II.BBG) | B81: ='Note15 '!D111 -> 513909.94
A82: UB - Sum ikke inntektsført bevilgning, bidrag og gaver mv i år, ref. note 15 (N15II.BBG) | B82: ='Note15 '!B111 -> 607510.17
A83: Endring | B83: =-B81+B82 -> 93600.232
A85: Avvik | D85: =IF(ABS(B78-B83)<0.5,TRUE,FALSE) -> TRUE | F85: Det skal være samsvar mellom note 15 og balanseoppstillingen
A87: Bidrags- og oppdragsfinansiert virksomhet
A89: Andel inntekter BOA:
A90: Inntekter fra oppdragsfinansiert aktivitet, ref. note 1 (N1.55) | B90: =Note1!B90 -> 406414.51
A91: Sum driftsinntekter, ref. resultatregnskapet (RE.7) | B91: =Resultatregnskap!C13 -> 9474826
A93: Andel inntekter fra oppdragsfinansiert aktivitet | D93: =IF(B90=0,0,B90/B91) -> 0.04289414 | F93: Andel oppdragsinntekter i prosent av sum driftsinntekter
A94: Andel tildeling fra NFR av totale bevilgninger | D94: =IF(B35=0,0,B33/B35) -> 0.15527225 | F94: Andel tildeling fra NFR i prosent av sum BFA
A96: Resultatgrad:
A97: Periodens resultat, ref. resultatregnskapet (RE.21+RE.23) | B97: =Resultatregnskap!C30+Resultatregnskap!C33 -> 13816
A98: Inntekter fra oppdragsfinansiert aktivitet, ref. resultatregnskapet (N1.55) | B98: =+B90 -> 406414.51
A99: Resultatgrad oppdragsfinansiert aktivitet | D99: =IF(B98=0,0,B97/B98) -> 0.033994849 | F99: Årsresultat i prosent av sum oppdragsinntekter
A101: Virksomhetskapital
A103: Avstemming endring opptjent virksomhetskapital:
A105: Avstemming resultatregnskapet:
A106: Periodens resultat, ref. Resultatregnskapet | B106: =B97 -> 13816
A107: Anvendt til delfinansiering av bevilgningsfinansiert aktivitet, ref. note 8 (N8II.012) | B107: ='Note 8'!B34 -> 0
D108: =-(B110-B111) -> 13815.963
A109: Avstemming balansen:
A110: Innskutt og opptjent virksomhetskapital i fjor, ref. balanseregnskapet (CI.1) | B110: ='Balanse - Gjeld og kapital'!D13 -> 229814.32
A111: Innskutt og opptjent virksomhetskapital i år, ref. balanseregnskapet (CI.1) | B111: ='Balanse - Gjeld og kapital'!C13 -> 243630.28
A112: Endring | D112: =-(B110-B111) -> 13815.963
A114: Avstemming note 8:
A115: IB - Innskutt og bunden virksomhetskapital i fjor (N8I.011+N8I.021) | B115: ='Note 8'!B15+'Note 8'!B23 -> 31255.378
A116: UB - Innskutt og bunden virksomhetskapital i år (N8I.sum) | B116: ='Note 8'!B30 -> 31255.378
A117: Endring | B117: =-(B115-B116) -> 0
A119: IB - Annen opptjent virksomhetskapital i fjor (N8II.011) | B119: ='Note 8'!B33 -> 198558.94
A120: UB - Annen opptjent virksomhetskapital i år (N8II.1) | B120: ='Note 8'!B37 -> 212374.9
A121: Endring | B121: =-(B119-B120) -> 13815.964
A123: Total endring opptjent virksomhetsregnskap note 8 | D123: =B117+B121 -> 13815.964
F124: Kontrollpunktet tar utgangspunkt i kongruensprinsippet; årets resultat BOA skal samsvare
A125: Avvik | D125: =IF(AND(ABS(D108-D112)<0.5,ABS(D108-D123)<0.5),TRUE,FALSE) -> TRUE | F125: med periodens endring i opptjent virksomhetskapital korrigert for evt. overføring til BA
A127: Virksomhetskapital i % av totalkapital:
A128: Opptjent virksomhetskapital i år, ref. balanseregnskapet | B128: =B111 -> 243630.28
A129: Sum virksomhetskapital og gjeld, ref. balanseregnskapet (SKG.1) | B129: ='Balanse - Gjeld og kapital'!C55 -> 14144734
A130: Andel virksomhetskapital | D130: =IF(B129=0,0,B128/B129) -> 0.017224097 | F130: Andel virksomhetskapital i prosent av sum eiendeler (totalkapital)
A132: Aksjer
A134: Avstemming netto verdi aksjer:
A135: Investering i aksjer og andeler, ref. finansielle anleggsmidler i balanseregnskapet (AIII.03) | B135: ='Balanse - eiendeler'!C25 -> 31255.378
A137: Innskutt og bunden virksomhetskapital 31.12, ref. note 8 (N8I.sum) | B137: ='Note 8'!B30 -> 31255.378
A138: Totalt | B138: =B137 -> 31255.378
...
